Workbook
Name \0: #REF!
Name \0: #REF!
Name \00: #REF!
Name \00: #REF!
Name \a: #REF!
Name \a: #REF!
Name \AA: [1]LIQUIDACION!#REF!
Name \AA: [1]LIQUIDACION!#REF!
Name \b: '[2]CUAD-DIURNA'!#REF!
Name \b: '[2]CUAD-DIURNA'!#REF!
Name \bb: [3]STRSUMM0!#REF!
Name \bb: [3]STRSUMM0!#REF!
Name \c: #REF!
Name \c: #REF!
Name \E: #REF!
Name \E: #REF!
Name \EE: #REF!
Name \EE: #REF!
Name \G: #REF!
Name \G: #REF!
Name \k: '[4]7422CW00'!#REF!
Name \k: '[4]7422CW00'!#REF!
Name \L: #REF!
Name \L: #REF!
Name \m: #REF!
Name \m: #REF!
Name \ñ: '[5]7422CW00'!#REF!
Name \ñ: '[5]7422CW00'!#REF!
Name \P: #REF!
Name \P: #REF!
Name \q: #REF!
Name \q: #REF!
Name \R: #REF!
Name \R: #REF!
Name \s: #REF!
Name \s: #REF!
Name \V: #REF!
Name \V: #REF!
Name \w: #N/A
Name \X: [0]!err
Name \Z: [0]!err
Name _________________________________________________AFC1: [6]INV!$A$25:$D$28
Name _________________________________________________AFC3: [6]INV!$F$25:$I$28
Name _________________________________________________AFC5: [6]INV!$K$25:$N$28
Name _________________________________________________BGC1: [6]INV!$A$5:$D$8
Name _________________________________________________BGC3: [6]INV!$F$5:$I$8
Name _________________________________________________BGC5: [6]INV!$K$5:$N$8
Name _________________________________________________CAC1: [6]INV!$A$19:$D$22
Name _________________________________________________CAC3: [6]INV!$F$19:$I$22
Name _________________________________________________CAC5: [6]INV!$K$19:$N$22
Name _________________________________________________SBC1: [6]INV!$A$12:$D$15
Name _________________________________________________SBC3: [6]INV!$F$12:$I$15
Name _________________________________________________SBC5: [6]INV!$K$12:$N$15
Name ________________________________________________AFC1: [6]INV!$A$25:$D$28
Name ________________________________________________AFC3: [6]INV!$F$25:$I$28
Name ________________________________________________AFC5: [6]INV!$K$25:$N$28
Name ________________________________________________BGC1: [6]INV!$A$5:$D$8
Name ________________________________________________BGC3: [6]INV!$F$5:$I$8
Name ________________________________________________BGC5: [6]INV!$K$5:$N$8
Name ________________________________________________CAC1: [6]INV!$A$19:$D$22

Sheet Supervision
B1: =+'PRESUPUESTO OFICIAL PLIEGO TIPO'!A11 -> OBJETO: CONSTRUCCIÓN DE PLACA HUELLA TIPO INVIAS, INCLUYENDO OBRAS DE CONTENCIÓN, DRENAJE Y ACTIVIDADES COMPLEMENTARIAS PARA MEJORAR EL CORREDOR VIAL RURAL EN LA VEREDA SAN ANTONIO, SECTOR CAÑO RICO, MUNICIPIO DE SABANALARGA DEPARTAMENTO DE CASANARE”
A3: PERSONAL | C3: No | D3: VALOR | E3: UND | F3: TIEMPO MES | G3: TIEMPO EFECTIVO | H3: VR. PARCIAL
A5: PERSONAL PROFESIONAL
A6: Titulo profesional universitario, titulo de posgrado afin al objeto contractual y siete (7) años de experiencia profesional, de los cuales minuno cuatro( 4) deben correspponder a experiencia relacionada con el objeto a contratar. | C6: 1 | D6: 5500000 | E6: Mes | F6: 2 | G6: 1 | H6: =+D6*F6 -> 11000000
F8: TOTAL COSTOS | H8: =SUM(H6) -> 11000000
F10: TOTAL COSTO MENSUAL | H10: =+H8/F6 -> 5500000
A12: NOTA: Presupuesto realizadocon base en el Decretro No. 006 de 22 de Enero de 2025 "Por la cual se se establecen la escala de honorarios de contractos de prestacion de servicios profesionales y de apoyo a la gestion en el municipio de sabanalarga casanare para la vigencia 2025"
A16: Elaboró: | E16: Revisó
B17: MARCIA LUCERO ALFONSO GAMEZ | F17: MONICA YULIETH RODRIGUEZ TORRES
B18: M.P. 54202-342375 NTS | F18: Secretaria de Planeacion y Obras publicas

Sheet MEMO-huellas-100
C1: FORMATO DE MEMORIAS DE CALCULO | Y1: =+Y270 -> ESQUEMA O SOPORTE GRAFICO
B2: OBJETO DEL PROYECTO: | C2: =+C271 -> OBJETO: CONSTRUCCIÓN DE PLACA HUELLA TIPO INVIAS, INCLUYENDO OBRAS DE CONTENCIÓN, DRENAJE Y ACTIVIDADES COMPLEMENTARIAS PARA MEJORAR EL CORREDOR VIAL RURAL EN LA VEREDA SAN ANTONIO, SECTOR CAÑO RICO, MUNICIPIO DE SABANALARGA DEPARTAMENTO DE CASANARE”
B3: CAPITULO | C3: PLACAS HUELLAS VEREDA SAN ANTONIO - SECTOR CAÑO RICO - 154 ML | S3: UNIDAD | V3: =+'PRESUPUESTO OFICIAL PLIEGO TIPO'!F17 -> Km
B4: ITEM | C4: =+'PRESUPUESTO OFICIAL PLIEGO TIPO'!B17 -> 101 | S4: CANTIDAD | X4: =+V24 -> 0.15
B5: ACTIVIDAD: | C5: Replanteo y localizacion para vias
B6: ID | C6: UBICACIÓN | D6: DIMENSIONES | L6: Volumen | O6: sub total | S6: Repeticiones | V6: TOTAL ACUMULADO
D7: Longitud metros | F7: Longitud Kilometro | I7: ancho
C8: Longitud total tramo
C9: TRAMO K2+125 A K2+279 | D9: =2279-2125 -> 154 | F9: =+D9/1000 -> 0.154 | I9: =0.9+0.45+0.9+0.9+0.9+0.45+0.9 -> 5.4 | S9: 1 | V9: =+F9 -> 0.154
B22: Observacion: | V22: =ROUND(V9+B10,2) -> 0.15
V23: 0.00
V24: =V22 -> 0.15
D26: Elaboró: | S26: Revisó y aprobó:
F27: MARCIA LUCERO ALFONSO GAMEZ | Y27: MONICA YULIETH RODRIGUEZ TORRES
F28: Profesional de apoyo contratada S.P.O.P | Y28: Secretaria de Planeacion y Pbras publicas
Y29: Supervisor
C31: FORMATO DE MEMORIAS DE CALCULO | Y31: ESQUEMA O SOPORTE GRAFICO
B32: OBJETO DEL PROYECTO: | C32: =+'PRESUPUESTO OFICIAL PLIEGO TIPO'!A11 -> OBJETO: CONSTRUCCIÓN DE PLACA HUELLA TIPO INVIAS, INCLUYENDO OBRAS DE CONTENCIÓN, DRENAJE Y ACTIVIDADES COMPLEMENTARIAS PARA MEJORAR EL CORREDOR VIAL RURAL EN LA VEREDA SAN ANTONIO, SECTOR CAÑO RICO, MUNICIPIO DE SABANALARGA DEPARTAMENTO DE CASANARE”
B33: CAPITULO | C33: =+C3 -> PLACAS HUELLAS VEREDA SAN ANTONIO - SECTOR CAÑO RICO - 154 ML | S33: UNIDAD | V33: =+'PRESUPUESTO OFICIAL PLIEGO TIPO'!F18 -> M³
B34: ITEM | C34: =+'PRESUPUESTO OFICIAL PLIEGO TIPO'!B18 -> 102 | S34: CANTIDAD | X34: =+V53 -> 415.8
B35: ACTIVIDAD: | C35: =+'102-ITEM'!$C$22 -> Excavacion mecanica en material comun 0 - 2 m(oruga)
B36: ID | C36: UBICACIÓN | D36: DIMENSIONES | L36: Volumen | O36: sub total | S36: Repeticiones | V36: TOTAL ACUMULADO
D37: cant | F37: alto | I37: ancho
C38: Longitud total tramo
C39: =+C9 -> TRAMO K2+125 A K2+279 | D39: =+D9 -> 154 | F39: 0.5 | I39: 5.4 | L39: =+D39*F39*I39 -> 415.8 | S39: 1 | V39: =L39*S39 -> 415.8
B51: Observacion: | V51: =ROUND(V38+V39,2) -> 415.8
V52: 0.00
V53: =V51 -> 415.8
D55: Elaboró: | V55: =+S26 -> Revisó y aprobó:
F56: MARCIA LUCERO ALFONSO GAMEZ | Y56: MONICA YULIETH RODRIGUEZ TORRES
F57: =+F28 -> Profesional de apoyo contratada S.P.O.P | Y57: Secretaria de Planeacion y Pbras publicas
Y58: Supervisor
C60: FORMATO DE MEMORIAS DE CALCULO | Y60: ESQUEMA O SOPORTE GRAFICO
B61: OBJETO DEL PROYECTO: | C61: =+C124 -> OBJETO: CONSTRUCCIÓN DE PLACA HUELLA TIPO INVIAS, INCLUYENDO OBRAS DE CONTENCIÓN, DRENAJE Y ACTIVIDADES COMPLEMENTARIAS PARA MEJORAR EL CORREDOR VIAL RURAL EN LA VEREDA SAN ANTONIO, SECTOR CAÑO RICO, MUNICIPIO DE SABANALARGA DEPARTAMENTO DE CASANARE”
B62: CAPITULO | C62: =+C33 -> PLACAS HUELLAS VEREDA SAN ANTONIO - SECTOR CAÑO RICO - 154 ML | T62: UNIDAD | W62: =+'PRESUPUESTO OFICIAL PLIEGO TIPO'!F19 -> M³
B63: ITEM | C63: =+'PRESUPUESTO OFICIAL PLIEGO TIPO'!B19 -> 103 | T63: CANTIDAD | X63: =+W84 -> 166.32
B64: ACTIVIDAD: | C64: =+'PRESUPUESTO OFICIAL PLIEGO TIPO'!E19 -> Relleno con material crudo de rio T.m 6", compactado y transportado
B65: ID | C65: UBICACIÓN | E65: DIMENSIONES | M65: Volumen | P65: sub total | T65: Repeticiones | W65: TOTAL ACUMULADO
E66: Longitud metros | G66: espesor | J66: ancho
C67: Longitud total tramo
C69: =+C9 -> TRAMO K2+125 A K2+279 | E69: =+D39 -> 154 | G69: 0.2 | J69: 5.4 | M69: =(+E69*G69*J69) -> 166.32 | T69: 1 | W69: =M69*T69 -> 166.32
W70: =M70*T70 -> 0
B82: Observacion: | W82: =ROUND(W69+W70,2) -> 166.32
W83: 0.00
W84: =W82 -> 166.32
D86: Elaboró: | V86: =+V55 -> Revisó y aprobó:
F87: MARCIA LUCERO ALFONSO GAMEZ | Y87: MONICA YULIETH RODRIGUEZ TORRES
F88: =+F57 -> Profesional de apoyo contratada S.P.O.P | Y88: Secretaria de Planeacion y Pbras publicas
Y89: Supervisor
C91: FORMATO DE MEMORIAS DE CALCULO | Y91: ESQUEMA O SOPORTE GRAFICO
B92: OBJETO DEL PROYECTO: | C92: =+C61 -> OBJETO: CONSTRUCCIÓN DE PLACA HUELLA TIPO INVIAS, INCLUYENDO OBRAS DE CONTENCIÓN, DRENAJE Y ACTIVIDADES COMPLEMENTARIAS PARA MEJORAR EL CORREDOR VIAL RURAL EN LA VEREDA SAN ANTONIO, SECTOR CAÑO RICO, MUNICIPIO DE SABANALARGA DEPARTAMENTO DE CASANARE”
B93: CAPITULO | C93: =+C62 -> PLACAS HUELLAS VEREDA SAN ANTONIO - SECTOR CAÑO RICO - 154 ML | T93: UNIDAD | W93: =+'PRESUPUESTO OFICIAL PLIEGO TIPO'!F20 -> M³
B94: ITEM | C94: =+'PRESUPUESTO OFICIAL PLIEGO TIPO'!B20 -> 104 | T94: CANTIDAD | X94: =+W114 -> 249.48
B95: ACTIVIDAD: | C95: =+'PRESUPUESTO OFICIAL PLIEGO TIPO'!E20 -> Relleno con sub base granular seleccionada o clasificada, compactada y transportada
B96: ID | C96: UBICACIÓN | E96: DIMENSIONES | M96: Volumen | P96: sub total | T96: Repeticiones | W96: TOTAL ACUMULADO
E97: Longitud metros | G97: espesor | J97: ancho
C98: Longitud total tramo
W99: =M99*T99 -> 0
C100: =+C9 -> TRAMO K2+125 A K2+279 | E100: =+E69 -> 154 | G100: 0.3 | J100: 5.4 | M100: =(+E100*G100*J100) -> 249.48 | T100: 1 | W100: =M100*T100 -> 249.48
B112: Observacion: | W112: =ROUND(W99+W100,2) -> 249.48
W113: 0.00
W114: =W112 -> 249.48
D116: Elaboró: | S116: =+V86 -> Revisó y aprobó:
F117: MARCIA LUCERO ALFONSO GAMEZ | Y117: MONICA YULIETH RODRIGUEZ TORRES
F118: =+F88 -> Profesional de apoyo contratada S.P.O.P | Y118: Secretaria de Planeacion y Pbras publicas
Y119: Supervisor
C123: FORMATO DE MEMORIAS DE CALCULO | Y123: ESQUEMA O SOPORTE GRAFICO
B124: OBJETO DEL PROYECTO: | C124: =+C32 -> OBJETO: CONSTRUCCIÓN DE PLACA HUELLA TIPO INVIAS, INCLUYENDO OBRAS DE CONTENCIÓN, DRENAJE Y ACTIVIDADES COMPLEMENTARIAS PARA MEJORAR EL CORREDOR VIAL RURAL EN LA VEREDA SAN ANTONIO, SECTOR CAÑO RICO, MUNICIPIO DE SABANALARGA DEPARTAMENTO DE CASANARE”
B125: CAPITULO | C125: =+C93 -> PLACAS HUELLAS VEREDA SAN ANTONIO - SECTOR CAÑO RICO - 154 ML | S125: UNIDAD | V125: =+'PRESUPUESTO OFICIAL PLIEGO TIPO'!F21 -> M²
B126: ITEM | C126: =+'PRESUPUESTO OFICIAL PLIEGO TIPO'!B21 -> 105 | S126: CANTIDAD | X126: =+V141 -> 831.6
B127: ACTIVIDAD: | C127: =+'PRESUPUESTO OFICIAL PLIEGO TIPO'!E21 -> Conformacion de la banca y/o Terraplen (Incluye: escarificar, perfilar, conformar, riego y compactacion)
B128: ID | C128: UBICACIÓN | D128: DIMENSIONES | L128: Volumen | O128: sub total | S128: Repeticiones | V128: TOTAL ACUMULADO
D129: Longitud metros | F129: Longitud | I129: ancho
C130: Longitud total tramo
C131: =+C9 -> TRAMO K2+125 A K2+279 | D131: =+E100 -> 154 | F131: =+D131 -> 154 | I131: 5.4 | O131: =F131*I131 -> 831.6 | S131: 1 | V131: =O131*S131 -> 831.6
B141: Observacion: | V141: =+ROUND(V131,2) -> 831.6
V143: =V141 -> 831.6
D145: Elaboró: | S145: =+S116 -> Revisó y aprobó:
F146: MARCIA LUCERO ALFONSO GAMEZ | Y146: MONICA YULIETH RODRIGUEZ TORRES
F147: =+F118 -> Profesional de apoyo contratada S.P.O.P | Y147: Secretaria de Planeacion y Pbras publicas
Y148: Supervisor
C151: FORMATO DE MEMORIAS DE CALCULO | Y151: =+Y60 -> ESQUEMA O SOPORTE GRAFICO
B152: OBJETO DEL PROYECTO: | C152: =+C61 -> OBJETO: CONSTRUCCIÓN DE PLACA HUELLA TIPO INVIAS, INCLUYENDO OBRAS DE CONTENCIÓN, DRENAJE Y ACTIVIDADES COMPLEMENTARIAS PARA MEJORAR EL CORREDOR VIAL RURAL EN LA VEREDA SAN ANTONIO, SECTOR CAÑO RICO, MUNICIPIO DE SABANALARGA DEPARTAMENTO DE CASANARE”
B153: CAPITULO | C153: =+C125 -> PLACAS HUELLAS VEREDA SAN ANTONIO - SECTOR CAÑO RICO - 154 ML | S153: UNIDAD | V153: M3
B154: ITEM | C154: =+'PRESUPUESTO OFICIAL PLIEGO TIPO'!B22 -> 106 | S154: CANTIDAD | X154: =+V170 -> 58.21
B155: ACTIVIDAD: | C155: =+'106-ITEM'!C20 -> Excavacion manual en conglomerado con transporte
B156: ID | C156: UBICACIÓN | D156: DIMENSIONES | L156: Longitud | O156: sub total | S156: Repeticiones | V156: TOTAL ACUMULADO
D157: Cantidad | F157: alto | I157: ancho | AB157: 154 | AC157: =+(AB158)*2.8 -> 142.8
C158: =+C9 -> TRAMO K2+125 A K2+279 | D158: =+D131 -> 154 | AB158: =ROUND(AB157/3,0) -> 51 | AC158: =+(AB159)*0.2 -> 10.4
C159: RAMPAS DE ACCESO | D159: 2 | I159: 0.4 | AB159: =+AB158+1 -> 52 | AC159: =SUM(AC157:AC158) -> 153.2
C160: LOSAS O PLACAS HUELLA | D160: =+(D158-(I159*D159)-(D162*I162))/L160 -> 51 | L160: 2.8 | AC160: =+AB157-AC159 -> 0.8 | AD160: =+AC160/2 -> 0.4
C161: SEPARACION DE LOSAS | D161: 3
C162: Numero de Riostras | D162: =ROUND((D158/D161),0)+1 -> 52 | I162: 0.2 | AB162: =+AB158 -> 51 | AC162: PLACAS
C163: Excavacion de Riostras | D163: =+D162 -> 52 | F163: 0.35 | I163: 0.2 | L163: =+I131 -> 5.4 | O163: =D163*F163*I163*L163 -> 19.656 | S163: 1 | V163: =+S163*O163 -> 19.656 | AB163: =+AB159 -> 52 | AC163: RIOSTRAS
C164: Excavacion cunetas | D164: =D160 -> 51 | F164: 0.15 | I164: 0.9 | L164: 2.8 | O164: =D164*F164*I164*L164 -> 19.278 | S164: 2 | V164: =+S164*O164 -> 38.556 | AB164: 0.4 | AC164: RAMPAS
B168: Observacion: | V168: =+ROUND(V163+V164,2) -> 58.21
V170: =V168 -> 58.21
D172: Elaboró: | S172: =+S145 -> Revisó y aprobó:
F173: MARCIA LUCERO ALFONSO GAMEZ | Y173: MONICA YULIETH RODRIGUEZ TORRES
F174: =+F147 -> Profesional de apoyo contratada S.P.O.P | Y174: Secretaria de Planeacion y Pbras publicas
...

Sheet MEMO-alcantarilla-200
C1: FORMATO DE MEMORIAS DE CALCULO | Y1: =+Y142 -> ESQUEMA O SOPORTE GRAFICO
B2: OBJETO DEL PROYECTO: | C2: =+'PRESUPUESTO OFICIAL PLIEGO TIPO'!A11 -> OBJETO: CONSTRUCCIÓN DE PLACA HUELLA TIPO INVIAS, INCLUYENDO OBRAS DE CONTENCIÓN, DRENAJE Y ACTIVIDADES COMPLEMENTARIAS PARA MEJORAR EL CORREDOR VIAL RURAL EN LA VEREDA SAN ANTONIO, SECTOR CAÑO RICO, MUNICIPIO DE SABANALARGA DEPARTAMENTO DE CASANARE”
B3: CAPITULO | C3: =+'PRESUPUESTO OFICIAL PLIEGO TIPO'!A31 -> OBRAS DE DRENAJE | S3: UNIDAD | V3: M2
B4: ITEM | C4: =+'PRESUPUESTO OFICIAL PLIEGO TIPO'!B33 -> 201 | S4: CANTIDAD | V4: =+V27 -> 19.39
B5: ACTIVIDAD: | C5: =+'PRESUPUESTO OFICIAL PLIEGO TIPO'!E33 -> Replanteo y localizacion para obras de proteccion (Planimetria y Altimetria)
B6: ID | C6: UBICACIÓN | D6: DIMENSIONES | L6: Area | O6: sub total | S6: Repeticiones | V6: TOTAL ACUMULADO
D7: Largo | F7: altura | I7: ancho
C8: alcantarilla k2+250
C9: cajon de entrada | D9: 1.8 | I9: 1.8 | L9: =+I9*D9 -> 3.24 | O9: =+L9 -> 3.24 | S9: 1 | V9: =+ROUND(O9*S9,2) -> 3.24
C10: Aletas | D10: 1.8 | I10: 0.4 | L10: =+I10*D10 -> 0.72 | O10: =+L10 -> 0.72 | S10: 2 | V10: =+ROUND(O10*S10,2) -> 1.44
C11: cajon de salida solera (trapezoide) | D11: 4.35 | F11: 1.27 | I11: 1.8 | L11: =+(((D11+I11)*F11/2)) -> 3.90525 | O11: =+L11 -> 3.90525 | S11: 1 | V11: =+ROUND(O11*S11,2) -> 3.91
C12: cuerpo alcantarilla | D12: 6 | I12: 1.8 | L12: =+I12*D12 -> 10.8 | O12: =+L12 -> 10.8 | S12: 1 | V12: =+ROUND(O12*S12,2) -> 10.8
B25: Observacion: | V25: =ROUND(V12+V11+V9+V10,2) -> 19.39
V26: 0.00
V27: =V25 -> 19.39
D29: Elaboró: | S29: =+'MEMO-huellas-100'!S26 -> Revisó y aprobó:
F30: MARCIA LUCERO ALFONSO GAMEZ | Y30: MONICA YULIETH RODRIGUEZ TORRES
F31: Profesional de apoyo contratada S.P.O.P | Y31: Secretaria de Planeacion y Pbras publicas
Y32: Supervisor
C34: FORMATO DE MEMORIAS DE CALCULO | Y34: ESQUEMA O SOPORTE GRAFICO
B35: OBJETO DEL PROYECTO: | C35: =+'PRESUPUESTO OFICIAL PLIEGO TIPO'!A11 -> OBJETO: CONSTRUCCIÓN DE PLACA HUELLA TIPO INVIAS, INCLUYENDO OBRAS DE CONTENCIÓN, DRENAJE Y ACTIVIDADES COMPLEMENTARIAS PARA MEJORAR EL CORREDOR VIAL RURAL EN LA VEREDA SAN ANTONIO, SECTOR CAÑO RICO, MUNICIPIO DE SABANALARGA DEPARTAMENTO DE CASANARE”
B36: CAPITULO | C36: =+C3 -> OBRAS DE DRENAJE | S36: UNIDAD | V36: =+'PRESUPUESTO OFICIAL PLIEGO TIPO'!F34 -> M³
B37: ITEM | C37: ='PRESUPUESTO OFICIAL PLIEGO TIPO'!B34 -> 202 | S37: CANTIDAD | V37: =+V63 -> 67.91
B38: ACTIVIDAD: | C38: =+'PRESUPUESTO OFICIAL PLIEGO TIPO'!E34 -> Excavacion mecanica en material comun hasta 4 m (oruga)
B39: ID | C39: UBICACIÓN | D39: DIMENSIONES | L39: Volumen | O39: sub total | S39: Repeticiones | V39: TOTAL ACUMULADO
D40: largo | F40: alto | I40: ancho
C41: alcantarilla K2+250
C42: Cajon de entrada | D42: 1.8 | F42: 2.8 | I42: 1.8 | L42: =+I42*D42*F42 -> 9.072 | O42: =+L42 -> 9.072 | S42: 1 | V42: =+ROUND(O42*S42,2) -> 9.07
C43: Cajon de salida solera (Area trapecio) | D43: 4.35 | F43: LARGO DEL TRAPECIO | I43: 1.8 | L43: Altura excavacion | N43: =+(((D43+I43)*F44)/2)*L44 -> 19.5447 | O43: =+N43 -> 19.5447 | S43: 1 | V43: =S43*O43 -> 19.5447
F44: 2.27 | L44: 2.8
C45: Dentellon de salida | D45: 4.35 | F45: 0.2 | I45: 0.27 | L45: =+I45*D45*F45 -> 0.2349 | O45: =+L45 -> 0.2349 | S45: 1 | V45: =+ROUND(O45*S45,2) -> 0.23
C46: Placa Ciclopeo | D46: 4.35 | F46: 0.55 | I46: 2 | L46: =+I46*D46*F46 -> 4.785 | O46: =+L46 -> 4.785 | S46: 1 | V46: =+ROUND(O46*S46,2) -> 4.79
C47: Zapata muro pantalla | D47: 1 | F47: 0.2 | I47: 1.8 | L47: =+I47*D47*F47 -> 0.36 | O47: =+L47 -> 0.36 | S47: 1 | V47: =+ROUND(O47*S47,2) -> 0.36
C48: Aletas | D48: 1.8 | F48: 2.55 | I48: 0.4 | L48: =+I48*D48*F48 -> 1.836 | O48: =+L48 -> 1.836 | S48: 2 | V48: =S48*O48 -> 3.672
C49: Cuerpo alcantarilla | D49: 6 | F49: 2.8 | I49: 1.8 | L49: =+I49*D49*F49 -> 30.24 | O49: =+L49 -> 30.24 | S49: 1 | V49: =+ROUND(O49*S49,2) -> 30.24
B61: Observacion: | V61: =ROUND(V42+V43+V49+V45+V46+V47+V48,2) -> 67.91
V62: 0.00
V63: =V61 -> 67.91
D65: Elaboró: | V65: =+S29 -> Revisó y aprobó:
F66: MARCIA LUCERO ALFONSO GAMEZ | Y66: MONICA YULIETH RODRIGUEZ TORRES
F67: =+F31 -> Profesional de apoyo contratada S.P.O.P | Y67: Secretaria de Planeacion y Pbras publicas
Y68: Supervisor
C70: FORMATO DE MEMORIAS DE CALCULO | Y70: ESQUEMA O SOPORTE GRAFICO
B71: OBJETO DEL PROYECTO: | C71: =+C35 -> OBJETO: CONSTRUCCIÓN DE PLACA HUELLA TIPO INVIAS, INCLUYENDO OBRAS DE CONTENCIÓN, DRENAJE Y ACTIVIDADES COMPLEMENTARIAS PARA MEJORAR EL CORREDOR VIAL RURAL EN LA VEREDA SAN ANTONIO, SECTOR CAÑO RICO, MUNICIPIO DE SABANALARGA DEPARTAMENTO DE CASANARE”
B72: CAPITULO | C72: =+C36 -> OBRAS DE DRENAJE | T72: UNIDAD | W72: =+'PRESUPUESTO OFICIAL PLIEGO TIPO'!F35 -> M³
B73: ITEM | C73: =+'PRESUPUESTO OFICIAL PLIEGO TIPO'!B35 -> 203 | T73: CANTIDAD | W73: =+W96 -> 0.67
B74: ACTIVIDAD: | C74: =+'PRESUPUESTO OFICIAL PLIEGO TIPO'!E35 -> Concreto para solado resistencia 105 kg/cm2 - 1500 psi
B75: ID | C75: UBICACIÓN | D75: DIMENSIONES | L75: Volumen | O75: sub total | S75: Repeticiones | V75: TOTAL ACUMULADO
D76: largo | F76: espesor | I76: ancho
C77: alcantarilla k2+250
C78: cajon de entrada | D78: 1.8 | F78: 0.05 | I78: 1.8 | L78: =+I78*D78*F78 -> 0.162 | O78: =+L78 -> 0.162 | S78: 1 | V78: =+ROUND(O78*S78,2) -> 0.16
C79: Cajon de salida solera (Area trapecio) | D79: 4.35 | F79: LARGO DEL TRAPECIO | I79: 1.8 | L79: espesor solado | N79: =+(((D79+I79)*F80)/2)*L80 -> 0.3490125 | O79: =+N79 -> 0.3490125 | S79: 1 | V79: =ROUND(S79*O79,2) -> 0.35
F80: 2.27 | L80: 0.05
C81: Aletas | D81: 1.8 | F81: 0.05 | I81: 0.4 | L81: =+I81*D81*F81 -> 0.036 | O81: =+L81 -> 0.036 | S81: 2 | V81: =S81*O81 -> 0.072
C82: Zapata muro pantalla | D82: 1 | F82: 0.05 | I82: 1.8 | L82: =+I82*D82*F82 -> 0.09 | O82: =+L82 -> 0.09 | S82: 1 | V82: =+ROUND(O82*S82,2) -> 0.09
B94: Observacion: | W94: =ROUND(V78+V79+V82+V81,2) -> 0.67
W95: 0.00
W96: =W94 -> 0.67
D98: Elaboró: | V98: =+V65 -> Revisó y aprobó:
F99: MARCIA LUCERO ALFONSO GAMEZ | Y99: MONICA YULIETH RODRIGUEZ TORRES
F100: =+F67 -> Profesional de apoyo contratada S.P.O.P | Y100: Secretaria de Planeacion y Pbras publicas
Y101: Supervisor
C104: FORMATO DE MEMORIAS DE CALCULO | Y104: ESQUEMA O SOPORTE GRAFICO
B105: OBJETO DEL PROYECTO: | C105: =+C71 -> OBJETO: CONSTRUCCIÓN DE PLACA HUELLA TIPO INVIAS, INCLUYENDO OBRAS DE CONTENCIÓN, DRENAJE Y ACTIVIDADES COMPLEMENTARIAS PARA MEJORAR EL CORREDOR VIAL RURAL EN LA VEREDA SAN ANTONIO, SECTOR CAÑO RICO, MUNICIPIO DE SABANALARGA DEPARTAMENTO DE CASANARE”
B106: CAPITULO | C106: =+C72 -> OBRAS DE DRENAJE | T106: UNIDAD | W106: =+'PRESUPUESTO OFICIAL PLIEGO TIPO'!F36 -> M³
B107: ITEM | C107: =+'PRESUPUESTO OFICIAL PLIEGO TIPO'!B36 -> 204 | T107: CANTIDAD | W107: =+W134 -> 7.39
B108: ACTIVIDAD: | C108: =+'PRESUPUESTO OFICIAL PLIEGO TIPO'!E36 -> Concreto para alcantarilla, resistencia 210 kg/cm2 - 3000 psi
B109: ID | C109: UBICACIÓN | D109: DIMENSIONES | L109: Volumen | O109: sub total | S109: Repeticiones | V109: TOTAL ACUMULADO
D110: alto | F110: espesor | I110: ancho
C111: Cajon muro lateral 1 | D111: 2.75 | F111: 0.2 | I111: 1.8 | L111: =+I111*D111*F111 -> 0.99 | O111: =+L111 -> 0.99 | S111: 2 | V111: =+ROUND(O111*S111,2) -> 1.98
C112: Cajon muro lateral 2 | D112: 2.75 | F112: 0.2 | I112: 1.4 | L112: =+I112*D112*F112 -> 0.77 | O112: =+L112 -> 0.77 | S112: 2 | V112: =+ROUND(O112*S112,2) -> 1.54
C113: (a descontar diametro tuberia de 36" entrada | D113: el area de la circunferencia mas el espesor del tubo es de 0,97 m2, equivalente a (πxr²) D=(2,54*36")=91,44 cm mas el espesor del tubo serian 2 caras de 10 cm el diametro seria D=111,44 cm R=111,44/2=55,72 cm igual a 0,5572 metros, area=(3,1416*0,5572²)=0,97 m² x el espesor del muro pantalla de 0,2 m total 0,20 m³ | V113: =ROUND(-(3.1416*0.5572*0.5572)*0.2,2) -> -0.2
C114: (a descontar entrada de agua de la cuneta | D114: a descontar entrada de la cuneta de descarga al cajon de entrada= 1,3m de largo interno entre muros x 0,35 m de entrada, segu la figura es de un trinagulo= (b*a)/2= (0,35*1,3)/2=0,22575 m² x el espesor del muro de 0,2 m= 0,05 m³ | V114: =ROUND(-((0.35*1.3)/2)*0.2,2) -> -0.05
C115: placa de base del cajon de entrada (0,225 es el promedio de espesor por la pendiente) | D115: 1.8 | F115: 0.225 | I115: 1.8 | L115: =+I115*D115*F115 -> 0.729 | O115: =+L115 -> 0.729 | S115: 1 | V115: =+ROUND(O115*S115,2) -> 0.73
C116: cabezote de alcantarilla | D116: =2.55+0.2 -> 2.75 | F116: 0.2 | I116: 1.8 | L116: =+I116*D116*F116 -> 0.99 | O116: =+L116 -> 0.99 | S116: 1 | V116: =+ROUND(O116*S116,2) -> 0.99
C117: (a descontar diametro tuberia de 36" salida | D117: el area de la circunferencia mas el espesor del tubo es de 0,97 m2, equivalente a (πxr²) D=(2,54*36")=91,44 cm mas el espesor del tubo serian 2 caras de 10 cm el diametro seria D=111,44 cm R=111,44/2=55,72 cm igual a 0,5572 metros, area=(3,1416*0,5572²)=0,97 m² x el espesor del muro pantalla de 0,2 m total 0,20 m³ | V117: =ROUND(-(3.1416*0.5572*0.5572)*0.2,2) -> -0.2
C118: Zapata muro pantalla | D118: 1 | F118: 0.2 | I118: 1.8 | L118: =+I118*D118*F118 -> 0.36 | O118: =+L118 -> 0.36 | S118: 1 | V118: =+ROUND(O118*S118,2) -> 0.36
C119: Aletas (Area trapecio) | D119: Base mayor | F119: LARGO DEL TRAPECIO | I119: Base menor | L119: Altura excavacion | N119: =+(((D120+I120)*F120)/2)*L120 -> 1.1205 | O119: =+N119 -> 1.1205 | S119: 2 | V119: =+ROUND(O119*S119,2) -> 2.24
D120: 2.55 | F120: 1.8 | I120: 1.6 | L120: 0.3
B132: Observacion: | W132: =ROUND(+V111+V112+V113+V114+V115+V116+V117+V118+V119,2) -> 7.39
W133: 0.00
W134: =W132 -> 7.39
D136: Elaboró: | S136: =+V98 -> Revisó y aprobó:
F137: MARCIA LUCERO ALFONSO GAMEZ | Y137: MONICA YULIETH RODRIGUEZ TORRES
F138: =+F100 -> Profesional de apoyo contratada S.P.O.P | Y138: Secretaria de Planeacion y Pbras publicas
Y139: Supervisor
C142: FORMATO DE MEMORIAS DE CALCULO | Y142: =+Y266 -> ESQUEMA O SOPORTE GRAFICO
B143: OBJETO DEL PROYECTO: | C143: =+C105 -> OBJETO: CONSTRUCCIÓN DE PLACA HUELLA TIPO INVIAS, INCLUYENDO OBRAS DE CONTENCIÓN, DRENAJE Y ACTIVIDADES COMPLEMENTARIAS PARA MEJORAR EL CORREDOR VIAL RURAL EN LA VEREDA SAN ANTONIO, SECTOR CAÑO RICO, MUNICIPIO DE SABANALARGA DEPARTAMENTO DE CASANARE”
B144: CAPITULO | C144: =+C106 -> OBRAS DE DRENAJE | S144: UNIDAD | V144: =+'PRESUPUESTO OFICIAL PLIEGO TIPO'!F26 -> Kg
B145: ITEM | C145: =+'PRESUPUESTO OFICIAL PLIEGO TIPO'!B37 -> 205 | S145: CANTIDAD | V145: =+V224 -> 574.73
B146: ACTIVIDAD: | C146: =+'PRESUPUESTO OFICIAL PLIEGO TIPO'!E37 -> Acero de Refuerzo Grado 60
B147: ID | C147: UBICACIÓN | F147: DIMENSIONES
F148: DIAMETRO Ø | I148: PESO | L148: LONG (M) | S148: CANTIDAD | V148: PESO TOTAL KG
B149: 1 | C149: REFUERZO HORIZONTAL ALETAS Y MURO | V149: =SUM(V150:X160) -> 86.57
B150: LADO INTERNO ALETAS | F150: 3 | I150: 0.56 | L150: 1.94 | S150: 2 | V150: =+ROUND(S150*L150*I150,2) -> 2.17
F151: 3 | I151: 0.56 | L151: 2.25 | S151: 1 | V151: =+ROUND(S151*L151*I151,2) -> 1.26
F152: 3 | I152: 0.56 | L152: 4.87 | S152: 1 | V152: =+ROUND(S152*L152*I152,2) -> 2.73
F153: 3 | I153: 0.56 | L153: 5.79 | S153: 2 | V153: =+ROUND(S153*L153*I153,2) -> 6.48
F154: 3 | I154: 0.56 | L154: 5.08 | S154: 4 | V154: =+ROUND(S154*L154*I154,2) -> 11.38
B155: LADO EXTERNO ALETAS | F155: 3 | I155: 0.56 | L155: 2.3 | S155: 1 | V155: =+ROUND(S155*L155*I155,2) -> 1.29
...

Sheet MEMO-gaviones-300
C1: FORMATO DE MEMORIAS DE CALCULO | Y1: =+'MEMO-alcantarilla-200'!Y337 -> ESQUEMA O SOPORTE GRAFICO
B2: OBJETO DEL PROYECTO: | C2: =+'PRESUPUESTO OFICIAL PLIEGO TIPO'!A11 -> OBJETO: CONSTRUCCIÓN DE PLACA HUELLA TIPO INVIAS, INCLUYENDO OBRAS DE CONTENCIÓN, DRENAJE Y ACTIVIDADES COMPLEMENTARIAS PARA MEJORAR EL CORREDOR VIAL RURAL EN LA VEREDA SAN ANTONIO, SECTOR CAÑO RICO, MUNICIPIO DE SABANALARGA DEPARTAMENTO DE CASANARE”
B3: CAPITULO | C3: =+'PRESUPUESTO OFICIAL PLIEGO TIPO'!A43 -> OBRAS DE CONTENCION | S3: UNIDAD | V3: =+'PRESUPUESTO OFICIAL PLIEGO TIPO'!F45 -> M²
B4: ITEM | C4: =+'PRESUPUESTO OFICIAL PLIEGO TIPO'!B45 -> 301 | S4: CANTIDAD | V4: =+V32 -> 80
B5: ACTIVIDAD: | C5: =+'PRESUPUESTO OFICIAL PLIEGO TIPO'!E45 -> Replanteo y localizacion para obras de proteccion (Planimetria y Altimetria)
B6: ID | C6: UBICACIÓN | D6: DIMENSIONES | L6: Volumen | O6: sub total | S6: Repeticiones | V6: TOTAL ACUMULADO
D7: Longitud metros | F7: Longitud Kilometro | I7: ancho
C8: GAVIONES
D9: 20 | I9: 4 | S9: 1 | V9: =+S9*I9*D9 -> 80
B30: Observacion: | V30: =ROUND(V9+B10,2) -> 80
V31: 0.00
V32: =V30 -> 80
D34: Elaboró: | S34: =+'MEMO-alcantarilla-200'!S366 -> Revisó y aprobó:
F35: MARCIA LUCERO ALFONSO GAMEZ | Y35: MONICA YULIETH RODRIGUEZ TORRES
F36: Profesional de apoyo contratada S.P.O.P | Y36: Secretaria de Planeacion y Pbras publicas
Y37: Supervisor
C40: FORMATO DE MEMORIAS DE CALCULO | Y40: ESQUEMA O SOPORTE GRAFICO
B41: OBJETO DEL PROYECTO: | C41: =+C2 -> OBJETO: CONSTRUCCIÓN DE PLACA HUELLA TIPO INVIAS, INCLUYENDO OBRAS DE CONTENCIÓN, DRENAJE Y ACTIVIDADES COMPLEMENTARIAS PARA MEJORAR EL CORREDOR VIAL RURAL EN LA VEREDA SAN ANTONIO, SECTOR CAÑO RICO, MUNICIPIO DE SABANALARGA DEPARTAMENTO DE CASANARE”
B42: CAPITULO | C42: =+C3 -> OBRAS DE CONTENCION | T42: UNIDAD | W42: =+'PRESUPUESTO OFICIAL PLIEGO TIPO'!F46 -> M³
B43: ITEM | C43: =+'PRESUPUESTO OFICIAL PLIEGO TIPO'!B46 -> 302 | T43: CANTIDAD | W43: =+W76 -> 248
B44: ACTIVIDAD: | C44: =+'PRESUPUESTO OFICIAL PLIEGO TIPO'!E46 -> Excavacion mecanica en material comun hasta 4 m (oruga)
B45: ID | C45: UBICACIÓN | E45: DIMENSIONES | M45: Volumen | P45: sub total | T45: Repeticiones | W45: TOTAL ACUMULADO
E46: Longitud metros | G46: altura | J46: ancho
C47: EXCAVACION LONGITUDINAL | E47: 20 | G47: 2.8 | J47: 3 | M47: =+J47*G47*E47 -> 168 | P47: =+M47 -> 168 | T47: 1 | W47: =+T47*P47 -> 168
C48: EXCAVACION PARA PLACA DE NIVELACION | E48: 20 | G48: 1 | J48: 4 | M48: =+J48*G48*E48 -> 80 | P48: =+M48 -> 80 | T48: 1 | W48: =+T48*P48 -> 80
B74: Observacion: | W74: =ROUND(W47+W48,2) -> 248
W75: 0.00
W76: =W74 -> 248
D78: Elaboró: | V78: Revisó:
F79: MARCIA LUCERO ALFONSO GAMEZ | Y79: MONICA YULIETH RODRIGUEZ TORRES
F80: =+F36 -> Profesional de apoyo contratada S.P.O.P | Y80: Secretaria de Planeacion y Pbras publicas
Y81: Supervisor
C84: FORMATO DE MEMORIAS DE CALCULO | Y84: ESQUEMA O SOPORTE GRAFICO
B85: OBJETO DEL PROYECTO: | C85: =+C41 -> OBJETO: CONSTRUCCIÓN DE PLACA HUELLA TIPO INVIAS, INCLUYENDO OBRAS DE CONTENCIÓN, DRENAJE Y ACTIVIDADES COMPLEMENTARIAS PARA MEJORAR EL CORREDOR VIAL RURAL EN LA VEREDA SAN ANTONIO, SECTOR CAÑO RICO, MUNICIPIO DE SABANALARGA DEPARTAMENTO DE CASANARE”
B86: CAPITULO | C86: =+C42 -> OBRAS DE CONTENCION | T86: UNIDAD | W86: =+'PRESUPUESTO OFICIAL PLIEGO TIPO'!F47 -> M³
B87: ITEM | C87: =+'PRESUPUESTO OFICIAL PLIEGO TIPO'!B47 -> 303 | T87: CANTIDAD | W87: =+W107 -> 134.4
B88: ACTIVIDAD: | C88: =+'PRESUPUESTO OFICIAL PLIEGO TIPO'!E47 -> Relleno con material crudo de rio T.m 6", compactado y transportado
B89: ID | C89: UBICACIÓN | E89: DIMENSIONES | M89: Volumen | P89: sub total | T89: Repeticiones | W89: TOTAL ACUMULADO
E90: Longitud metros | G90: altura | J90: ancho
C91: Longitud total tramo
W92: =M92*T92 -> 0
E93: 16 | G93: 2.8 | J93: 3 | M93: =(+E93*G93*J93) -> 134.4 | T93: 1 | W93: =M93*T93 -> 134.4
B105: Observacion: | W105: =ROUND(W92+W93,2) -> 134.4
W106: 0.00
W107: =W105 -> 134.4
D109: Elaboró: | S109: Revisó:
F110: MARCIA LUCERO ALFONSO GAMEZ | Y110: MONICA YULIETH RODRIGUEZ TORRES
F111: =+F80 -> Profesional de apoyo contratada S.P.O.P | Y111: Secretaria de Planeacion y Pbras publicas
Y112: Supervisor
C115: FORMATO DE MEMORIAS DE CALCULO | Y115: ESQUEMA O SOPORTE GRAFICO
B116: OBJETO DEL PROYECTO: | C116: =+C85 -> OBJETO: CONSTRUCCIÓN DE PLACA HUELLA TIPO INVIAS, INCLUYENDO OBRAS DE CONTENCIÓN, DRENAJE Y ACTIVIDADES COMPLEMENTARIAS PARA MEJORAR EL CORREDOR VIAL RURAL EN LA VEREDA SAN ANTONIO, SECTOR CAÑO RICO, MUNICIPIO DE SABANALARGA DEPARTAMENTO DE CASANARE”
B117: CAPITULO | C117: =+C86 -> OBRAS DE CONTENCION | T117: UNIDAD | W117: =+'PRESUPUESTO OFICIAL PLIEGO TIPO'!F48 -> M³
B118: ITEM | C118: =+'PRESUPUESTO OFICIAL PLIEGO TIPO'!B48 -> 304 | T118: CANTIDAD | W118: =+W138 -> 180
B119: ACTIVIDAD: | C119: =+'PRESUPUESTO OFICIAL PLIEGO TIPO'!E48 -> Gavion en malla triple torsion en alambre galvanizado calibre 12 recubierta en PVC hueco 7.5 x 7.5 cm.
B120: ID | C120: UBICACIÓN | E120: DIMENSIONES | M120: Volumen | P120: sub total | T120: Repeticiones | W120: TOTAL ACUMULADO
E121: Longitud metros | G121: alto | J121: ancho
C122: Primera seccion de gaviones | E122: 20 | G122: 1 | J122: 4 | M122: =+J122*G122*E122 -> 80 | P122: =+M122 -> 80 | T122: 1 | W122: =+T122*P122 -> 80
C123: segunda seccion de gaviones | E123: 20 | G123: 1 | J123: 3 | M123: =+J123*G123*E123 -> 60 | P123: =+M123 -> 60 | T123: 1 | W123: =+T123*P123 -> 60
C124: tercera seccion de gaviones | E124: 20 | G124: 1 | J124: 2 | M124: =+J124*G124*E124 -> 40 | P124: =+M124 -> 40 | T124: 1 | W124: =+T124*P124 -> 40
B136: Observacion: | W136: =ROUND(W123+W124+W122,2) -> 180
W137: 0.00
W138: =W136 -> 180
D140: Elaboró: | S140: Revisó:
F141: MARCIA LUCERO ALFONSO GAMEZ | Y141: MONICA YULIETH RODRIGUEZ TORRES
F142: =+F111 -> Profesional de apoyo contratada S.P.O.P | Y142: Secretaria de Planeacion y Pbras publicas
Y143: Supervisor
C145: FORMATO DE MEMORIAS DE CALCULO | Y145: ESQUEMA O SOPORTE GRAFICO
B146: OBJETO DEL PROYECTO: | C146: =+C116 -> OBJETO: CONSTRUCCIÓN DE PLACA HUELLA TIPO INVIAS, INCLUYENDO OBRAS DE CONTENCIÓN, DRENAJE Y ACTIVIDADES COMPLEMENTARIAS PARA MEJORAR EL CORREDOR VIAL RURAL EN LA VEREDA SAN ANTONIO, SECTOR CAÑO RICO, MUNICIPIO DE SABANALARGA DEPARTAMENTO DE CASANARE”
B147: CAPITULO | C147: =+C117 -> OBRAS DE CONTENCION | T147: UNIDAD | W147: =+'PRESUPUESTO OFICIAL PLIEGO TIPO'!F49 -> M²
B148: ITEM | C148: ='PRESUPUESTO OFICIAL PLIEGO TIPO'!B49 -> 305 | T148: CANTIDAD | X148: =+W171 -> 99
B149: ACTIVIDAD: | C149: =+'PRESUPUESTO OFICIAL PLIEGO TIPO'!E49 -> Geotextil Tejido TR 4000
B150: ID | C150: UBICACIÓN | E150: DIMENSIONES | M150: Area | P150: sub total | T150: Repeticiones | W150: TOTAL ACUMULADO
E151: Longitud metros | G151: alto | J151: ancho
C152: Primera seccion de gaviones | E152: 22 | G152: 4.5 | M152: =G152*E152 -> 99 | P152: =+M152 -> 99 | T152: 1 | W152: =+T152*P152 -> 99
W153: =+T153*P153 -> 0
W154: =+T154*P154 -> 0
B169: Observacion: | W169: =ROUND(W153+W154+W152,2) -> 99
W170: 0.00
W171: =W169 -> 99
D173: Elaboró: | S173: Revisó:
F174: MARCIA LUCERO ALFONSO GAMEZ | Y174: MONICA YULIETH RODRIGUEZ TORRES
F175: =+F142 -> Profesional de apoyo contratada S.P.O.P | Y175: Secretaria de Planeacion y Pbras publicas
Y176: Supervisor
C179: FORMATO DE MEMORIAS DE CALCULO | Y179: ESQUEMA O SOPORTE GRAFICO
B180: OBJETO DEL PROYECTO: | C180: =+C146 -> OBJETO: CONSTRUCCIÓN DE PLACA HUELLA TIPO INVIAS, INCLUYENDO OBRAS DE CONTENCIÓN, DRENAJE Y ACTIVIDADES COMPLEMENTARIAS PARA MEJORAR EL CORREDOR VIAL RURAL EN LA VEREDA SAN ANTONIO, SECTOR CAÑO RICO, MUNICIPIO DE SABANALARGA DEPARTAMENTO DE CASANARE”
B181: CAPITULO | C181: =+C147 -> OBRAS DE CONTENCION | T181: UNIDAD | W181: =+'PRESUPUESTO OFICIAL PLIEGO TIPO'!F50 -> M³
B182: ITEM | C182: 306 | T182: CANTIDAD | W182: =+W205 -> 5.94
B183: ACTIVIDAD: | C183: =+'PRESUPUESTO OFICIAL PLIEGO TIPO'!E50 -> Placa o losa concreto resistencia 210 kg/cm2-3000 psi
B184: ID | C184: UBICACIÓN | E184: DIMENSIONES | M184: Volumen | P184: sub total | T184: Repeticiones | W184: TOTAL ACUMULADO
E185: Longitud metros | G185: Espesor | J185: ancho
C186: placa de nivelacion | E186: 20.2 | G186: 0.07 | J186: 4.2 | M186: =G186*E186*J186 -> 5.9388 | P186: =+M186 -> 5.9388 | T186: 1 | W186: =+T186*P186 -> 5.9388
W187: =+T187*P187 -> 0
W188: =+T188*P188 -> 0
B203: Observacion: | W203: =ROUND(W187+W188+W186,2) -> 5.94
W204: 0.00
W205: =W203 -> 5.94
D207: Elaboró: | S207: Revisó:
F208: MARCIA LUCERO ALFONSO GAMEZ | Y208: MONICA YULIETH RODRIGUEZ TORRES
F209: =+F175 -> Profesional de apoyo contratada S.P.O.P | Y209: Secretaria de Planeacion y Pbras publicas
Y210: Supervisor

Sheet AIU (2)
B2: REPÙBLICA DE COLOMBIA DEPARTAMENTO DE CASANARE MUNICIPIO DE SABANALARGA-CASANARE ALCALDÍA MUNICIPAL
B3: =+'PRESUPUESTO OFICIAL PLIEGO TIPO'!A11 -> OBJETO: CONSTRUCCIÓN DE PLACA HUELLA TIPO INVIAS, INCLUYENDO OBRAS DE CONTENCIÓN, DRENAJE Y ACTIVIDADES COMPLEMENTARIAS PARA MEJORAR EL CORREDOR VIAL RURAL EN LA VEREDA SAN ANTONIO, SECTOR CAÑO RICO, MUNICIPIO DE SABANALARGA DEPARTAMENTO DE CASANARE”
B4: ANEXO - ANALISIS DE AIU
C5: Valor estimado del costo directo | F5: =+'PRESUPUESTO OFICIAL PLIEGO TIPO'!I52/1.34 -> 3.8070713e+08
C6: Valor estimado total presupuesto de obra | F6: =+'PRESUPUESTO OFICIAL PLIEGO TIPO'!$I$54 -> 510147555
C7: Plazo de ejecución estimado (meses) | F7: 3
B8: CAPITULO | C8: TIPO DE GASTO | D8: UND | E8: CANT | F8: DEDICACION | G8: SALARIO MENSUAL | H8: FACTOR PRESTACIONAL | I8: TIEMPO | J8: VALOR PARCIAL | K8: TOTAL | L8: % sobre C.D.
B9: 1 | C9: GASTOS GENERALES | K9: =SUM(J10:J13) -> 20619000 | L9: =K9/F5 -> 0.054159742
B10: 1.1 | C10: PERSONAL
C11: Director de Obra | D11: un | E11: 1 | F11: 0.2 | H11: 0.58 | I11: =+F7 -> 3 | J11: =+E11*F11*G11*(1+H11)*I11 -> 0
C12: Residente de obra | D12: un | E12: 1 | F12: 1 | G12: 3450000 | H12: 0.58 | I12: =F7 -> 3 | J12: =+E12*F12*G12*(1+H12)*I12 -> 16353000
C13: Sisoma de Obra | D13: un | E13: 1 | F13: 0.3 | G13: 3000000 | H13: 0.58 | I13: =+F7 -> 3 | J13: =+E13*F13*G13*(1+H13)*I13 -> 4266000
B14: 2 | C14: GASTOS INDIRECTOS
B15: 2.1 | C15: POLIZAS (% calculados sobre el valor total del contrato) | K15: =SUM(J16:J20) -> 2091605 | L15: =+K15/$F$5 -> 0.005494
C16: Seriedad de la propuesta | D16: un | E16: 1 | F16: 0.0004 | J16: =+F16*$F$6 -> 204059.02
C17: Cumplimiento | D17: un | E17: 1 | F17: 0.0002 | J17: =+F17*$F$6 -> 102029.51
C18: Calidad y estabilidad de la obra | D18: un | E18: 1 | F18: 0.002 | J18: =+F18*$F$6 -> 1020295.1
C19: Responsabilidad civil extracont | D19: un | E19: 1 | F19: 0.0012 | J19: =+F19*$F$6 -> 612177.07
C20: Prestaciones sociales | D20: un | E20: 1 | F20: 0.0003 | J20: =+F20*$F$6 -> 153044.27
B21: 2.2 | C21: INSTALACIONES PROVISIONALES, TRANSPORTES , GASTOS DE OFICINA Y ENSAYOS DE LABORATORIO | K21: =SUM(J22:J25) -> 8209328 | L21: =+K21/$F$5 -> 0.021563368
C22: Gastos de Oficina (arriendos, servicios publicos, comunicaciones) | D22: un | E22: 1 | G22: 600000 | I22: 3 | J22: =+I22*G22 -> 1800000
C23: Gastos de papeleria e informes (empastes, copias, impresiones, planos, registro fotografico, videos) | D23: un | E23: 1 | G23: 200000 | I23: =F7 -> 3 | J23: =+G23*I23 -> 600000
C24: Gastos de Campamento y obra (Valla informativa, dotaciones, adecuacion instalaciones para empleados, servicios Públicos Provisionales durante la obra y trámites ante las empresas de servicios.) | D24: un | E24: 1 | G24: 900000 | I24: =F7 -> 3 | J24: =+G24*I24*E24 -> 2700000
C25: Ensayos de laboratorio | D25: un | E25: 1 | G25: 1554664 | I25: 2 | J25: =+I25*G25*E25 -> 3109328
B26: 2.3 | C26: IMPUESTOS, TASAS Y CONTRIBUCIONES (% calculados sobre el valor del contrato) | K26: =SUM(J27:J34) -> 84327391 | L26: =+K26/$F$5 -> 0.221502
C27: Estampilla para el fomento y estímulo a la cultura 1% sobre el valor total del contrato. | F27: 0.01 | J27: =+F27*F6 -> 5101475.5
C28: Estampilla para el bienestar del adulto mayor 4% sobre el valor total del contrato. | F28: 0.04 | J28: =+F28*F6 -> 20405902
C29: Tasa pro deporte y recreación 1.5 % sobre el valor total del contrato. | F29: 0.015 | J29: =+$F$29*F6 -> 7652213.3
C30: Estampilla para la justicia familiar 2%, sobre el valor bruto del contrato, es decir, el valor de cada pago sin incluir el IVA. | F30: 0.02 | J30: =+$F$30*F6 -> 10202951
C31: Impuesto de seguridad 5 % sobre el valor total del contrato. | F31: 0.05 | J31: =+F31*F6 -> 25507378
C32: Industria y Comercio 10 x 1000 sobre el valor total del contrato. (Régimen de rentas del municipio de Sabanalarga) | F32: 0.01 | J32: =+F32*F6 -> 5101475.5
C33: Estampilla Bomberil 3% de la sumatoria de lo liquidado de industria y comercio y avisos y tableros. | F33: 0.03 | G33: Ind y Com. | J33: =+J32*F33 -> 153044.27
C34: Retención, Conforme a lo previsto en la ley 1607 de 2012 y sus decretos reglamentarios Nos. 099 y 1070 de 2013. | F34: 0.02 | J34: =+F34*F6 -> 10202951
C35: TOTAL GASTOS ADMINISTRACIÓN | F35: =ROUND(+K35/F5,2) -> 0.3 | K35: =ROUND(SUM(K9:K34),0) -> 115247324 | N35: =#REF! -> #REF! | O35: =K35-N35 -> #REF! | P35: 29251436
B36: 3 | C36: IMPREVISTOS | F36: 0.01 | K36: =ROUND(+F36*F5,0) -> 3807071 | N36: =#REF! -> #REF! | P36: 1044694
B37: 4 | C37: UTILIDAD | F37: 0.05 | K37: =ROUND(+F37*F5,0) -> 19035357 | N37: =#REF! -> #REF! | P37: 5223471
C38: TOTAL A.I.U. | F38: =ROUND(+K38/F5,2) -> 0.36 | K38: =+K37+K36+K35 -> 138089752 | N38: =+F5*34% -> 1.2944042e+08 | P38: =+P35+P36+P37 -> 35519601
P39: 1.0446941e+08
B41: Revisó/Aprobó: | C41: MONICA YULIETH RODRIGUEZ TORRES | F41: Proyectó: | G41: MARCIA LUCERO ALFONSO GAMEZ
C42: Secretaria de Planeacion y Obras Publicas | G42: Profesional de Apoyo S.P.O.P

Sheet PMT
A1: =+'PRESUPUESTO OFICIAL PLIEGO TIPO'!A11:I11 -> OBJETO: CONSTRUCCIÓN DE PLACA HUELLA TIPO INVIAS, INCLUYENDO OBRAS DE CONTENCIÓN, DRENAJE Y ACTIVIDADES COMPLEMENTARIAS PARA MEJORAR EL CORREDOR VIAL RURAL EN LA VEREDA SAN ANTONIO, SECTOR CAÑO RICO, MUNICIPIO DE SABANALARGA DEPARTAMENTO DE CASANARE”
A2: IMPLEMENTAR PLAN DE MANEJO DE TRAFICO | G2: MUNICIPIO: | H2: SABANALARGA
A4: ITEM | B4: DESCRIPCION | C4: UND | D4: CANT. | E4: VR. UNIT | F4: VR. TOTAL
A6: 1 | B6: PLAN DE MANEJO DE TRAFICO ( DISPOSITIVOS, SEÑALIZACION Y EQUIPOS) ( A )
B7: DISPOSITIVOS DE CONTROL
A8: 1.1 | B8: BARRICADA METALICA TIPO IDU CON CERRADO REFLECTIVO NARANJA Y BLANCO GRADO INGENIERIA, MEDIDAS: 2.40m x 1.50m - 3 BANDEJAS DE 20cm x 2.40m. TABLERO DE DESVIO DE 60 cm | C8: UND | E8: 220250 | F8: =D8*E8 -> 0
A9: 1.1 | B9: Paleta PARE - SIGA 45 cm | C9: UND | D9: 2 | E9: 76842 | F9: =D9*E9 -> 153684
A10: 1.2 | B10: Colombina o baliza de señalizacion H=1.30 m | C10: UND | D10: 10 | E10: 52767 | F10: =D10*E10 -> 527670
A11: 1.3 | B11: Barrera o maletin plástico rellenable (tipo New Jersey) 2.0 x 1.0 x 0.50 m | C11: UND | D11: 2 | E11: 550101 | F11: =D11*E11 -> 1100202
A12: 1.5 | B12: CONO DE SEÑALIZACION VIAL DOBLE REFLECTIVO H=70 CMS | C12: UND | E12: 48720 | F12: =D12*E12 -> 0
A13: 1.4 | B13: Cinta de Señalizacion - peligro no pase - | C13: ML | D13: 200 | E13: 77 | F13: =D13*E13 -> 15400
B14: SEÑALIZACION
A15: 1.5 | B15: Señal movil 60 x 120 reflectiva. | C15: UND | D15: 10 | E15: 156600 | F15: =D15*E15 -> 1566000
A16: 1.6 | B16: Cono de señalizacion vial, doble reflectivo H=70 cm | C16: UND | D16: 4 | E16: 62635 | F16: =D16*E16 -> 250540
B17: EQUIPOS VARIOS
A18: 1.6 | B18: PLOTEO PLANOS PMT ESPECÍFICOS | C18: UNID. | D18: 1 | E18: 938292 | F18: =D18*E18 -> 938292
A19: A | B19: SUBTOTAL PLAN DE MANEJO DE TRAFICO ( DISPOSITIVOS, SEÑALIZACION Y EQUIPOS) | F19: =SUM(F8:F18) -> 4551788
A21: ÍTEM | B21: DESCRIPCIÓN | C21: UNIDAD | D21: NUMERO DE PALETEROS | E21: VR. UNITARIO | F21: MESES | G21: DEDICACIÓN | H21: VR. TOTAL
B22: PERSONAL PROFESIONAL, AUXILIARES DE TRANSITO Y BRIGADAS ( B )
A23: 1.1 | B23: CONTROLADOR VIAL | C23: AUXILIARES | D23: 2 | E23: 2800000 | F23: 2 | G23: 0.5 | H23: =D23*E23*F23*G23 -> 5600000
A25: B | B25: SUBTOTAL PLAN DE MANEJO DE TRAFICO ( PERSONAL ) | H25: =H23 -> 5600000
A27: VALOR COSTOS DIRECTOS ( A ) + ( B ) | F27: =F19+H25 -> 10151788
A29: ELABORÓ | B29: Firma | D29: APROBÓ | E29: Firma
B30: MARCIA LUCERO ALFONSO GAMEZ | E30: Nombre: | F30: MONICA YULIETH RODRIGUEZ TORRES
B31: Profesional de Apoyo S.P.O.P | E31: Secretaria de Planeacion y obras Publicas

Sheet PAGA
B1: OBJETO: | D1: “CONSTRUCCIÓN DE PLACA HUELLA TIPO INVÍAS, INCLUYENDO LA EJECUCIÓN DE OBRAS DE CONTENCIÓN, OBRAS DE ARTE, DRENAJE Y ACTIVIDADES COMPLEMENTARIAS REQUERIDAS PARA LA ESTABILIZACIÓN Y MEJORAMIENTO DEL CORREDOR VIAL RURAL EN LA VEREDA SAN ANTONIO, SECTOR CAÑO RICO, DEL MUNICIPIO DE SABANALARGA, DEPARTAMENTO DE CASANARE”
B2: PRESUPUESTO PLAN DE ADAPTACIÓN DE LA GUÍA AMBIENTAL - PAGA
B3: ITEM | C3: ESPECIFICACIÓN | D3: ACTIVIDAD | E3: UND | F3: CANT | G3: VR. UNITARIO | H3: VR. TOTAL
B4: 1 | C4: GENERAL | D4: PROGRAMA GESTIÓN HIDRICA
B5: 1.1 | C5: 703 | D5: Unidades sanitarias portatil (Incluye: mantenimiento, transporte y disposicion de ARD) | E5: UND/MES | F5: 1 | G5: ='[170]1.1 APU PAGA'!N63 -> 7104867 | H5: =F5*G5 -> 7104867
B6: 1.2 | C6: 7.259 | D6: Tanque plastico de 2000 litros. Suministro e Instal | E6: UND | F6: 1 | G6: ='[170]1.2 APU PAGA,'!N71 -> 1692753 | H6: =F6*G6 -> 1692753
B7: SUBTOTAL PROGRAMA GESTIÓN HIDRICA | H7: =H5+H6 -> 8797620
B8: 2 | D8: PROGRAMA ACTIVIDADES CONSTRUCTIVAS
B9: 2.1 | C9: 6.821 | D9: Impermeabilizacion de suelo para mezcla de concretos | E9: m2 | F9: 12 | G9: ='[170]2.1 APU PAGA'!N70 -> 15345 | H9: =+F9*G9 -> 184140
B10: 2.2 | C10: 7.332 | D10: Punto ecológico en frente de obra, incluye, suministro, instalación y desmonte | E10: UND | F10: 1 | G10: ='[170]2.2 APU PAGA '!N70 -> 1128564 | H10: =+F10*G10 -> 1128564
B11: 2.3 | C11: 6.973 | D11: Mantenimiento punto ecologico en frente de obra | E11: MES | F11: 2 | G11: ='[170]2.3 APU PAGA '!N66 -> 472689 | H11: =+F11*G11 -> 945378
B12: 2.4 | C12: 6.974 | D12: Punto acopio de residuos, materiales peligrosos y especiales. Incluye suministro e instalacion y desmonte. | E12: und | F12: 1 | G12: ='[170]2.4 APU PAGA '!N72 -> 1609952 | H12: =+F12*G12 -> 1609952
B13: 2.5 | C13: 6975 | D13: Mantenimiento punto acopio de residuos, materiales peligrosos y especiales | E13: MES | F13: 1 | G13: ='[170]2.5 APU PAGA'!N70 -> 216338 | H13: =+F13*G13 -> 216338
B14: 2.6 | C14: 3.223 | D14: Gestión final de RESPEL | E14: MES | F14: 1 | G14: ='[170]2.6 APU PAGA'!N64 -> 773114 | H14: =+F14*G14 -> 773114
B15: 2.7 | C15: 5.24 | D15: Sitio de acopio temporal de residuos, escombros y desperdicios de 4.0 x 4.0 m, incluye instalacion y desmonte. | E15: UND | F15: 1 | G15: =+'2.7 APU PAGA'!N67 -> 652160 | H15: =+F15*G15 -> 652160
B16: 2.8 | C16: 5.46 | D16: Punto acopio de materiales de construccion. Incluye suministro, instalacion y desmonte | E16: UND | F16: 1 | G16: ='[170]2.8 APU PAGA'!N71 -> 1557637 | H16: =+F16*G16 -> 1557637
B17: SUBTOTAL PROGRAMA ACTIVIDADES CONSTRUCTIVAS | H17: =SUM(H9:H16) -> 7067283
B18: 3 | D18: UBICACIÓN, DOTACION CAMPAMENTO Y GESTION SOCIAL
B19: 3.1 | C19: N/A | D19: Camilla Emergencia: Polietileno 185x45 cm | E19: UND | F19: 1 | G19: 321900 | H19: =F19*G19 -> 321900
B20: 3.2 | C20: N/A | D20: Extintor ABC 20 Lb ( mas dos recargas) | E20: UND | F20: 1 | G20: =99900+15000 -> 114900 | H20: =F20*G20 -> 114900
B21: 3.3 | C21: N/A | D21: Botiquín Tipo A Según Resolución | E21: UND | F21: 1 | G21: 149900 | H21: =F21*G21 -> 149900
A22: Elaboró: | B22: SUBTOTAL UBICACIÓN, DOTACION CAMPAMENTO Y GESTION SOCIAL | H22: =SUM(H19:H21) -> 586700
B23: COSTO IMPLEMENTACION PAGA | H23: =H7+H17+H22 -> 16451603
B25: Firma | D25: APROBÓ | E25: Firma
B26: DEISY JOHANNA RAMIREZ LEGUIZAMON | E26: Nombre: | F26: MONICA YULIETH RODRIGUEZ TORRES
B27: Profesional de Apoyo S.P.O.P | E27: Secretaria de Planeacion y obras Publicas

Sheet 1.1 APU PAGA
A1: Formulario 1 - Propuesta económica - Documento tipo de licitación de obra pública de infraestructura de transporte - versión 4
A2: Código | B2: CCE-EICP-FM-14 | C2: Versión | D2: 4
A3: FORMULARIO 1
A4: PRESUPUESTO OFICIAL
A6: [La entidad podrá utilizar este formato para la presentación de los análisis de precios unitarios del contratista en la oportunidad prevista en el numeral 8.2. del Documento Base]
C8: ALCALDIA MUNICIPAL DE SABANALARGA - CASANARE
K9: VERSIÓN
C11: ANALISIS DE PRECIOS UNITARIOS | K11: PÁGINA | L11: 1 | M11: DE | N11: 1
K14: FECHA | L14: DD | M14: MM | N14: AA
A16: ÍTEMS DE LA PROPUESTA ECONÓMICA | H16: ÍTEMS NO PREVISTOS
A19: =[170]PAGA!D4 -> PROGRAMA GESTIÓN HIDRICA
A20: DATOS ESPECÍFICOS
A22: ÍTEM | B22: 1.1 | C22: Unidades sanitarias portatil (Incluye: mantenimiento, transporte y disposicion de ARD) | L22: UNIDAD | N22: CANTIDAD
B23: 703 | L23: mes
A24: I. EQUIPO
A27: DESCRIPCIÓN | G27: MARCA | I27: TIPO | K27: TARIFA/HORA | L27: RENDIMIENTO | N27: Vr. UNITARIO
N28: =+K28*L28 -> 0
A30: SUBTOTAL $ | N30: =ROUND(SUM(N28:N29),0) -> 0
A31: II. MATERIALES
A34: DESCRIPCIÓN | J34: UNIDAD | K34: CANTIDAD | L34: PRECIO UNIT. | N34: Vr. UNITARIO
A35: Unidad sanitaria portatil o baño - alquiler (mes) | J35: und | K35: 3 | L35: 500000 | N35: =+L35*K35 -> 1500000
A36: Mantenimiento baño portatil, incluye: cambio de papel, recarga de gel antibacterial c/15 dias y movilizacion interna | J36: und | K36: 24 | L36: 75000 | N36: =+L36*K36 -> 1800000
A38: SUBTOTAL $ | N38: =ROUND(SUM(N35:N36),0) -> 3300000
A39: III. TRANSPORTES
A42: MATERIAL | I42: VOL. o PESO | J42: DISTANCIA | K42: M3 o Ton/Km | L42: TARIFA | N42: Vr. UNITARIO
A43: Transporte de residuos solidos - aguas residuales - en vehiculos especializados - m³ | I43: m³ | K43: 10 | L43: ='[170]1.2 ANA TRANS PAGA'!N64 -> 200214 | N43: =+L43*K43 -> 2002140
A45: SUBTOTAL $ | N45: =+N43 -> 2002140
A46: IV. MANO DE OBRA
A49: TRABAJADOR | I49: JORNAL | J49: PRESTACIONES | K49: JORNAL TOTAL | L49: RENDIMIENTO | N49: Vr. UNITARIO
A51: SUBTOTAL $ | N51: =SUM(N50:N50) -> 0
A53: TOTAL COSTO DIRECTO $ | N53: =ROUND(+N30+N38+N45+N51,0) -> 5302140
A54: V. COSTOS INDIRECTOS
A57: Descripción | K57: Porcentaje | L57: Valor Total
A58: ADMINISTRACION | K58: 0.28 | L58: =ROUND((N53*K58),0) -> 1484599 | M58: =ROUND((J58*K58),0) -> 0 | N58: =+L58 -> 1484599
A59: IMPREVISTOS | K59: 0.01 | L59: =ROUND((N53*K59),0) -> 53021 | M59: =ROUND((J59*K59),0) -> 0 | N59: =+L59 -> 53021
A60: UTILIDAD | K60: 0.05 | L60: =ROUND((N53*K60),0) -> 265107 | M60: =ROUND((J60*K60),0) -> 0 | N60: =+L60 -> 265107
A61: SUBTOTAL $ | N61: =ROUND(SUM(N58:N60),0) -> 1802727
A63: Precio Unitario Total Aproximado al peso $ | N63: =+N53+N61 -> 7104867
F66: Firma
F67: Nombre: | G67: DEISY JOHANNA RAMIREZ LEGUIZAMON
F68: Profesional de apoyo S.P.O.P
F69: Matricula No. :
A71: OBSERVACIONES INTERVENTORÍA O SUPERVISIÓN
A73: APROBACIÓN POR LA INTERVENTORÍA O SUPERVISIÓN
A74: Nota 1: Cuando se trate de análisis de precios unitarios correspondientes a ítems de la propuesta económica aprobada, el interventor o supervisor aprueba el desglose de los componentes manteniendo el mismo precio unitario de cada ítem, cumpliendo con las especificaciones de construcción vigentes para el proyecto.
A76: Nota 2: Cuando se trate de Análisis de precios unitarios de ítems no previstos, el Interventor aprueba el desglose y precio unitario de cada ítem no previsto, exigiendo la aplicación de los costos correspondientes a insumos y tarifas de la propuesta económica inicial cuando estén contemplados, cumpliendo con las especificaciones de construcción vigente para el proyecto.
F79: Firma
F80: Nombre: | G80: MONICA YULIETH RODRIGUEZ TORRES
F81: Secretaria de Planeacion y Obras Publicas
F82: Matricula No. :

Sheet 1.2 ANA TRANS PAGA
A1: Formulario 1 - Propuesta económica - Documento tipo de licitación de obra pública de infraestructura de transporte - versión 4
A2: Código | B2: CCE-EICP-FM-14 | C2: Versión | D2: 4
A3: FORMULARIO 1
A4: PRESUPUESTO OFICIAL
A6: [La entidad podrá utilizar este formato para la presentación de los análisis de precios unitarios del contratista en la oportunidad prevista en el numeral 8.2. del Documento Base]
C8: ALCALDIA MUNICIPAL DE SABANALARGA - CASANARE
K9: VERSIÓN
C11: ANALISIS DE PRECIOS UNITARIOS | K11: PÁGINA | L11: 1 | M11: DE | N11: 1
K14: FECHA | L14: DD | M14: MM | N14: AA
A16: ÍTEMS DE LA PROPUESTA ECONÓMICA | H16: ÍTEMS NO PREVISTOS
A19: =[170]PAGA!D4 -> PROGRAMA GESTIÓN HIDRICA
A20: DATOS ESPECÍFICOS
A22: ÍTEM | B22: 1.2 | C22: Transporte de residuos solidos - aguas residuales - en vehiculos especializados - m³ | L22: UNIDAD | N22: CANTIDAD
B23: 5960 | L23: m³
A24: I. EQUIPO
A27: DESCRIPCIÓN | G27: MARCA | I27: TIPO | K27: TARIFA/HORA | L27: RENDIMIENTO | N27: Vr. UNITARIO
N28: =+K28*L28 -> 0
N29: =+K29*L29 -> 0
A31: SUBTOTAL $ | N31: =ROUND(SUM(N28:N30),0) -> 0
A32: II. MATERIALES
A35: DESCRIPCIÓN | J35: UNIDAD | K35: CANTIDAD | L35: PRECIO UNIT. | N35: Vr. UNITARIO
N36: =ROUND((K36*L36),0) -> 0
N37: =ROUND((K37*L37),0) -> 0
A39: SUBTOTAL $ | N39: =ROUND(SUM(N36:N37),0) -> 0
A40: III. TRANSPORTES
A43: MATERIAL | I43: VOL. o PESO | J43: DISTANCIA | K43: M3 o Ton/Km | L43: TARIFA | N43: Vr. UNITARIO
A44: Transporte por volumen - residuos solidos | J44: 42.9 | K44: m3-km | L44: 4667 | N44: =J44*L44 -> 200214.3
A46: SUBTOTAL $ | N46: =+N44 -> 200214.3
A47: IV. MANO DE OBRA
A50: TRABAJADOR | I50: JORNAL | J50: PRESTACIONES | K50: JORNAL TOTAL | L50: RENDIMIENTO | N50: Vr. UNITARIO
A52: SUBTOTAL $ | N52: =SUM(N51:N51) -> 0
A54: TOTAL COSTO DIRECTO $ | N54: =ROUND(+N31+N39+N46+N52,0) -> 200214
A55: V. COSTOS INDIRECTOS
A58: Descripción | K58: Porcentaje | L58: Valor Total
A59: ADMINISTRACION | K59: 0.28 | N59: =+L59 -> 0
A60: IMPREVISTOS | K60: 0.01 | N60: =+L60 -> 0
A61: UTILIDAD | K61: 0.05 | N61: =+L61 -> 0
A62: SUBTOTAL $ | N62: =ROUND(SUM(N59:N61),0) -> 0
A64: Precio Unitario Total Aproximado al peso $ | N64: =+N54+N62 -> 200214
F67: Firma
F68: Nombre: | G68: DEISY JOHANNA RAMIREZ LEGUIZAMON
F69: Profesional de apoyo S.P.O.P
F70: Matricula No. :
A72: OBSERVACIONES INTERVENTORÍA O SUPERVISIÓN
A76: APROBACIÓN POR LA INTERVENTORÍA O SUPERVISIÓN
A77: Nota 1: Cuando se trate de análisis de precios unitarios correspondientes a ítems de la propuesta económica aprobada, el interventor o supervisor aprueba el desglose de los componentes manteniendo el mismo precio unitario de cada ítem, cumpliendo con las especificaciones de construcción vigentes para el proyecto.
A79: Nota 2: Cuando se trate de Análisis de precios unitarios de ítems no previstos, el Interventor aprueba el desglose y precio unitario de cada ítem no previsto, exigiendo la aplicación de los costos correspondientes a insumos y tarifas de la propuesta económica inicial cuando estén contemplados, cumpliendo con las especificaciones de construcción vigente para el proyecto.
F82: Firma
F83: Nombre: | G83: MONICA YULIETH RODRIGUEZ TORRES
F84: Secretaria de Planeacion y Obras Publicas
F85: Matricula No. :

Sheet 1.2 APU PAGA,
A1: Formulario 1 - Propuesta económica - Documento tipo de licitación de obra pública de infraestructura de transporte - versión 4
A2: Código | B2: CCE-EICP-FM-14 | C2: Versión | D2: 4
A3: FORMULARIO 1
A4: PRESUPUESTO OFICIAL
A6: [La entidad podrá utilizar este formato para la presentación de los análisis de precios unitarios del contratista en la oportunidad prevista en el numeral 8.2. del Documento Base]
C8: ALCALDIA MUNICIPAL DE SABANALARGA - CASANARE
K9: VERSIÓN
C11: ANALISIS DE PRECIOS UNITARIOS | K11: PÁGINA | L11: 1 | M11: DE | N11: 1
K14: FECHA | L14: DD | M14: MM | N14: AA
A16: ÍTEMS DE LA PROPUESTA ECONÓMICA | H16: ÍTEMS NO PREVISTOS
A17: =[170]PAGA!D4 -> PROGRAMA GESTIÓN HIDRICA
A18: DATOS ESPECÍFICOS
A20: ÍTEM | B20: 1.2 | C20: Tanque plastico de 2000 litros. Suministro e Instal. | L20: UNIDAD | N20: CANTIDAD
B21: 7.259 | L21: und
A22: I. EQUIPO
A25: DESCRIPCIÓN | G25: MARCA | I25: TIPO | K25: TARIFA/HORA | L25: RENDIMIENTO | N25: Vr. UNITARIO
A26: Herramienta menor 5% M.O. AA | K26: 1441 | L26: 0.8 | N26: =+K26*L26 -> 1152.8
A27: SUBTOTAL $ | N27: =(SUM(N26:N26)) -> 1152.8
A28: II. MATERIALES
A31: DESCRIPCIÓN | J31: UNIDAD | K31: CANTIDAD | L31: PRECIO UNIT. | N31: Vr. UNITARIO
A32: Soldadura liquida PVC 1/4 gl | J32: und | K32: 0.0038 | L32: 124266 | N32: =+L32*K32 -> 472.2108
A33: Limpiador liquido PVC 1/4 gl o 760 gr | J33: und | K33: 0.0066 | L33: 59917 | N33: =+L33*K33 -> 395.4522
A34: Cinta teflon 3/4" x 10 m | J34: und | K34: 0.05 | L34: 3854 | N34: =+L34*K34 -> 192.7
A35: Tubo presion RDE 13.5 PVC 1/2 " | J35: m | K35: 0.3 | L35: 3376 | N35: =+L35*K35 -> 1012.8
A36: Adaptador macho presión PVC 1/2" | J36: und | K36: 1 | L36: 540 | N36: =+L36*K36 -> 540
A37: Adaptador hembra presión PVC 1" | J37: und | K37: 1 | L37: 2435 | N37: =+L37*K37 -> 2435
A38: Buje soldado presion PVC 1 x 1/2 | J38: und | K38: 1 | L38: 1510 | N38: =ROUND((K38*L38),0) -> 1510
A39: Llave jardin tipo liviana 1/2" PVC | J39: und | K39: 1 | L39: 5000 | N39: =ROUND((K39*L39),0) -> 5000
A40: Tanque plástico 2000 lt | J40: und | K40: 1 | L40: 1227484 | N40: =ROUND((K40*L40),0) -> 1227484
A41: SUBTOTAL $ | N41: =SUM(N32:N40) -> 1239042.2
A42: III. TRANSPORTES
A45: MATERIAL | I45: VOL. o PESO | J45: DISTANCIA | K45: M3 o Ton/Km | L45: TARIFA | N45: Vr. UNITARIO
N46: =+L46*K46 -> 0
A47: SUBTOTAL $ | N47: =+N46 -> 0
A48: IV. MANO DE OBRA
A51: TRABAJADOR | I51: JORNAL | J51: PRESTACIONES | K51: JORNAL TOTAL | L51: RENDIMIENTO | N51: Vr. UNITARIO
A52: Cuadrilla AA (Albañileria) | K52: 0.8 | L52: 28817 | N52: =((K52*L52)) -> 23053.6
N53: =ROUND((K53*L53),0) -> 0
A54: SUBTOTAL $ | N54: =SUM(N52:N53) -> 23053.6
A56: TOTAL COSTO DIRECTO $ | N56: =ROUND(+N27+N41+N47+N54,0) -> 1263249
A57: V. COSTOS INDIRECTOS
A60: Descripción | K60: Porcentaje | L60: Valor Total
A61: ADMINISTRACION | K61: 0.28 | L61: =ROUND((N56*K61),0) -> 353710 | M61: =ROUND((J61*K61),0) -> 0 | N61: =+L61 -> 353710
A62: IMPREVISTOS | K62: 0.01 | L62: =ROUND((N56*K62),0) -> 12632 | M62: =ROUND((J62*K62),0) -> 0 | N62: =+L62 -> 12632
A63: UTILIDAD | K63: 0.05 | L63: =ROUND((N56*K63),0) -> 63162 | M63: =ROUND((J63*K63),0) -> 0 | N63: =+L63 -> 63162
A64: SUBTOTAL $ | N64: =ROUND(SUM(N61:N63),0) -> 429504
A66: Precio Unitario Total Aproximado al peso $ | N66: =+N56+N64 -> 1692753
F68: Firma
F69: Nombre: | G69: DEISY JOHANNA RAMIREZ LEGUIZAMON
F70: Profesional de apoyo S.P.O.P
F71: Matricula No. :
A73: OBSERVACIONES INTERVENTORÍA O SUPERVISIÓN
A76: APROBACIÓN POR LA INTERVENTORÍA O SUPERVISIÓN
A77: Nota 1: Cuando se trate de análisis de precios unitarios correspondientes a ítems de la propuesta económica aprobada, el interventor o supervisor aprueba el desglose de los componentes manteniendo el mismo precio unitario de cada ítem, cumpliendo con las especificaciones de construcción vigentes para el proyecto.
A79: Nota 2: Cuando se trate de Análisis de precios unitarios de ítems no previstos, el Interventor aprueba el desglose y precio unitario de cada ítem no previsto, exigiendo la aplicación de los costos correspondientes a insumos y tarifas de la propuesta económica inicial cuando estén contemplados, cumpliendo con las especificaciones de construcción vigente para el proyecto.
F82: Firma
F83: Nombre: | G83: MONICA YULIETH RODRIGUEZ TORRES
F84: Secretaria de Planeacion y Obras Publicas
F85: Matricula No. :

Sheet 2.1 APU PAGA
A1: Formulario 1 - Propuesta económica - Documento tipo de licitación de obra pública de infraestructura de transporte - versión 4
A2: Código | B2: CCE-EICP-FM-14 | C2: Versión | D2: 4
A3: FORMULARIO 1
A4: PRESUPUESTO OFICIAL
A6: [La entidad podrá utilizar este formato para la presentación de los análisis de precios unitarios del contratista en la oportunidad prevista en el numeral 8.2. del Documento Base]
C8: ALCALDIA MUNICIPAL DE SABANALARGA - CASANARE
K9: VERSIÓN
C11: ANALISIS DE PRECIOS UNITARIOS | K11: PÁGINA | L11: 1 | M11: DE | N11: 1
K14: FECHA | L14: DD | M14: MM | N14: AA
A16: ÍTEMS DE LA PROPUESTA ECONÓMICA | H16: ÍTEMS NO PREVISTOS
A19: PROGRAMA ACTIVIDADES CONSTRUCTIVAS
A20: DATOS ESPECÍFICOS
A22: ÍTEM | B22: 2.1 | C22: Impermeabilizacion de suelo para mezcla de concretos | L22: UNIDAD | N22: CANTIDAD
B23: 6.821 | L23: m²
A24: I. EQUIPO
A27: DESCRIPCIÓN | G27: MARCA | I27: TIPO | K27: TARIFA/HORA | L27: RENDIMIENTO | N27: Vr. UNITARIO
A28: Herramienta menor 10% M.O. AA | K28: 2882 | L28: 0.0833 | N28: =+K28*L28 -> 240.0706
N29: =+K29*L29 -> 0
A31: SUBTOTAL $ | N31: =SUM(N28:N30) -> 240.0706
A32: II. MATERIALES
A35: DESCRIPCIÓN | J35: UNIDAD | K35: CANTIDAD | L35: PRECIO UNIT. | N35: Vr. UNITARIO
A36: Geotextil No Tejido 2000 | J36: m2 | K36: 1 | L36: 7262 | N36: =+L36*K36 -> 7262
A37: Plastico en Polietileno negro Cal. 6 | J37: m2 | K37: 1 | L37: 1548 | N37: =+L37*K37 -> 1548
A38: SUBTOTAL $ | N38: =SUM(N36:N37) -> 8810
A39: III. TRANSPORTES
A42: MATERIAL | I42: VOL. o PESO | J42: DISTANCIA | K42: M3 o Ton/Km | L42: TARIFA | N42: Vr. UNITARIO
N43: =+L43*K43 -> 0
A45: SUBTOTAL $ | N45: =SUM(N43:N44) -> 0
A46: IV. MANO DE OBRA
A49: TRABAJADOR | I49: JORNAL | J49: PRESTACIONES | K49: JORNAL TOTAL | L49: RENDIMIENTO | N49: Vr. UNITARIO
A50: Cuadrilla AA (Albañileria) | I50: h | K50: 28817 | L50: 0.0833 | N50: =K50*L50 -> 2400.4561
N51: =K51*L51 -> 0
N52: =K52*L52 -> 0
A53: SUBTOTAL $ | N53: =SUM(N50:N52) -> 2400.4561
A55: TOTAL COSTO DIRECTO $ | N55: =ROUND(+N31+N38+N45+N53,0) -> 11451 | O55: =(+N31+N38+N45+N53) -> 11450.527
A56: V. COSTOS INDIRECTOS
A59: Descripción | K59: Porcentaje | L59: Valor Total
A60: ADMINISTRACION | K60: 0.28 | L60: =ROUND((N55*K60),0) -> 3206 | M60: =ROUND((J60*K60),0) -> 0 | N60: =+L60 -> 3206
A61: IMPREVISTOS | K61: 0.01 | L61: =ROUND((N55*K61),0) -> 115 | M61: =ROUND((J61*K61),0) -> 0 | N61: =+L61 -> 115
A62: UTILIDAD | K62: 0.05 | L62: =ROUND((N55*K62),0) -> 573 | M62: =ROUND((J62*K62),0) -> 0 | N62: =+L62 -> 573
A63: SUBTOTAL $ | N63: =ROUND(SUM(N60:N62),0) -> 3894
A65: Precio Unitario Total Aproximado al peso $ | N65: =+N55+N63 -> 15345
F68: Firma
F69: Nombre: | G69: DEISY JOHANNA RAMIREZ LEGUIZAMON
F70: Profesional de apoyo S.P.O.P
F71: Matricula No. :
A73: OBSERVACIONES INTERVENTORÍA O SUPERVISIÓN
A76: APROBACIÓN POR LA INTERVENTORÍA O SUPERVISIÓN
A77: Nota 1: Cuando se trate de análisis de precios unitarios correspondientes a ítems de la propuesta económica aprobada, el interventor o supervisor aprueba el desglose de los componentes manteniendo el mismo precio unitario de cada ítem, cumpliendo con las especificaciones de construcción vigentes para el proyecto.
A79: Nota 2: Cuando se trate de Análisis de precios unitarios de ítems no previstos, el Interventor aprueba el desglose y precio unitario de cada ítem no previsto, exigiendo la aplicación de los costos correspondientes a insumos y tarifas de la propuesta económica inicial cuando estén contemplados, cumpliendo con las especificaciones de construcción vigente para el proyecto.
F82: Firma
F83: Nombre: | G83: MONICA YULIETH RODRIGUEZ TORRES
F84: Secretaria de Planeacion y Obras Publicas
F85: Matricula No. :

Sheet 2.2 APU PAGA 
A1: Formulario 1 - Propuesta económica - Documento tipo de licitación de obra pública de infraestructura de transporte - versión 4
A2: Código | B2: CCE-EICP-FM-14 | C2: Versión | D2: 4
A3: FORMULARIO 1
A4: PRESUPUESTO OFICIAL
A6: [La entidad podrá utilizar este formato para la presentación de los análisis de precios unitarios del contratista en la oportunidad prevista en el numeral 8.2. del Documento Base]
C8: ALCALDIA MUNICIPAL DE SABANALARGA - CASANARE
K9: VERSIÓN
C11: ANALISIS DE PRECIOS UNITARIOS | K11: PÁGINA | L11: 1 | M11: DE | N11: 1
K14: FECHA | L14: DD | M14: MM | N14: AA
A16: ÍTEMS DE LA PROPUESTA ECONÓMICA | H16: ÍTEMS NO PREVISTOS
A18: PROGRAMA ACTIVIDADES CONSTRUCTIVAS
A19: DATOS ESPECÍFICOS
A21: ÍTEM | B21: 2.1 | C21: Punto ecologico en frente de obra, incluye, suministro, instalacion y desmonte. | L21: UNIDAD | N21: CANTIDAD
B22: 7.332 | L22: m²
A23: I. EQUIPO
A26: DESCRIPCIÓN | G26: MARCA | I26: TIPO | K26: TARIFA/HORA | L26: RENDIMIENTO | N26: Vr. UNITARIO
A27: Herramienta menor 10% M.O. Ayud. const.1 | K27: 1183 | L27: 2 | N27: =+K27*L27 -> 2366
N28: =+K28*L28 -> 0
A30: SUBTOTAL $ | N30: =SUM(N27:N29) -> 2366
A31: II. MATERIALES
A34: DESCRIPCIÓN | J34: UNIDAD | K34: CANTIDAD | L34: PRECIO UNIT. | N34: Vr. UNITARIO
A35: Contenedor de residuos solidos, tipo 3 canecas de 53 litros con estructura | J35: und | K35: 1 | L35: 769100 | N35: =+L35*K35 -> 769100
N36: =+L36*K36 -> 0
A38: SUBTOTAL $ | N38: =SUM(N35:N37) -> 769100
A39: III. TRANSPORTES
A42: MATERIAL | I42: VOL. o PESO | J42: DISTANCIA | K42: M3 o Ton/Km | L42: TARIFA | N42: Vr. UNITARIO
A43: Transporte de materiales - t | J43: 0.8 | L43: ='[170]2.1 ANA TRANS PAGA '!N64 -> 58862 | N43: =J43*L43 -> 47089.6
A45: SUBTOTAL $ | N45: =SUM(N43:N44) -> 47089.6
A46: IV. MANO DE OBRA
A49: TRABAJADOR | I49: JORNAL | J49: PRESTACIONES | K49: JORNAL TOTAL | L49: RENDIMIENTO | N49: Vr. UNITARIO
A50: Ayudante construcción 1 | K50: 11828 | L50: 2 | N50: =K50*L50 -> 23656
N51: =K51*L51 -> 0
N52: =K52*L52 -> 0
N53: =K53*L53 -> 0
A54: SUBTOTAL $ | N54: =SUM(N50:N53) -> 23656
A56: TOTAL COSTO DIRECTO $ | N56: =ROUND(+N30+N38+N45+N54,0) -> 842212 | O56: =(+N30+N38+N45+N54) -> 842211.6
A57: V. COSTOS INDIRECTOS
A60: Descripción | K60: Porcentaje | L60: Valor Total
A61: ADMINISTRACION | K61: 0.28 | L61: =ROUND((N56*K61),0) -> 235819 | M61: =ROUND((J61*K61),0) -> 0 | N61: =+L61 -> 235819
A62: IMPREVISTOS | K62: 0.01 | L62: =ROUND((N56*K62),0) -> 8422 | M62: =ROUND((J62*K62),0) -> 0 | N62: =+L62 -> 8422
A63: UTILIDAD | K63: 0.05 | L63: =ROUND((N56*K63),0) -> 42111 | M63: =ROUND((J63*K63),0) -> 0 | N63: =+L63 -> 42111
A64: SUBTOTAL $ | N64: =ROUND(SUM(N61:N63),0) -> 286352
A66: Precio Unitario Total Aproximado al peso $ | N66: =+N56+N64 -> 1128564
F69: Firma
F70: Nombre: | G70: DEISY JOHANNA RAMIREZ LEGUIZAMON
F71: Profesional de apoyo S.P.O.P
F72: Matricula No. :
A74: OBSERVACIONES INTERVENTORÍA O SUPERVISIÓN
A78: APROBACIÓN POR LA INTERVENTORÍA O SUPERVISIÓN
A79: Nota 1: Cuando se trate de análisis de precios unitarios correspondientes a ítems de la propuesta económica aprobada, el interventor o supervisor aprueba el desglose de los componentes manteniendo el mismo precio unitario de cada ítem, cumpliendo con las especificaciones de construcción vigentes para el proyecto.
A81: Nota 2: Cuando se trate de Análisis de precios unitarios de ítems no previstos, el Interventor aprueba el desglose y precio unitario de cada ítem no previsto, exigiendo la aplicación de los costos correspondientes a insumos y tarifas de la propuesta económica inicial cuando estén contemplados, cumpliendo con las especificaciones de construcción vigente para el proyecto.
F84: Firma
F85: Nombre: | G85: MONICA YULIETH RODRIGUEZ TORRES
F86: Secretaria de Planeacion y Obras Publicas
F87: Matricula No. :

Sheet 2.1 ANA TRANS PAGA 
A1: Formulario 1 - Propuesta económica - Documento tipo de licitación de obra pública de infraestructura de transporte - versión 4
A2: Código | B2: CCE-EICP-FM-14 | C2: Versión | D2: 4
A3: FORMULARIO 1
A4: PRESUPUESTO OFICIAL
A6: [La entidad podrá utilizar este formato para la presentación de los análisis de precios unitarios del contratista en la oportunidad prevista en el numeral 8.2. del Documento Base]
C8: ALCALDIA MUNICIPAL DE SABANALARGA - CASANARE
K9: VERSIÓN
C11: ANALISIS DE PRECIOS UNITARIOS | K11: PÁGINA | L11: 1 | M11: DE | N11: 1
K14: FECHA | L14: DD | M14: MM | N14: AA
A16: ÍTEMS DE LA PROPUESTA ECONÓMICA | H16: ÍTEMS NO PREVISTOS
A19: =[170]PAGA!D4 -> PROGRAMA GESTIÓN HIDRICA
A20: DATOS ESPECÍFICOS
A22: ÍTEM | B22: 2.1 | C22: Transporte de materiales - t | L22: UNIDAD | N22: CANTIDAD
B23: 5.144 | L23: t
A24: I. EQUIPO
A27: DESCRIPCIÓN | G27: MARCA | I27: TIPO | K27: TARIFA/HORA | L27: RENDIMIENTO | N27: Vr. UNITARIO
N28: =+K28*L28 -> 0
A30: SUBTOTAL $ | N30: =ROUND(SUM(N28:N29),0) -> 0
A31: II. MATERIALES
A34: DESCRIPCIÓN | J34: UNIDAD | K34: CANTIDAD | L34: PRECIO UNIT. | N34: Vr. UNITARIO
N35: =ROUND((K35*L35),0) -> 0
A36: SUBTOTAL $ | N36: =ROUND(SUM(N35:N35),0) -> 0
A37: III. TRANSPORTES
A40: MATERIAL | I40: VOL. o PESO | J40: DISTANCIA | K40: M3 o Ton/Km | L40: TARIFA | N40: Vr. UNITARIO
A41: Transporte por peso en vía (sin pavimentar) | J41: 49.2 | K41: t-km | L41: 685 | N41: =J41*L41 -> 33702
A42: Transporte por peso en vía (pavimentada) | J42: 1.8 | K42: t-km | L42: 429 | N42: =J42*L42 -> 772.2
A43: Transporte por peso en vía (sin.pav-montaña) | J43: 7 | K43: t-km | L43: 3484 | N43: =J43*L43 -> 24388
A44: SUBTOTAL $ | N44: =SUM(N41:N43) -> 58862.2
A45: IV. MANO DE OBRA
A48: TRABAJADOR | I48: JORNAL | J48: PRESTACIONES | K48: JORNAL TOTAL | L48: RENDIMIENTO | N48: Vr. UNITARIO
N49: =ROUND((K49*L49),0) -> 0
A51: SUBTOTAL $ | N51: =SUM(N49:N50) -> 0
A53: TOTAL COSTO DIRECTO $ | N53: =ROUND(+N30+N36+N44+N51,0) -> 58862
A54: V. COSTOS INDIRECTOS
A57: Descripción | K57: Porcentaje | L57: Valor Total
A58: ADMINISTRACION | K58: 0.28 | N58: =+L58 -> 0
A59: IMPREVISTOS | K59: 0.01 | N59: =+L59 -> 0
A60: UTILIDAD | K60: 0.05 | N60: =+L60 -> 0
A61: SUBTOTAL $ | N61: =ROUND(SUM(N58:N60),0) -> 0
A63: Precio Unitario Total Aproximado al peso $ | N63: =+N53+N61 -> 58862
F66: Firma
F67: Nombre: | G67: DEISY JOHANNA RAMIREZ LEGUIZAMON
F68: Profesional de apoyo S.P.O.P
F69: Matricula No. :
A71: OBSERVACIONES INTERVENTORÍA O SUPERVISIÓN
A73: APROBACIÓN POR LA INTERVENTORÍA O SUPERVISIÓN
A74: Nota 1: Cuando se trate de análisis de precios unitarios correspondientes a ítems de la propuesta económica aprobada, el interventor o supervisor aprueba el desglose de los componentes manteniendo el mismo precio unitario de cada ítem, cumpliendo con las especificaciones de construcción vigentes para el proyecto.
A76: Nota 2: Cuando se trate de Análisis de precios unitarios de ítems no previstos, el Interventor aprueba el desglose y precio unitario de cada ítem no previsto, exigiendo la aplicación de los costos correspondientes a insumos y tarifas de la propuesta económica inicial cuando estén contemplados, cumpliendo con las especificaciones de construcción vigente para el proyecto.
F79: Firma
F80: Nombre: | G80: MONICA YULIETH RODRIGUEZ TORRES
F81: Secretaria de Planeacion y Obras Publicas
F82: Matricula No. :

Sheet 2.3 APU PAGA 
A1: Formulario 1 - Propuesta económica - Documento tipo de licitación de obra pública de infraestructura de transporte - versión 4
A2: Código | B2: CCE-EICP-FM-14 | C2: Versión | D2: 4
A3: FORMULARIO 1
A4: PRESUPUESTO OFICIAL
A6: [La entidad podrá utilizar este formato para la presentación de los análisis de precios unitarios del contratista en la oportunidad prevista en el numeral 8.2. del Documento Base]
C8: ALCALDIA MUNICIPAL DE SABANALARGA - CASANARE
K9: VERSIÓN
C11: ANALISIS DE PRECIOS UNITARIOS | K11: PÁGINA | L11: 1 | M11: DE | N11: 1
K14: FECHA | L14: DD | M14: MM | N14: AA
A16: ÍTEMS DE LA PROPUESTA ECONÓMICA | H16: ÍTEMS NO PREVISTOS
A19: PROGRAMA ACTIVIDADES CONSTRUCTIVAS
A20: DATOS ESPECÍFICOS
A22: ÍTEM | B22: 2.3 | C22: Mantenimiento punto ecologico en frente de obra | L22: UNIDAD | N22: CANTIDAD
B23: 6.973 | L23: mes
A24: I. EQUIPO
A27: DESCRIPCIÓN | G27: MARCA | I27: TIPO | K27: TARIFA/HORA | L27: RENDIMIENTO | N27: Vr. UNITARIO
A28: Herramienta menor 5% M.O. Ayudante 1 | K28: 591 | L28: 8 | N28: =+K28*L28 -> 4728
N29: =+K29*L29 -> 0
A31: SUBTOTAL $ | N31: =SUM(N28:N30) -> 4728
A32: II. MATERIALES
A35: DESCRIPCIÓN | J35: UNIDAD | K35: CANTIDAD | L35: PRECIO UNIT. | N35: Vr. UNITARIO
A36: Disposicion de residuos | J36: kg | K36: 200 | L36: 122 | N36: =+L36*K36 -> 24400
N37: =+L37*K37 -> 0
A38: SUBTOTAL $ | N38: =SUM(N36:N37) -> 24400
A39: III. TRANSPORTES
A42: MATERIAL | I42: VOL. o PESO | J42: DISTANCIA | K42: M3 o Ton/Km | L42: TARIFA | N42: Vr. UNITARIO
A43: Transporte de residuos solidos en vehiculos especializados - kg | I43: kg | J43: 200 | L43: ='[170]2.3 ANA TRANS PAGA '!N65 -> 1145 | N43: =J43*L43 -> 229000
A45: SUBTOTAL $ | N45: =SUM(N43:N44) -> 229000
A46: IV. MANO DE OBRA
A49: TRABAJADOR | I49: JORNAL | J49: PRESTACIONES | K49: JORNAL TOTAL | L49: RENDIMIENTO | N49: Vr. UNITARIO
A50: Ayudante construcción 1 | I50: h | K50: 11828 | L50: 8 | N50: =K50*L50 -> 94624
N51: =K51*L51 -> 0
N52: =K52*L52 -> 0
N53: =K53*L53 -> 0
A54: SUBTOTAL $ | N54: =SUM(N50:N53) -> 94624
A56: TOTAL COSTO DIRECTO $ | N56: =ROUND(+N31+N38+N45+N54,0) -> 352752 | O56: =(+N31+N38+N45+N54) -> 352752
A57: V. COSTOS INDIRECTOS
A60: Descripción | K60: Porcentaje | L60: Valor Total
A61: ADMINISTRACION | K61: 0.28 | L61: =ROUND((N56*K61),0) -> 98771 | M61: =ROUND((J61*K61),0) -> 0 | N61: =+L61 -> 98771
A62: IMPREVISTOS | K62: 0.01 | L62: =ROUND((N56*K62),0) -> 3528 | M62: =ROUND((J62*K62),0) -> 0 | N62: =+L62 -> 3528
A63: UTILIDAD | K63: 0.05 | L63: =ROUND((N56*K63),0) -> 17638 | M63: =ROUND((J63*K63),0) -> 0 | N63: =+L63 -> 17638
A64: SUBTOTAL $ | N64: =ROUND(SUM(N61:N63),0) -> 119937
A66: Precio Unitario Total Aproximado al peso $ | N66: =+N56+N64 -> 472689
F69: Firma
F70: Nombre: | G70: DEISY JOHANNA RAMIREZ LEGUIZAMON
F71: Profesional de apoyo S.P.O.P
F72: Matricula No. :
A74: OBSERVACIONES INTERVENTORÍA O SUPERVISIÓN
A78: APROBACIÓN POR LA INTERVENTORÍA O SUPERVISIÓN
A79: Nota 1: Cuando se trate de análisis de precios unitarios correspondientes a ítems de la propuesta económica aprobada, el interventor o supervisor aprueba el desglose de los componentes manteniendo el mismo precio unitario de cada ítem, cumpliendo con las especificaciones de construcción vigentes para el proyecto.
A81: Nota 2: Cuando se trate de Análisis de precios unitarios de ítems no previstos, el Interventor aprueba el desglose y precio unitario de cada ítem no previsto, exigiendo la aplicación de los costos correspondientes a insumos y tarifas de la propuesta económica inicial cuando estén contemplados, cumpliendo con las especificaciones de construcción vigente para el proyecto.
F84: Firma
F85: Nombre: | G85: MONICA YULIETH RODRIGUEZ TORRES
F86: Secretaria de Planeacion y Obras Publicas
F87: Matricula No. :

Sheet 2.3 ANA TRANS PAGA 
A1: Formulario 1 - Propuesta económica - Documento tipo de licitación de obra pública de infraestructura de transporte - versión 4
A2: Código | B2: CCE-EICP-FM-14 | C2: Versión | D2: 4
A3: FORMULARIO 1
A4: PRESUPUESTO OFICIAL
A6: [La entidad podrá utilizar este formato para la presentación de los análisis de precios unitarios del contratista en la oportunidad prevista en el numeral 8.2. del Documento Base]
C8: ALCALDIA MUNICIPAL DE SABANALARGA - CASANARE
K9: VERSIÓN
C11: ANALISIS DE PRECIOS UNITARIOS | K11: PÁGINA | L11: 1 | M11: DE | N11: 1
K14: FECHA | L14: DD | M14: MM | N14: AA
A16: ÍTEMS DE LA PROPUESTA ECONÓMICA | H16: ÍTEMS NO PREVISTOS
A19: PROGRAMA ACTIVIDADES CONSTRUCTIVAS
A20: DATOS ESPECÍFICOS
A22: ÍTEM | B22: 2.3 | C22: Transporte de residuos solidos en vehiculos especializados - kg | L22: UNIDAD | N22: CANTIDAD
B23: 7.907 | L23: kg
A24: I. EQUIPO
A27: DESCRIPCIÓN | G27: MARCA | I27: TIPO | K27: TARIFA/HORA | L27: RENDIMIENTO | N27: Vr. UNITARIO
N28: =+K28*L28 -> 0
A29: SUBTOTAL $ | N29: =ROUND(SUM(N28:N28),0) -> 0
A30: II. MATERIALES
A33: DESCRIPCIÓN | J33: UNIDAD | K33: CANTIDAD | L33: PRECIO UNIT. | N33: Vr. UNITARIO
N34: =ROUND((K34*L34),0) -> 0
A36: SUBTOTAL $ | N36: =ROUND(SUM(N34:N34),0) -> 0
A37: III. TRANSPORTES
A40: MATERIAL | I40: VOL. o PESO | J40: DISTANCIA | K40: M3 o Ton/Km | L40: TARIFA | N40: Vr. UNITARIO
A41: Transporte de residuos solidos en vehiculos especializados - kg | I41: Kg-km | J41: 58 | L41: 19.74 | N41: =J41*L41 -> 1144.92
N42: =J42*L42 -> 0
A43: SUBTOTAL $ | N43: =SUM(N41:N42) -> 1144.92
A44: IV. MANO DE OBRA
A47: TRABAJADOR | I47: JORNAL | J47: PRESTACIONES | K47: JORNAL TOTAL | L47: RENDIMIENTO | N47: Vr. UNITARIO
N48: =ROUND((K48*L48),0) -> 0
A50: SUBTOTAL $ | N50: =SUM(N48:N49) -> 0
A52: TOTAL COSTO DIRECTO $ | N52: =ROUND(+N29+N36+N43+N50,0) -> 1145
A53: V. COSTOS INDIRECTOS
A56: Descripción | K56: Porcentaje | L56: Valor Total
A57: ADMINISTRACION | K57: 0.28 | N57: =+L57 -> 0
A58: IMPREVISTOS | K58: 0.01 | N58: =+L58 -> 0
A59: UTILIDAD | K59: 0.05 | N59: =+L59 -> 0
A60: SUBTOTAL $ | N60: =ROUND(SUM(N57:N59),0) -> 0
A62: Precio Unitario Total Aproximado al peso $ | N62: =+N52+N60 -> 1145
F65: Firma
F66: Nombre: | G66: DEISY JOHANNA RAMIREZ LEGUIZAMON
F67: Profesional de apoyo S.P.O.P
F68: Matricula No. :
A70: OBSERVACIONES INTERVENTORÍA O SUPERVISIÓN
A74: APROBACIÓN POR LA INTERVENTORÍA O SUPERVISIÓN
A75: Nota 1: Cuando se trate de análisis de precios unitarios correspondientes a ítems de la propuesta económica aprobada, el interventor o supervisor aprueba el desglose de los componentes manteniendo el mismo precio unitario de cada ítem, cumpliendo con las especificaciones de construcción vigentes para el proyecto.
A77: Nota 2: Cuando se trate de Análisis de precios unitarios de ítems no previstos, el Interventor aprueba el desglose y precio unitario de cada ítem no previsto, exigiendo la aplicación de los costos correspondientes a insumos y tarifas de la propuesta económica inicial cuando estén contemplados, cumpliendo con las especificaciones de construcción vigente para el proyecto.
F80: Firma
F81: Nombre: | G81: MONICA YULIETH RODRIGUEZ TORRES
F82: Secretaria de Planeacion y Obras Publicas
F83: Matricula No. :

Sheet 2.4 APU PAGA 
A1: Formulario 1 - Propuesta económica - Documento tipo de licitación de obra pública de infraestructura de transporte - versión 4
A2: Código | B2: CCE-EICP-FM-14 | C2: Versión | D2: 4
A3: FORMULARIO 1
A4: PRESUPUESTO OFICIAL
A5: [La entidad podrá utilizar este formato para la presentación de los análisis de precios unitarios del contratista en la oportunidad prevista en el numeral 8.2. del Documento Base]
C7: ALCALDIA MUNICIPAL DE SABANALARGA - CASANARE
K8: VERSIÓN
C10: ANALISIS DE PRECIOS UNITARIOS | K10: PÁGINA | L10: 1 | M10: DE | N10: 1
K12: FECHA | L12: DD | M12: MM | N12: AA
A14: ÍTEMS DE LA PROPUESTA ECONÓMICA | H14: ÍTEMS NO PREVISTOS
A16: PROGRAMA ACTIVIDADES CONSTRUCTIVAS
A17: DATOS ESPECÍFICOS
A19: ÍTEM | B19: 2.4 | C19: Punto acopio de residuos, materiales peligrosos y especiales. Incluye suministro e instalacion y desmonte. | L19: UNIDAD | N19: CANTIDAD
B20: 6.974 | L20: und
A21: I. EQUIPO
A24: DESCRIPCIÓN | G24: MARCA | I24: TIPO | K24: TARIFA/HORA | L24: RENDIMIENTO | N24: Vr. UNITARIO
A25: Herramienta menor 10% M.O. AA | K25: 2882 | L25: 10 | N25: =+K25*L25 -> 28820
N26: =+K26*L26 -> 0
A27: SUBTOTAL $ | N27: =SUM(N25:N26) -> 28820
A28: II. MATERIALES
A31: DESCRIPCIÓN | J31: UNIDAD | K31: CANTIDAD | L31: PRECIO UNIT. | N31: Vr. UNITARIO
A32: Amarre teja tapa metalica 26 cm cal. 18 | J32: und | K32: 36 | L32: 379 | N32: =+L32*K32 -> 13644
A33: Caneca usada 55 galones (reciclada) | J33: und | K33: 2 | L33: 98750 | N33: =+L33*K33 -> 197500
A34: Lona polietileno para cerramiento verde ancho 2.10 m | J34: m | K34: 16 | L34: 3368 | N34: =+L34*K34 -> 53888
A35: Liston ordinario 0.05 x 0.05 | J35: m | K35: 22 | L35: 4892 | N35: =ROUND((K35*L35),0) -> 107624
A36: Teja zinc 3.05 x 0.82 C-35 o 17 mm | J36: und | K36: 6 | L36: 35875 | N36: =ROUND((K36*L36),0) -> 215250
A37: Alambre galvanizado No. 12 | J37: kg | K37: 2 | L37: 10690 | N37: =ROUND((K37*L37),0) -> 21380
A38: Puntilla con cabeza 2 1/2" | J38: lb | K38: 0.5 | L38: 5668 | N38: =ROUND((K38*L38),0) -> 2834
A39: Cinta de Señalizacion - peligro no pase - | J39: m | K39: 50 | L39: 77 | N39: =ROUND((K39*L39),0) -> 3850
A40: Estacon de Madera Ø=10 cm o Vara rolliza | J40: m | K40: 8.8 | L40: 21420 | N40: =ROUND((K40*L40),0) -> 188496
A41: Estiba de madera 1.4 x 0.7 o 1.2 x 1.0 x 0.14 m | J41: und | K41: 2 | L41: 40000 | N41: =ROUND((K41*L41),0) -> 80000
A42: SUBTOTAL $ | N42: =SUM(N32:N41) -> 884466
A43: III. TRANSPORTES
A46: MATERIAL | I46: VOL. o PESO | J46: DISTANCIA | K46: M3 o Ton/Km | L46: TARIFA | N46: Vr. UNITARIO
N47: =J47*L47 -> 0
A48: SUBTOTAL $ | N48: =SUM(N47:N47) -> 0
A49: IV. MANO DE OBRA
A52: TRABAJADOR | I52: JORNAL | J52: PRESTACIONES | K52: JORNAL TOTAL | L52: RENDIMIENTO | N52: Vr. UNITARIO
A53: Cuadrilla AA (Albañileria) | I53: h | K53: 10 | L53: 28817 | N53: =K53*L53 -> 288170
N54: =K54*L54 -> 0
A55: SUBTOTAL $ | N55: =SUM(N53:N54) -> 288170
A57: TOTAL COSTO DIRECTO $ | N57: =ROUND(+N27+N42+N48+N55,0) -> 1201456 | O57: =(+N27+N42+N48+N55) -> 1201456
A58: V. COSTOS INDIRECTOS
A61: Descripción | K61: Porcentaje | L61: Valor Total
A62: ADMINISTRACION | K62: 0.28 | L62: =ROUND((N57*K62),0) -> 336408 | M62: =ROUND((J62*K62),0) -> 0 | N62: =+L62 -> 336408
A63: IMPREVISTOS | K63: 0.01 | L63: =ROUND((N57*K63),0) -> 12015 | M63: =ROUND((J63*K63),0) -> 0 | N63: =+L63 -> 12015
A64: UTILIDAD | K64: 0.05 | L64: =ROUND((N57*K64),0) -> 60073 | M64: =ROUND((J64*K64),0) -> 0 | N64: =+L64 -> 60073
A65: SUBTOTAL $ | N65: =ROUND(SUM(N62:N64),0) -> 408496
A66: Precio Unitario Total Aproximado al peso $ | N66: =+N57+N65 -> 1609952
F68: Firma
F69: Nombre: | G69: DEISY JOHANNA RAMIREZ LEGUIZAMON
F70: Profesional de apoyo S.P.O.P
F71: Matricula No. :
A73: OBSERVACIONES INTERVENTORÍA O SUPERVISIÓN
A75: APROBACIÓN POR LA INTERVENTORÍA O SUPERVISIÓN
A76: Nota 1: Cuando se trate de análisis de precios unitarios correspondientes a ítems de la propuesta económica aprobada, el interventor o supervisor aprueba el desglose de los componentes manteniendo el mismo precio unitario de cada ítem, cumpliendo con las especificaciones de construcción vigentes para el proyecto.
A78: Nota 2: Cuando se trate de Análisis de precios unitarios de ítems no previstos, el Interventor aprueba el desglose y precio unitario de cada ítem no previsto, exigiendo la aplicación de los costos correspondientes a insumos y tarifas de la propuesta económica inicial cuando estén contemplados, cumpliendo con las especificaciones de construcción vigente para el proyecto.
F81: Firma
F82: Nombre: | G82: MONICA YULIETH RODRIGUEZ TORRES
F83: Secretaria de Planeacion y Obras Publicas
F84: Matricula No. :

Sheet 2.5 APU PAGA
A1: Formulario 1 - Propuesta económica - Documento tipo de licitación de obra pública de infraestructura de transporte - versión 4
A2: Código | B2: CCE-EICP-FM-14 | C2: Versión | D2: 4
A3: FORMULARIO 1
A4: PRESUPUESTO OFICIAL
A6: [La entidad podrá utilizar este formato para la presentación de los análisis de precios unitarios del contratista en la oportunidad prevista en el numeral 8.2. del Documento Base]
C8: ALCALDIA MUNICIPAL DE SABANALARGA - CASANARE
K9: VERSIÓN
C11: ANALISIS DE PRECIOS UNITARIOS | K11: PÁGINA | L11: 1 | M11: DE | N11: 1
K13: FECHA | L13: DD | M13: MM | N13: AA
A15: ÍTEMS DE LA PROPUESTA ECONÓMICA | H15: ÍTEMS NO PREVISTOS
A18: PROGRAMA ACTIVIDADES CONSTRUCTIVAS
A19: DATOS ESPECÍFICOS
A21: ÍTEM | B21: 2.5 | C21: Mantenimiento punto acopio de residuos, materiales peligrosos y especiales | L21: UNIDAD | N21: CANTIDAD
B22: 6975
A23: I. EQUIPO
A26: DESCRIPCIÓN | G26: MARCA | I26: TIPO | K26: TARIFA/HORA | L26: RENDIMIENTO | N26: Vr. UNITARIO
A27: Herramienta menor 5% M.O. Ayudante 1 | K27: 591 | L27: 13 | N27: =+K27*L27 -> 7683
N28: =+K28*L28 -> 0
A29: SUBTOTAL $ | N29: =SUM(N27:N28) -> 7683
A30: II. MATERIALES
A33: DESCRIPCIÓN | J33: UNIDAD | K33: CANTIDAD | L33: PRECIO UNIT. | N33: Vr. UNITARIO
N34: =+L34*K34 -> 0
A36: SUBTOTAL $ | N36: =SUM(N34:N35) -> 0
A37: III. TRANSPORTES
A40: MATERIAL | I40: VOL. o PESO | J40: DISTANCIA | K40: M3 o Ton/Km | L40: TARIFA | N40: Vr. UNITARIO
N41: =+L41*K41 -> 0
A43: SUBTOTAL $ | N43: =SUM(N41:N42) -> 0
A44: IV. MANO DE OBRA
A47: TRABAJADOR | I47: JORNAL | J47: PRESTACIONES | K47: JORNAL TOTAL | L47: RENDIMIENTO | N47: Vr. UNITARIO
A48: Ayudante de construccion 1 | I48: h | K48: 11828 | L48: 13 | N48: =ROUND((K48*L48),0) -> 153764
N49: =ROUND((K49*L49),0) -> 0
N50: =ROUND((K50*L50),0) -> 0
A52: SUBTOTAL $ | N52: =SUM(N48:N51) -> 153764
A54: TOTAL COSTO DIRECTO $ | N54: =ROUND(+N29+N36+N43+N52,0) -> 161447 | O54: =(+N29+N36+N43+N52) -> 161447
A55: V. COSTOS INDIRECTOS
A58: Descripción | K58: Porcentaje | L58: Valor Total
A59: ADMINISTRACION | K59: 0.28 | L59: =ROUND((N54*K59),0) -> 45205 | M59: =ROUND((J59*K59),0) -> 0 | N59: =+L59 -> 45205
A60: IMPREVISTOS | K60: 0.01 | L60: =ROUND((N54*K60),0) -> 1614 | M60: =ROUND((J60*K60),0) -> 0 | N60: =+L60 -> 1614
A61: UTILIDAD | K61: 0.05 | L61: =ROUND((N54*K61),0) -> 8072 | M61: =ROUND((J61*K61),0) -> 0 | N61: =+L61 -> 8072
A62: SUBTOTAL $ | N62: =ROUND(SUM(N59:N61),0) -> 54891
A64: Precio Unitario Total Aproximado al peso $ | N64: =+N54+N62 -> 216338
F67: Firma
F68: Nombre: | G68: DEISY JOHANNA RAMIREZ LEGUIZAMON
F69: Profesional de apoyo S.P.O.P
F70: Matricula No. :
A72: OBSERVACIONES INTERVENTORÍA O SUPERVISIÓN
A75: APROBACIÓN POR LA INTERVENTORÍA O SUPERVISIÓN
A76: Nota 1: Cuando se trate de análisis de precios unitarios correspondientes a ítems de la propuesta económica aprobada, el interventor o supervisor aprueba el desglose de los componentes manteniendo el mismo precio unitario de cada ítem, cumpliendo con las especificaciones de construcción vigentes para el proyecto.
A78: Nota 2: Cuando se trate de Análisis de precios unitarios de ítems no previstos, el Interventor aprueba el desglose y precio unitario de cada ítem no previsto, exigiendo la aplicación de los costos correspondientes a insumos y tarifas de la propuesta económica inicial cuando estén contemplados, cumpliendo con las especificaciones de construcción vigente para el proyecto.
F81: Firma
F82: Nombre: | G82: MONICA YULIETH RODRIGUEZ TORRES
F83: Secretaria de Planeacion y Obras Publicas
F84: Matricula No. :

Sheet 2.6 APU PAGA
A1: Formulario 1 - Propuesta económica - Documento tipo de licitación de obra pública de infraestructura de transporte - versión 4
A2: Código | B2: CCE-EICP-FM-14 | C2: Versión | D2: 4
A3: FORMULARIO 1
A4: PRESUPUESTO OFICIAL
A6: [La entidad podrá utilizar este formato para la presentación de los análisis de precios unitarios del contratista en la oportunidad prevista en el numeral 8.2. del Documento Base]
C8: ALCALDIA MUNICIPAL DE SABANALARGA - CASANARE
K9: VERSIÓN
C11: ANALISIS DE PRECIOS UNITARIOS | K11: PÁGINA | L11: 1 | M11: DE | N11: 1
K14: FECHA | L14: DD | M14: MM | N14: AA
A16: ÍTEMS DE LA PROPUESTA ECONÓMICA | H16: ÍTEMS NO PREVISTOS
A19: PROGRAMA ACTIVIDADES CONSTRUCTIVAS
A20: DATOS ESPECÍFICOS
A22: ÍTEM | B22: 2.6 | C22: Gestion final de RESPEL | L22: UNIDAD | N22: CANTIDAD
B23: 3.223 | L23: mes
A24: I. EQUIPO
A27: DESCRIPCIÓN | G27: MARCA | I27: TIPO | K27: TARIFA/HORA | L27: RENDIMIENTO | N27: Vr. UNITARIO
N28: =+K28*L28 -> 0
A29: SUBTOTAL $ | N29: =SUM(N28:N28) -> 0
A30: II. MATERIALES
A33: DESCRIPCIÓN | J33: UNIDAD | K33: CANTIDAD | L33: PRECIO UNIT. | N33: Vr. UNITARIO
A34: Tratamiento y disposicion final - residuos solidos | J34: kg | K34: 110 | L34: 4100 | N34: =+L34*K34 -> 451000
N35: =+L35*K35 -> 0
N36: =ROUND((K36*L36),0) -> 0
A38: SUBTOTAL $ | N38: =SUM(N34:N37) -> 451000
A39: III. TRANSPORTES
A42: MATERIAL | I42: VOL. o PESO | J42: DISTANCIA | K42: M3 o Ton/Km | L42: TARIFA | N42: Vr. UNITARIO
A43: Transporte de residuos solidos en vehiculos especializados - kg | I43: kg | J43: 110 | L43: ='[170]2.3 ANA TRANS PAGA '!N65 -> 1145 | N43: =J43*L43 -> 125950
A45: SUBTOTAL $ | N45: =SUM(N43:N44) -> 125950
A46: IV. MANO DE OBRA
A49: TRABAJADOR | I49: JORNAL | J49: PRESTACIONES | K49: JORNAL TOTAL | L49: RENDIMIENTO | N49: Vr. UNITARIO
N50: =ROUND((K50*L50),0) -> 0
A52: SUBTOTAL $ | N52: =SUM(N50:N51) -> 0
A54: TOTAL COSTO DIRECTO $ | N54: =ROUND(+N29+N38+N45+N52,0) -> 576950 | O54: =(+N29+N38+N45+N52) -> 576950
A55: V. COSTOS INDIRECTOS
A58: Descripción | K58: Porcentaje | L58: Valor Total
A59: ADMINISTRACION | K59: 0.28 | L59: =ROUND((N54*K59),0) -> 161546 | M59: =ROUND((J59*K59),0) -> 0 | N59: =+L59 -> 161546
A60: IMPREVISTOS | K60: 0.01 | L60: =ROUND((N54*K60),0) -> 5770 | M60: =ROUND((J60*K60),0) -> 0 | N60: =+L60 -> 5770
A61: UTILIDAD | K61: 0.05 | L61: =ROUND((N54*K61),0) -> 28848 | M61: =ROUND((J61*K61),0) -> 0 | N61: =+L61 -> 28848
A62: SUBTOTAL $ | N62: =ROUND(SUM(N59:N61),0) -> 196164
A64: Precio Unitario Total Aproximado al peso $ | N64: =+N54+N62 -> 773114
F67: Firma
F68: Nombre: | G68: DEISY JOHANNA RAMIREZ LEGUIZAMON
F69: Profesional de apoyo S.P.O.P
F70: Matricula No. :
A72: OBSERVACIONES INTERVENTORÍA O SUPERVISIÓN
A76: APROBACIÓN POR LA INTERVENTORÍA O SUPERVISIÓN
A77: Nota 1: Cuando se trate de análisis de precios unitarios correspondientes a ítems de la propuesta económica aprobada, el interventor o supervisor aprueba el desglose de los componentes manteniendo el mismo precio unitario de cada ítem, cumpliendo con las especificaciones de construcción vigentes para el proyecto.
A79: Nota 2: Cuando se trate de Análisis de precios unitarios de ítems no previstos, el Interventor aprueba el desglose y precio unitario de cada ítem no previsto, exigiendo la aplicación de los costos correspondientes a insumos y tarifas de la propuesta económica inicial cuando estén contemplados, cumpliendo con las especificaciones de construcción vigente para el proyecto.
F82: Firma
F83: Nombre: | G83: MONICA YULIETH RODRIGUEZ TORRES
F84: Secretaria de Planeacion y Obras Publicas
F85: Matricula No. :

Sheet 2.7 APU PAGA
A1: Formulario 1 - Propuesta económica - Documento tipo de licitación de obra pública de infraestructura de transporte - versión 4
A2: Código | B2: CCE-EICP-FM-14 | C2: Versión | D2: 4
A3: FORMULARIO 1
A4: PRESUPUESTO OFICIAL
A6: [La entidad podrá utilizar este formato para la presentación de los análisis de precios unitarios del contratista en la oportunidad prevista en el numeral 8.2. del Documento Base]
C8: ALCALDIA MUNICIPAL DE SABANALARGA - CASANARE
K9: VERSIÓN
C11: ANALISIS DE PRECIOS UNITARIOS | K11: PÁGINA | L11: 1 | M11: DE | N11: 1
K14: FECHA | L14: DD | M14: MM | N14: AA
A16: ÍTEMS DE LA PROPUESTA ECONÓMICA | H16: ÍTEMS NO PREVISTOS
A19: PROGRAMA ACTIVIDADES CONSTRUCTIVAS - PAGA
A20: DATOS ESPECÍFICOS
A22: ÍTEM | B22: 2.7 | C22: Sitio de acopio temporal de residuos, escombros y desperdicios de 4.0 x 4.0 m, incluye instalacion y desmonte. | L22: UNIDAD | N22: CANTIDAD
B23: 5.24 | L23: und
A24: I. EQUIPO
A27: DESCRIPCIÓN | G27: MARCA | I27: TIPO | K27: TARIFA/HORA | L27: RENDIMIENTO | N27: Vr. UNITARIO
A28: Herramienta menor 10% M.O. AA | K28: 2882 | L28: 7 | N28: =+K28*L28 -> 20174
A30: SUBTOTAL $ | N30: =SUM(N28:N29) -> 20174
A31: II. MATERIALES
A34: DESCRIPCIÓN | J34: UNIDAD | K34: CANTIDAD | L34: PRECIO UNIT. | N34: Vr. UNITARIO
A35: Lona polietileno para cerramiento verde ancho 2.10 m | J35: m | K35: 18 | L35: 3368 | N35: =+L35*K35 -> 60624
A36: Alambre galvanizado No. 12 | J36: kg | K36: 1 | L36: 10690 | N36: =+L36*K36 -> 10690
A37: Puntilla con cabeza 2 1/2" | J37: lb | K37: 0.2 | L37: 5668 | N37: =+L37*K37 -> 1133.6
A38: Cinta de Señalizacion - peligro no pase - | J38: m | K38: 50 | L38: 77 | N38: =ROUND((K38*L38),0) -> 3850
A39: Estacon de Madera Ø=10 cm o Vara rolliza | J39: m | K39: 8.8 | L39: 21420 | N39: =ROUND((K39*L39),0) -> 188496
A41: SUBTOTAL $ | N41: =SUM(N35:N40) -> 264793.6
A42: III. TRANSPORTES
A45: MATERIAL | I45: VOL. o PESO | J45: DISTANCIA | K45: M3 o Ton/Km | L45: TARIFA | N45: Vr. UNITARIO
N46: =+L46*K46 -> 0
A48: SUBTOTAL $ | N48: =SUM(N46:N47) -> 0
A49: IV. MANO DE OBRA
A52: TRABAJADOR | I52: JORNAL | J52: PRESTACIONES | K52: JORNAL TOTAL | L52: RENDIMIENTO | N52: Vr. UNITARIO
A53: Cuadrilla AA (Albañileria) | I53: h | K53: 28817 | L53: 7 | N53: =ROUND((K53*L53),0) -> 201719
N54: =ROUND((K54*L54),0) -> 0
A55: SUBTOTAL $ | N55: =SUM(N53:N54) -> 201719
A57: TOTAL COSTO DIRECTO $ | N57: =ROUND(+N30+N41+N48+N55,0) -> 486687 | O57: =(+N30+N41+N48+N55) -> 486686.6
A58: V. COSTOS INDIRECTOS
A61: Descripción | K61: Porcentaje | L61: Valor Total
A62: ADMINISTRACION | K62: 0.28 | L62: =ROUND((N57*K62),0) -> 136272 | M62: =ROUND((J62*K62),0) -> 0 | N62: =+L62 -> 136272
A63: IMPREVISTOS | K63: 0.01 | L63: =ROUND((N57*K63),0) -> 4867 | M63: =ROUND((J63*K63),0) -> 0 | N63: =+L63 -> 4867
A64: UTILIDAD | K64: 0.05 | L64: =ROUND((N57*K64),0) -> 24334 | M64: =ROUND((J64*K64),0) -> 0 | N64: =+L64 -> 24334
A65: SUBTOTAL $ | N65: =ROUND(SUM(N62:N64),0) -> 165473
A67: Precio Unitario Total Aproximado al peso $ | N67: =+N57+N65 -> 652160
F70: Firma
F71: Nombre: | G71: DEISY JOHANNA RAMIREZ LEGUIZAMON
F72: Profesional de apoyo S.P.O.P
F73: Matricula No. :
A75: OBSERVACIONES INTERVENTORÍA O SUPERVISIÓN
A77: APROBACIÓN POR LA INTERVENTORÍA O SUPERVISIÓN
A78: Nota 1: Cuando se trate de análisis de precios unitarios correspondientes a ítems de la propuesta económica aprobada, el interventor o supervisor aprueba el desglose de los componentes manteniendo el mismo precio unitario de cada ítem, cumpliendo con las especificaciones de construcción vigentes para el proyecto.
A80: Nota 2: Cuando se trate de Análisis de precios unitarios de ítems no previstos, el Interventor aprueba el desglose y precio unitario de cada ítem no previsto, exigiendo la aplicación de los costos correspondientes a insumos y tarifas de la propuesta económica inicial cuando estén contemplados, cumpliendo con las especificaciones de construcción vigente para el proyecto.
F83: Firma
F84: Nombre: | G84: MONICA YULIETH RODRIGUEZ TORRES
F85: Secretaria de Planeacion y Obras Publicas
F86: Matricula No. :

Sheet 2.8 APU PAGA
A1: Formulario 1 - Propuesta económica - Documento tipo de licitación de obra pública de infraestructura de transporte - versión 4
A2: Código | B2: CCE-EICP-FM-14 | C2: Versión | D2: 4
A3: FORMULARIO 1
A4: PRESUPUESTO OFICIAL
A5: [La entidad podrá utilizar este formato para la presentación de los análisis de precios unitarios del contratista en la oportunidad prevista en el numeral 8.2. del Documento Base]
C7: ALCALDIA MUNICIPAL DE SABANALARGA - CASANARE
K8: VERSIÓN
C10: ANALISIS DE PRECIOS UNITARIOS | K10: PÁGINA | L10: 1 | M10: DE | N10: 1
K12: FECHA | L12: DD | M12: MM | N12: AA
A14: ÍTEMS DE LA PROPUESTA ECONÓMICA | H14: ÍTEMS NO PREVISTOS
A16: PROGRAMA ACTIVIDADES CONSTRUCTIVAS - PAGA
A17: DATOS ESPECÍFICOS
A19: ÍTEM | B19: 2.8 | C19: Punto acopio de materiales de construccion. Incluye suministro, instalacion y desmonte | L19: UNIDAD | N19: CANTIDAD
B20: 5.46 | L20: und
A21: I. EQUIPO
A24: DESCRIPCIÓN | G24: MARCA | I24: TIPO | K24: TARIFA/HORA | L24: RENDIMIENTO | N24: Vr. UNITARIO
A25: Herramienta menor 10% M.O. AA | K25: 2882 | L25: 10 | N25: =+K25*L25 -> 28820
A26: SUBTOTAL $ | N26: =SUM(N25:N25) -> 28820
A27: II. MATERIALES
A30: DESCRIPCIÓN | J30: UNIDAD | K30: CANTIDAD | L30: PRECIO UNIT. | N30: Vr. UNITARIO
A31: Amarre teja tapa metalica 26 cm cal. 18 | J31: und | K31: 36 | L31: 379 | N31: =+L31*K31 -> 13644
A32: Lona polietileno para cerramiento verde ancho 2.10 m | J32: m | K32: 16 | L32: 3368 | N32: =+L32*K32 -> 53888
A33: Liston ordinario 0.05 x 0.05 | J33: m | K33: 22 | L33: 4892 | N33: =+L33*K33 -> 107624
A34: Teja zinc 3.05 x 0.80/0.82 C-34/35 o 17/20 mm | J34: und | K34: 6 | L34: 35875 | N34: =ROUND((K34*L34),0) -> 215250
A35: Alambre galvanizado No. 12 | J35: kg | K35: 2 | L35: 10690 | N35: =ROUND((K35*L35),0) -> 21380
A36: Puntilla con cabeza 2 1/2" | J36: lb | K36: 0.5 | L36: 5668 | N36: =ROUND((K36*L36),0) -> 2834
A37: Cinta de Señalizacion - peligro no pase - | J37: m | K37: 30 | L37: 77 | N37: =ROUND((K37*L37),0) -> 2310
A38: Estacon de Madera Ø=10 cm o Vara rolliza | J38: m | K38: 8.8 | L38: 21420 | N38: =ROUND((K38*L38),0) -> 188496
A39: Estiba de madera a x l (1.0 x 1.0/1.20 m) | J39: und | K39: 6 | L39: 40000 | N39: =ROUND((K39*L39),0) -> 240000
A40: SUBTOTAL $ | N40: =SUM(N31:N39) -> 845426
A41: III. TRANSPORTES
A44: MATERIAL | I44: VOL. o PESO | J44: DISTANCIA | K44: M3 o Ton/Km | L44: TARIFA | N44: Vr. UNITARIO
N45: =+L45*K45 -> 0
A46: SUBTOTAL $ | N46: =SUM(N45:N45) -> 0
A47: IV. MANO DE OBRA
A50: TRABAJADOR | I50: JORNAL | J50: PRESTACIONES | K50: JORNAL TOTAL | L50: RENDIMIENTO | N50: Vr. UNITARIO
A51: Cuadrilla AA (Albañileria) | K51: 10 | L51: 28817 | N51: =ROUND((K51*L51),0) -> 288170
N52: =ROUND((K52*L52),0) -> 0
A53: SUBTOTAL $ | N53: =SUM(N51:N52) -> 288170
A55: TOTAL COSTO DIRECTO $ | N55: =ROUND(+N26+N40+N46+N53,0) -> 1162416 | O55: =(+N26+N40+N46+N53) -> 1162416
A56: V. COSTOS INDIRECTOS
A59: Descripción | K59: Porcentaje | L59: Valor Total
A60: ADMINISTRACION | K60: 0.28 | L60: =ROUND((N55*K60),0) -> 325476 | M60: =ROUND((J60*K60),0) -> 0 | N60: =+L60 -> 325476
A61: IMPREVISTOS | K61: 0.01 | L61: =ROUND((N55*K61),0) -> 11624 | M61: =ROUND((J61*K61),0) -> 0 | N61: =+L61 -> 11624
A62: UTILIDAD | K62: 0.05 | L62: =ROUND((N55*K62),0) -> 58121 | M62: =ROUND((J62*K62),0) -> 0 | N62: =+L62 -> 58121
A63: SUBTOTAL $ | N63: =ROUND(SUM(N60:N62),0) -> 395221
A64: Precio Unitario Total Aproximado al peso $ | N64: =+N55+N63 -> 1557637
F66: Firma
F67: Nombre: | G67: DEISY JOHANNA RAMIREZ LEGUIZAMON
F68: Profesional de apoyo S.P.O.P
F69: Matricula No. :
A71: OBSERVACIONES INTERVENTORÍA O SUPERVISIÓN
A73: APROBACIÓN POR LA INTERVENTORÍA O SUPERVISIÓN
A74: Nota 1: Cuando se trate de análisis de precios unitarios correspondientes a ítems de la propuesta económica aprobada, el interventor o supervisor aprueba el desglose de los componentes manteniendo el mismo precio unitario de cada ítem, cumpliendo con las especificaciones de construcción vigentes para el proyecto.
A76: Nota 2: Cuando se trate de Análisis de precios unitarios de ítems no previstos, el Interventor aprueba el desglose y precio unitario de cada ítem no previsto, exigiendo la aplicación de los costos correspondientes a insumos y tarifas de la propuesta económica inicial cuando estén contemplados, cumpliendo con las especificaciones de construcción vigente para el proyecto.
F79: Firma
F80: Nombre: | G80: MONICA YULIETH RODRIGUEZ TORRES
F81: Secretaria de Planeacion y Obras Publicas
F82: Matricula No. :

Sheet HOMECENTER

Sheet AIU
D2: REPÚBLICA DE COLOMBIA
D3: DEPARTAMENTO DE CASANARE
D4: ALCALDÍA MUNICIPAL DE SABANALARGA
D5: ANEXO - ANALISIS DE AIU
D6: CONSTRUCCIÓN DE PLACA HUELLA TIPO INVIAS, INCLUYENDO OBRAS DE CONTENCIÓN, DRENAJE Y ACTIVIDADES COMPLEMENTARIAS PARA MEJORAR EL CORREDOR VIAL RURAL EN LA VEREDA SAN ANTONIO, SECTOR CAÑO RICO, MUNICIPIO DE SABANALARGA DEPARTAMENTO DE CASANARE”
C8: Valor estimado del costo directo | G8: =ROUND(G9/1.34,0) -> 380707131
C9: Valor estimado total presupuesto de obra | G9: =+'PRESUPUESTO OFICIAL PLIEGO TIPO'!I54 -> 510147555
C10: Plazo de ejecución estimado (mes) | G10: 1.5
B12: CAPITULO | C12: TIPO DE GASTO | F12: UND | G12: CANT | H12: DEDICACIÓN | I12: SALARIO MENSUAL | J12: FACTOR PRESTACIONAL | K12: TIEMPO | L12: VALOR PARCIAL | M12: TOTAL | N12: % sobre C.D.
B13: 1 | C13: GASTOS GENERALES | M13: =+ROUND(L15+L16,0) -> 19147439 | N13: =M13/G8 -> 0.050294406
B14: 1.1 | C14: PERSONAL | P14: salud | Q14: 0.085
C15: Residente de obra | F15: un | G15: 1 | H15: 1 | I15: 4864795.9 | J15: =+Q23 -> 0.5828 | K15: =+G10 -> 1.5 | L15: =+G15*H15*I15*(1+J15)*K15 -> 11549999 | P15: pensión | Q15: 0.12
C16: Sisoma de Obra | F16: un | G16: 1 | H16: 0.8 | I16: 4000000 | J16: =+J15 -> 0.5828 | K16: 1.5 | L16: =+G16*H16*I16*(1+J16)*K16 -> 7597440 | P16: vacaciones | Q16: 0.0416
B17: 2 | C17: GASTOS INDIRECTOS | I17: , | P17: cesantías | Q17: 0.0833
B18: 2.1 | C18: POLIZAS (% calculados sobre el valor total del contrato) | M18: =+ROUND(L20+L21+L19+L22+L23,0) -> 3417989 | N18: =+M18/G8 -> 0.008978001 | P18: i cesantías | Q18: 0.01
C19: Seriedad de la propuesta | F19: un | G19: 1 | H19: 0.001 | L19: =+G9*H19 -> 510147.55 | P19: riesgos | Q19: 0.0696
C20: Cumplimiento | F20: un | G20: 1 | H20: 0.001 | L20: =+G9*H20 -> 510147.55 | P20: parafiscales | Q20: 0.09
C21: Estabilidad y calidad de la obra | F21: un | G21: 1 | H21: 0.003 | L21: =+G9*H21 -> 1530442.7 | P21: p servicios | Q21: 0.0833
C22: Responsabilidad civil extracontractual | F22: un | G22: 1 | H22: 0.0012 | L22: =+G9*H22 -> 612177.07
C23: Salarios y prestaciones sociales | F23: un | G23: 1 | H23: 0.0005 | L23: =+G9*H23 -> 255073.78 | Q23: =SUM(Q14:Q22) -> 0.5828
B24: 2.2 | C24: INSTALACIONES PROVISIONALES, TRANSPORTES Y GASTOS DE OFICINA | M24: =+ROUND(L26+L27+L25+L28,0) -> 8100000 | N24: =+M24/$G$8 -> 0.021276197
C25: Gastos de papeleria e informes (empastes, copias, impresiones, planos, registro fotografico, videos) | F25: un | G25: 1 | H25: =I25/$G$9 -> 0.0011761303 | I25: 600000 | K25: =G10 -> 1.5 | L25: =+G25*I25*K25 -> 900000
C26: Gastos de Oficina (arriendos, servicios publicos, comunicaciones) | F26: un | G26: 1 | H26: =I26/$G$9 -> 0.0019602172 | I26: 1000000 | K26: =+G10 -> 1.5 | L26: =+G26*I26*K26 -> 1500000
C27: Sistema de Seguridad Industrial/Dotación | F27: un | G27: 1 | H27: =I27/$G$9 -> 0.0039204344 | I27: 2000000 | K27: =G10 -> 1.5 | L27: =+I27*K27*G27 -> 3000000
C28: Ensayos de laboratorio | F28: un | G28: 1 | H28: =I28/$G$9 -> 0.0035283909 | I28: 1800000 | K28: 1.5 | L28: =+I28*K28*G28 -> 2700000
B29: 2.3 | C29: IMPUESTOS, TASAS Y CONTRIBUCIONES (% calculados sobre el valor del contrato) | M29: =+ROUND(L31+L32+L30+L33+L34+L35+L36+L37,0) -> 75932913 | N29: =+M29/$G$8 -> 0.1994523
C30: Estampilla para el fomento y estímulo a la cultura 1% sobre el valor total del contrato. | H30: 0.01 | L30: =+H30*$G$9 -> 5101475.5
C31: Estampilla para el bienestar del adulto mayor 4,2% sobre el valor total del contrato. | H31: 0.042 | L31: =+H31*$G$9 -> 21426197
C32: Tasa pro deporte y recreación 1,5 % sobre el valor total del contrato. | H32: 0.015 | L32: =+H32*$G$9 -> 7652213.3
C33: Estampilla para la justicia familiar 2%, sobre el valor bruto del contrato, es decir, el valor de cada pago sin incluir el IVA. | H33: 0.02 | L33: =+H33*$G$9 -> 10202951
C34: Impuesto de seguridad 5 % sobre el valor total del contrato. | H34: 0.05 | L34: =+H34*$G$9 -> 25507378
C35: Industria y Comercio 10 x 1000 sobre el valor total del contrato. (Régimen de rentas del municipio de Sabanalarga) | H35: 0.01 | L35: =+H35*$G$9 -> 5101475.5
C36: Avisos y tableros 15% del valor liquidado del impuesto de industria y comercio (Régimen de rentas del Municipio de Sabanalarga) | H36: 0.0015 | L36: =+L35*15% -> 765221.33
C37: Estampilla Bomberil 3% de la sumatoria de lo liquidado de industria y comercio y avisos y tableros. | H37: =L37/$G$9 -> 0.000345 | I37: Ind y Com. | L37: =+(L35+L36)*3% -> 176000.91
C38: TOTAL GASTOS ADMINISTRACIÓN | H38: =ROUND(+M38/$G$8,2) -> 0.28 | M38: =ROUND(SUM(M13:M37),0) -> 106598341 | N38: =ROUND(+M38/G8,2) -> 0.28 | P38: =+N13+N18+N24+N29 -> 0.2800009 | Q38: =ROUND(N38*G8,0) -> 106597997
B39: 3 | C39: IMPREVISTOS | H39: 0.01 | M39: =ROUND(+H39*G8,0) -> 3807071 | N39: =+M39/G8 -> 0.0099999992 | Q39: =+Q38+M39+M40 -> 129440425
B40: 4 | C40: UTILIDAD | H40: 0.05 | M40: =ROUND(+H40*G8,0) -> 19035357 | N40: =+M40/G8 -> 0.050000001 | Q40: =+Q39+G8 -> 510147556
C41: TOTAL A.I.U. | H41: =H38+H39+H40 -> 0.34 | M41: =ROUND(+M40+M39+M38,0) -> 129440769 | Q41: =ROUND(M41+G8,0) -> 510147900
C44: Proyectó: | D44: MARCIA LUCERO ALFONSO GAMEZ | K44: Revisó/Aprobó: | L44: MÓNICA YULIETH RODRÍGUEZ TORRES
D45: Profesional de apoyo contratasa A.P.O.P | L45: Secretaria de Planeacion y Obras Publicas

Sheet PRESUPUESTO OFICIAL PLIEGO TIPO
A1: Formulario 1 - Propuesta económica - Documento tipo de licitación de obra pública de infraestructura de transporte - versión 4
A2: Código | B2: CCE-EICP-FM-14 | C2: Versión | D2: 4
G3: Fecha:
B4: ALCALDIA DE SABANALARGA CASANARE
B5: REPUBLICA DE COLOMBIA - DEPARTAMENTO DE CASANARE - MUNICIPIO DE SABANALARGA
A6: FORMULARIO 1
A7: PRESUPUESTO OFICIAL
A8: [La entidad puede utilizar este formulario de detalle del presupuesto oficial para determinar las condiciones bajo las cuales los proponentes analizarán y presentarán su propuesta económica de forma detallada, sin perjuicio que la entidad pueda modificarlo o establecer la presentación de la oferta económica con un formulario distinto al indicado.]
A10: Adicionalmente, cuando el proceso de contratación es estructurado por precios unitarios, la Entidad debe aplicar las notas 1, 2 y 3 del presente formulario y las casillas de "Descripción", "Porcentaje" de la Administración, Imprevisto, Utilidad y total A.I.U. resaltadas en color amarillo. Tratándose de otras modalidades de precio, la Entidad puede o no configurar los mismos aspectos.
A11: OBJETO: CONSTRUCCIÓN DE PLACA HUELLA TIPO INVIAS, INCLUYENDO OBRAS DE CONTENCIÓN, DRENAJE Y ACTIVIDADES COMPLEMENTARIAS PARA MEJORAR EL CORREDOR VIAL RURAL EN LA VEREDA SAN ANTONIO, SECTOR CAÑO RICO, MUNICIPIO DE SABANALARGA DEPARTAMENTO DE CASANARE”
A13: Nº | B13: ÍTEM DE PAGO | C13: ESPECIFICACIONES | E13: DESCRIPCIÓN | F13: UND. | G13: CANTIDAD | H13: VALOR UNITARIO | I13: VALOR TOTAL
C14: GENERAL | D14: PARTICULAR
A15: ESTRUCTURA DE PLACA HUELLA
A16: 100
A17: 1 | B17: 101 | C17: 5.012 | E17: Replanteo y localizacion para vias | F17: Km | G17: =+'MEMO-huellas-100'!X4 -> 0.15 | H17: =+'101-ITEM'!N65 -> 10647990 | I17: =ROUND(H17*G17,2) -> 1597198.5 | L17: 6757909 | M17: =+H17-L17 -> 3890081 | N17: =+L17*G17 -> 1013686.3
A18: 2 | B18: 102 | C18: =+'102-ITEM'!B23 -> 6198 | E18: Excavacion mecanica en material comun 0 - 2 m(oruga) | F18: M³ | G18: =+'MEMO-huellas-100'!X34 -> 415.8 | H18: =+'102-ITEM'!N66 -> 10816 | I18: =ROUND(H18*G18,2) -> 4497292.8 | L18: 25109 | M18: =+H18-L18 -> -14293 | N18: =+L18*G18 -> 10440322
A19: 3 | B19: 103 | C19: 5.13 | E19: Relleno con material crudo de rio T.m 6", compactado y transportado | F19: M³ | G19: =+'MEMO-huellas-100'!X63 -> 166.32 | H19: =+'103-ITEM'!N65 -> 159904 | I19: =ROUND(H19*G19,2) -> 26595233 | L19: 109510 | M19: =+H19-L19 -> 50394 | N19: =+L19*G19 -> 18213703
A20: 4 | B20: 104 | C20: 7.156 | E20: Relleno con sub base granular seleccionada o clasificada, compactada y transportada | F20: M³ | G20: =+'MEMO-huellas-100'!X94 -> 249.48 | H20: =+'104-ITEM'!N66 -> 125587 | I20: =ROUND(H20*G20,2) -> 31331445 | L20: 122215 | M20: =+H20-L20 -> 3372 | N20: =+L20*G20 -> 30490198
A21: 5 | B21: 105 | C21: 4.939 | E21: Conformacion de la banca y/o Terraplen (Incluye: escarificar, perfilar, conformar, riego y compactacion) | F21: M² | G21: =+'MEMO-huellas-100'!X126 -> 831.6 | H21: =+'105-ITEM'!N61 -> 1753 | I21: =ROUND(H21*G21,2) -> 1457794.8 | L21: 1308 | M21: =+H21-L21 -> 445 | N21: =+L21*G21 -> 1087732.8
A22: 6 | B22: 106 | C22: 7.391 | E22: Excavacion manual en conglomerado con transporte | F22: M³ | G22: =+'MEMO-huellas-100'!X154 -> 58.21 | H22: =+'106-ITEM'!N58 -> 146664 | I22: =ROUND(H22*G22,2) -> 8537311.4 | L22: 85842 | M22: =+H22-L22 -> 60822 | N22: =+L22*G22 -> 4996862.8
A23: 7 | B23: 107 | C23: 6.503 | E23: Concreto para solado resistencia 105 kg/cm2 - 1500 psi | F23: M³ | G23: =+'MEMO-huellas-100'!X181 -> 2.81 | H23: =+'ITEM 107'!N62 -> 868488 | I23: =ROUND(H23*G23,2) -> 2440451.3 | L23: 599363 | M23: =+H23-L23 -> 269125 | N23: =+L23*G23 -> 1684210
A24: 8 | B24: 108 | C24: 4.915 | E24: Placa o losa concreto resistencia 210 kg/cm2-3000 psi | F24: M³ | G24: =+'MEMO-huellas-100'!X210 -> 38.99 | H24: =+'108-ITEM'!N57 -> 1729436 | I24: =ROUND(H24*G24,2) -> 67430710 | L24: 1129589 | M24: =+H24-L24 -> 599847 | N24: =+L24*G24 -> 44042675
A25: 9 | B25: 109 | C25: 5.752 | E25: Piedra pegada concreto de 2500 Psi, e=0.15 m | F25: M² | G25: =+'MEMO-huellas-100'!X242 -> 257.04 | H25: =+'109-ITEM'!N63 -> 141655 | I25: =ROUND(H25*G25,2) -> 36411001 | L25: 89553 | M25: =+H25-L25 -> 52102 | N25: =+L25*G25 -> 23018703
A26: 10 | B26: 110 | C26: 5.067 | E26: Acero de Refuerzo Grado 60 | F26: Kg | G26: =+'MEMO-huellas-100'!V273 -> 6217.5 | H26: =+'ITEM 110'!N61 -> 10259 | I26: =ROUND(H26*G26,2) -> 63785332 | L26: 7299 | M26: =+H26-L26 -> 2960 | N26: =+L26*G26 -> 45381532
A27: 11 | B27: 111 | C27: 5.837 | E27: Riostras o diafragmas concreto 3000 PSI, resistencia 210 Kg/cm² | F27: M³ | G27: =+'MEMO-huellas-100'!X311 -> 16.85 | H27: =+'ITEM 111'!N62 -> 2293284 | I27: =ROUND(H27*G27,2) -> 38641835 | L27: 1459838 | M27: =+H27-L27 -> 833446 | N27: =+L27*G27 -> 24598270
A28: 12 | B28: 112 | C28: 512 | E28: Cuneta tipo C-1 concreto 3000 Psi e=0.15 m | F28: M³ | G28: =+'MEMO-huellas-100'!X345 -> 38.56 | H28: =+'ITEM 112'!N64 -> 1122602 | I28: =ROUND(H28*G28,2) -> 43287533 | L28: 789747 | M28: =+H28-L28 -> 332855 | N28: =+L28*G28 -> 30452644
A29: 13 | B29: 113 | C29: 5.559 | E29: Movilizacion y desmovilizacion de equipo pesado | F29: Km | G29: =+'MEMO-huellas-100'!X378 -> 276 | H29: =+'ITEM 113'!N60 -> 57955 | I29: =ROUND(H29*G29,2) -> 15995580 | L29: 43250 | M29: =+H29-L29 -> 14705 | N29: =+L29*G29 -> 11937000
A30: SUB-TOTAL DEL CAPITULO PLACAS HUELLA | I30: =ROUND(I29+I28+I27+I26+I25+I24+I23+I22+I21+I20+I19+I18+I17,2) -> 3.4200872e+08 | N30: =SUM(N17:N29) -> 2.4735754e+08
A31: OBRAS DE DRENAJE | N31: =+L31*G31 -> 0
A32: 200 | N32: =+L32*G32 -> 0
A33: 14 | B33: 201 | C33: 6.191 | E33: Replanteo y localizacion para obras de proteccion (Planimetria y Altimetria) | F33: M² | G33: =+'MEMO-alcantarilla-200'!$V$4 -> 19.39 | H33: =+'ITEM 201'!N65 -> 10544 | I33: =ROUND(H33*G33,2) -> 204448.16 | L33: 7329 | M33: =+H33-L33 -> 3215 | N33: =+L33*G33 -> 142109.31
A34: 15 | B34: 202 | C34: 3.016 | E34: Excavacion mecanica en material comun hasta 4 m (oruga) | F34: M³ | G34: =+'MEMO-alcantarilla-200'!$V$37 -> 67.91 | H34: =+'ITEM 202'!N65 -> 13935 | I34: =ROUND(H34*G34,2) -> 946325.85 | L34: 10399 | M34: =+H34-L34 -> 3536 | N34: =+L34*G34 -> 706196.09
A35: 16 | B35: 203 | C35: =+C23 -> 6.503 | E35: Concreto para solado resistencia 105 kg/cm2 - 1500 psi | F35: M³ | G35: =+'MEMO-alcantarilla-200'!$W$73 -> 0.67 | H35: =+'ITEM 203'!N65 -> 868488 | I35: =ROUND(H35*G35,2) -> 581886.96 | L35: 599363 | M35: =+H35-L35 -> 269125 | N35: =+L35*G35 -> 401573.21
A36: 17 | B36: 204 | C36: 5.062 | E36: Concreto para alcantarilla, resistencia 210 kg/cm2 - 3000 psi | F36: M³ | G36: =+'MEMO-alcantarilla-200'!$W$107 -> 7.39 | H36: =+'ITEM 204'!N65 -> 1165921 | I36: =ROUND(H36*G36,2) -> 8616156.2 | L36: 797087 | M36: =+H36-L36 -> 368834 | N36: =+L36*G36 -> 5890472.9
A37: 18 | B37: 205 | C37: =+C26 -> 5.067 | E37: Acero de Refuerzo Grado 60 | F37: Kg | G37: =+'MEMO-alcantarilla-200'!$V$145 -> 574.73 | H37: =+'ITEM 205'!N65 -> 10259 | I37: =ROUND(H37*G37,2) -> 5896155.1 | L37: 7299 | M37: =+H37-L37 -> 2960 | N37: =+L37*G37 -> 4194954.3
A38: 19 | B38: 206 | C38: 4.927 | E38: Muro en concreto ciclopeo 3.000 psi | F38: M³ | G38: =+'MEMO-alcantarilla-200'!$V$235 -> 3.48 | H38: =+'ITEM 206'!N65 -> 1253924 | I38: =ROUND(H38*G38,2) -> 4363655.5 | L38: 823507 | M38: =+H38-L38 -> 430417 | N38: =+L38*G38 -> 2865804.4
A39: 20 | B39: 207 | C39: 5.052 | E39: Tuberia Concreto Reforzado, clase I de diámetro 36", (INV.661) | F39: M | G39: =+'MEMO-alcantarilla-200'!$X$269 -> 6 | H39: =+'ITEM 207'!N65 -> 519614 | I39: =ROUND(H39*G39,2) -> 3117684 | L39: 350150 | M39: =+H39-L39 -> 169464 | N39: =+L39*G39 -> 2100900
A40: 21 | B40: 208 | C40: 5.953 | E40: Concreto resistencia 175 kg/cm2 - 2500 psi (atraque, placa, soleras y guardarueda) para alcantarilla | F40: M³ | G40: =+'MEMO-alcantarilla-200'!$V$302 -> 2.68 | H40: =+'ITEM 208'!N65 -> 1127373 | I40: =ROUND(H40*G40,2) -> 3021359.6 | L40: 766002 | M40: =+H40-L40 -> 361371 | N40: =+L40*G40 -> 2052885.4
A41: 22 | B41: 209 | C41: =+C19 -> 5.13 | E41: Relleno con material crudo de rio T.m 6", compactado y transportado | F41: M³ | G41: =+'MEMO-alcantarilla-200'!$V$340 -> 24.39 | H41: =+'ITEM 209'!N65 -> 159904 | I41: =ROUND(H41*G41,2) -> 3900058.6 | L41: 109510 | M41: =+H41-L41 -> 50394 | N41: =+L41*G41 -> 2670948.9
A42: SUB-TOTAL DEL CAPITULO ALCANTARILLA | I42: =ROUND(I33+I34+I35+I36+I37+I38+I39+I40+I41,2) -> 30647730 | N42: =SUM(N31:N41) -> 21025844
A43: OBRAS DE CONTENCION | N43: =+L43*G43 -> 0
A44: 300 | N44: =+L44*G44 -> 0
A45: 23 | B45: 301 | C45: 6.191 | E45: Replanteo y localizacion para obras de proteccion (Planimetria y Altimetria) | F45: M² | G45: =+'MEMO-gaviones-300'!V4 -> 80 | H45: =+'ITEM 301'!N65 -> 10544 | I45: =ROUND(H45*G45,2) -> 843520 | L45: 7329 | M45: =+H45-L45 -> 3215 | N45: =+L45*G45 -> 586320
A46: 24 | B46: 302 | C46: 3.016 | E46: Excavacion mecanica en material comun hasta 4 m (oruga) | F46: M³ | G46: =+'MEMO-gaviones-300'!W43 -> 248 | H46: =+'ITEM 302'!N65 -> 13935 | I46: =ROUND(H46*G46,2) -> 3455880 | L46: 10399 | M46: =+H46-L46 -> 3536 | N46: =+L46*G46 -> 2578952
A47: 25 | B47: 303 | C47: =+C41 -> 5.13 | E47: Relleno con material crudo de rio T.m 6", compactado y transportado | F47: M³ | G47: =+'MEMO-gaviones-300'!W87 -> 134.4 | H47: =+'ITEM 303'!N65 -> 159904 | I47: =ROUND(H47*G47,2) -> 21491098 | L47: 109510 | M47: =+H47-L47 -> 50394 | N47: =+L47*G47 -> 14718144
A48: 26 | B48: 304 | C48: 6.824 | E48: Gavion en malla triple torsion en alambre galvanizado calibre 12 recubierta en PVC hueco 7.5 x 7.5 cm. | F48: M³ | G48: =+'MEMO-gaviones-300'!W118 -> 180 | H48: =+'ITEM 304'!N66 -> 547878 | I48: =ROUND(H48*G48,2) -> 98618040 | L48: 357214 | M48: =+H48-L48 -> 190664 | N48: =+L48*G48 -> 64298520
A49: 27 | B49: 305 | C49: 6.221 | E49: Geotextil Tejido TR 4000 | F49: M² | G49: =+'MEMO-gaviones-300'!X148 -> 99 | H49: =+'ITEM 305'!N66 -> 28381 | I49: =ROUND(H49*G49,2) -> 2809719 | L49: 20437 | M49: =+H49-L49 -> 7944 | N49: =+L49*G49 -> 2023263
A50: 28 | B50: 306 | C50: 4.915 | E50: Placa o losa concreto resistencia 210 kg/cm2-3000 psi | F50: M³ | G50: =+'MEMO-gaviones-300'!W182 -> 5.94 | H50: =+'ITEM 306'!N59 -> 1729436 | I50: =ROUND(H50*G50,2) -> 10272850
A51: SUB-TOTAL DEL CAPITULO GAVIONES | I51: =ROUND(I49+I48+I47+I46+I45+I50,2) -> 1.3749111e+08 | N51: =SUM(N43:N49) -> 84205199
A52: SUBTOTAL OBRAS | I52: =ROUND(+I30+I42+I51,0) -> 510147555
C53: SUBTOTAL DEL COSTO DIRECTO DE LAS OBRAS | I53: =ROUND(I52,0) -> 510147555
C54: VALOR TOTAL AJUSTADO AL PESO | I54: =+I53 -> 510147555
A55: SON: | B55: QUINIENTOS DIEZ MILLONES CIENTO CUARENTA Y SIETE MIL QUINIENTOS CINCUENTA Y CINCO PESOS M/CTE ($ 510.147.555,00)
A56: NOTA 1: Se debe tener en cuenta que el PRECIO UNITARIO incluye el valor de A.I.U. | F56: DESCRIPCION | I56: PORCENTAJE
A57: NOTA 2: Cuando la fracción decimal del peso sea igual o superior a 5 se aproximará por exceso al número entero siguiente del peso y cuando la fracción decimal del peso sea inferior a 5 se aproximará por defecto al número entero del peso. | F57: ADMINISTRACIÓN | H57: A= | I57: 0.28
A58: NOTA 3: El A.I.U y su discriminación deben estar en porcentaje (%). | F58: IMPREVISTO | H58: I= | I58: 0.01
F59: UTILIDAD | H59: U= | I59: 0.05
F60: TOTAL A.I.U | H60: A.I.U.= | I60: =SUM(I57:I59) -> 0.34
A63: Elaboró | F63: Revisó y Aprobó
A67: MARCIA LUCERO ALFONSO GAMEZ | F67: MONICA YULIETH RODRIGUEZ TORRES
A68: Profesional de apoyo de la SPOP | F68: Secretaria de Planeación y Obras Públicas.

Sheet 101-ITEM
A1: Formulario 1 - Propuesta económica - Documento tipo de licitación de obra pública de infraestructura de transporte - versión 4
A2: Código | B2: CCE-EICP-FM-14 | C2: Versión | D2: 4
A3: FORMULARIO 1
A4: PRESUPUESTO OFICIAL
A6: [La entidad podrá utilizar este formato para la presentación de los análisis de precios unitarios del contratista en la oportunidad prevista en el numeral 8.2. del Documento Base]
C8: ALCALDIA MUNICIPAL DE SABANALARGA - CASANARE
K9: VERSIÓN
C11: ANALISIS DE PRECIOS UNITARIOS | K11: PÁGINA | L11: 1 | M11: DE | N11: 1
K14: FECHA | L14: DD | M14: MM | N14: AA
A16: ÍTEMS DE LA PROPUESTA ECONÓMICA | H16: ÍTEMS NO PREVISTOS
A19: DATOS ESPECÍFICOS
A21: ÍTEM | B21: =+'PRESUPUESTO OFICIAL PLIEGO TIPO'!B17 -> 101 | C21: =+'PRESUPUESTO OFICIAL PLIEGO TIPO'!E17 -> Replanteo y localizacion para vias | L21: UNIDAD | N21: CANTIDAD
A22: 5012 | B22: =+'PRESUPUESTO OFICIAL PLIEGO TIPO'!C17 -> 5.012 | L22: =+'PRESUPUESTO OFICIAL PLIEGO TIPO'!F17 -> Km
A23: I. EQUIPO
A26: DESCRIPCIÓN | G26: MARCA | I26: TIPO | K26: TARIFA/HORA | L26: RENDIMIENTO | N26: Vr. UNITARIO
A27: Campero 2000 cc-2999 cc | I27: Hr | K27: 49167 | L27: 44 | N27: =ROUND((K27*L27),2) -> 2163348
A28: Estacion Total | I28: Hr | K28: 7500 | L28: 44 | N28: =ROUND((K28*L28),2) -> 330000
A30: SUBTOTAL $ | N30: =ROUND(SUM(N27:N29),2) -> 2493348
A31: II. MATERIALES
A34: DESCRIPCIÓN | J34: UNIDAD | K34: CANTIDAD | L34: PRECIO UNIT. | N34: Vr. UNITARIO
A35: Cinta de Señalizacion - peligro no pase - | J35: m | K35: 50 | L35: 72 | N35: =ROUND((K35*L35),2) -> 3600
A36: Durmiente ordinario 4 x 4 x 3.0 m | J36: m | K36: 100 | L36: 3636 | N36: =ROUND((K36*L36),2) -> 363600
A37: Esmalte brillante tipo pintulux de Pintuco o similar | J37: gal | K37: 0.33 | L37: 92850 | N37: =ROUND((K37*L37),2) -> 30640.5
A38: SUBTOTAL $ | N38: =ROUND(SUM(N35:N37),2) -> 397840.5
A39: III. TRANSPORTES
A42: MATERIAL | I42: VOL. o PESO | J42: DISTANCIA | K42: M3 o Ton/Km | L42: TARIFA | N42: Vr. UNITARIO
N43: =ROUND((K43*L43),0) -> 0
A44: SUBTOTAL $ | N44: =+N43 -> 0
A45: IV. MANO DE OBRA
A48: TRABAJADOR | I48: JORNAL | J48: PRESTACIONES | K48: JORNAL TOTAL | L48: RENDIMIENTO | N48: Vr. UNITARIO
A49: Ayudante de construccion 1 | I49: Hr | K49: 16864 | L49: 44 | N49: =ROUND((K49*L49),2) -> 742016
A50: Cadenero | I50: Hr | K50: 24210 | L50: 44 | N50: =ROUND((K50*L50),2) -> 1065240
A51: Topografo | I51: h | K51: 73814 | L51: 44 | N51: =ROUND((K51*L51),2) -> 3247816
A53: SUBTOTAL $ | N53: =ROUND(SUM(N49:N52),2) -> 5055072
A55: TOTAL COSTO DIRECTO $ | N55: =ROUND(+N30+N38+N44+N53,0) -> 7946261
A56: V. COSTOS INDIRECTOS
A59: Descripción | K59: Porcentaje | L59: Valor Total
A60: ADMINISTRACION | K60: 0.28 | L60: =ROUND((N55*K60),2) -> 2224953.1 | M60: =ROUND((J60*K60),0) -> 0 | N60: =+L60 -> 2224953.1
A61: IMPREVISTOS | K61: 0.01 | L61: =ROUND((N55*K61),2) -> 79462.61 | M61: =ROUND((J61*K61),0) -> 0 | N61: =+L61 -> 79462.61
A62: UTILIDAD | K62: 0.05 | L62: =ROUND((N55*K62),2) -> 397313.05 | M62: =ROUND((J62*K62),0) -> 0 | N62: =+L62 -> 397313.05
A63: SUBTOTAL $ | N63: =ROUND(SUM(N60:N62),0) -> 2701729
A65: Precio Unitario Total Aproximado al peso $ | N65: =ROUND(+N63+N55,0) -> 10647990
F67: Firma
F68: Nombre:MARCIA LUCERO ALFONSO GAMEZ
F69: Profesional de apoyo S.P.O.P
F70: Matricula No. : 54202-342375 NTS
A72: OBSERVACIONES INTERVENTORÍA O SUPERVISIÓN
A75: APROBACIÓN POR LA INTERVENTORÍA O SUPERVISIÓN
A76: Nota 1: Cuando se trate de análisis de precios unitarios correspondientes a ítems de la propuesta económica aprobada, el interventor o supervisor aprueba el desglose de los componentes manteniendo el mismo precio unitario de cada ítem, cumpliendo con las especificaciones de construcción vigentes para el proyecto.
A78: Nota 2: Cuando se trate de Análisis de precios unitarios de ítems no previstos, el Interventor aprueba el desglose y precio unitario de cada ítem no previsto, exigiendo la aplicación de los costos correspondientes a insumos y tarifas de la propuesta económica inicial cuando estén contemplados, cumpliendo con las especificaciones de construcción vigente para el proyecto.
F81: Firma
F82: Nombre: MONICA YULIETH RODRIGUEZ TORRES
F83: Secretaria de Planeacion y Obras Publicas
F84: Matricula No. :

Sheet 102-ITEM
A1: Formulario 1 - Propuesta económica - Documento tipo de licitación de obra pública de infraestructura de transporte - versión 4
A2: Código | B2: CCE-EICP-FM-14 | C2: Versión | D2: 4
A3: FORMULARIO 1
A4: PRESUPUESTO OFICIAL
A6: [La entidad podrá utilizar este formato para la presentación de los análisis de precios unitarios del contratista en la oportunidad prevista en el numeral 8.2. del Documento Base]
C8: ALCALDIA MUNICIPAL DE SABANALARGA - CASANARE
K9: VERSIÓN
C11: ANALISIS DE PRECIOS UNITARIOS | K11: PÁGINA | L11: 1 | M11: DE | N11: 1
K14: FECHA | L14: DD | M14: MM | N14: AA
A16: ÍTEMS DE LA PROPUESTA ECONÓMICA | H16: ÍTEMS NO PREVISTOS
F19: =+'PRESUPUESTO OFICIAL PLIEGO TIPO'!$A$15 -> ESTRUCTURA DE PLACA HUELLA
A20: DATOS ESPECÍFICOS
A22: ÍTEM | B22: =+'PRESUPUESTO OFICIAL PLIEGO TIPO'!B18 -> 102 | C22: =+'PRESUPUESTO OFICIAL PLIEGO TIPO'!E18 -> Excavacion mecanica en material comun 0 - 2 m(oruga) | L22: UNIDAD | N22: CANTIDAD
B23: 6198 | L23: =+'PRESUPUESTO OFICIAL PLIEGO TIPO'!F18 -> M³
A24: I. EQUIPO
A27: DESCRIPCIÓN | G27: MARCA | I27: TIPO | K27: TARIFA/HORA | L27: RENDIMIENTO | N27: Vr. UNITARIO
A28: Retroexcavadora de orugas | I28: HR | K28: 363603 | L28: 0.0222 | N28: =ROUND((K28*L28),2) -> 8071.99
N29: =+K29*L29 -> 0
A31: SUBTOTAL $ | N31: =ROUND(SUM(N28:N30),2) -> 8071.99
A32: II. MATERIALES
A35: DESCRIPCIÓN | J35: UNIDAD | K35: CANTIDAD | L35: PRECIO UNIT. | N35: Vr. UNITARIO
A38: SUBTOTAL $ | N38: 0
A39: III. TRANSPORTES
A42: MATERIAL | I42: VOL. o PESO | J42: DISTANCIA | K42: M3 o Ton/Km | L42: TARIFA | N42: Vr. UNITARIO
A45: SUBTOTAL $ | N45: =ROUND(SUM(N43:N44),2) -> 0
A46: IV. MANO DE OBRA
A49: TRABAJADOR | I49: JORNAL | J49: PRESTACIONES | K49: JORNAL TOTAL | L49: RENDIMIENTO | N49: Vr. UNITARIO
A54: SUBTOTAL $ | N54: =ROUND(SUM(N50:N53),2) -> 0
A56: TOTAL COSTO DIRECTO $ | N56: =ROUND(+N31+N38+N45+N54,0) -> 8072
A57: V. COSTOS INDIRECTOS
A60: Descripción | K60: Porcentaje | L60: Valor Total
A61: ADMINISTRACION | K61: 0.28 | L61: =ROUND((N56*K61),2) -> 2260.16 | M61: =ROUND((J61*K61),0) -> 0 | N61: =+L61 -> 2260.16
A62: IMPREVISTOS | K62: 0.01 | L62: =ROUND((N56*K62),2) -> 80.72 | M62: =ROUND((J62*K62),0) -> 0 | N62: =+L62 -> 80.72
A63: UTILIDAD | K63: 0.05 | L63: =ROUND((N56*K63),2) -> 403.6 | M63: =ROUND((J63*K63),0) -> 0 | N63: =+L63 -> 403.6
A64: SUBTOTAL $ | N64: =ROUND(SUM(N61:N63),0) -> 2744
A66: Precio Unitario Total Aproximado al peso $ | N66: =ROUND(+N64+N56,0) -> 10816
F69: Firma
F70: Nombre: MARCIALUCEROALFONSO GAMEZ
F71: Profesional de apoyo S.P.O.P
F72: Matricula No. : | G72: 54202-342375 NTS
A74: OBSERVACIONES INTERVENTORÍA O SUPERVISIÓN
A77: APROBACIÓN POR LA INTERVENTORÍA O SUPERVISIÓN
A78: Nota 1: Cuando se trate de análisis de precios unitarios correspondientes a ítems de la propuesta económica aprobada, el interventor o supervisor aprueba el desglose de los componentes manteniendo el mismo precio unitario de cada ítem, cumpliendo con las especificaciones de construcción vigentes para el proyecto.
A80: Nota 2: Cuando se trate de Análisis de precios unitarios de ítems no previstos, el Interventor aprueba el desglose y precio unitario de cada ítem no previsto, exigiendo la aplicación de los costos correspondientes a insumos y tarifas de la propuesta económica inicial cuando estén contemplados, cumpliendo con las especificaciones de construcción vigente para el proyecto.
F83: Firma
F84: Nombre: MONICA YULIETH RODRIGUEZ TORRES
F85: Secretaria de Planeacion y Obras Publicas
F86: Matricula No. :

Sheet 103-ITEM
A1: Formulario 1 - Propuesta económica - Documento tipo de licitación de obra pública de infraestructura de transporte - versión 4
A2: Código | B2: CCE-EICP-FM-14 | C2: Versión | D2: 4
A3: PRESUPUESTO OFICIAL
A5: [La entidad podrá utilizar este formato para la presentación de los análisis de precios unitarios del contratista en la oportunidad prevista en el numeral 8.2. del Documento Base]
C7: ALCALDIA MUNICIPAL DE SABANALARGA - CASANARE
K8: VERSIÓN
K10: PÁGINA | L10: 1 | M10: DE | N10: 1
K13: FECHA | L13: DD | M13: MM | N13: AA
L14: =+'[171]1.1'!L13 -> 0 | M14: =+'[171]1.1'!M13 -> 0 | N14: =+'[171]1.1'!N13 -> 0
A15: ÍTEMS DE LA PROPUESTA ECONÓMICA | H15: ÍTEMS NO PREVISTOS
A18: =+'PRESUPUESTO OFICIAL PLIEGO TIPO'!A15 -> ESTRUCTURA DE PLACA HUELLA
A19: DATOS ESPECÍFICOS
A21: ÍTEM | B21: =+'PRESUPUESTO OFICIAL PLIEGO TIPO'!B19 -> 103 | C21: =+'PRESUPUESTO OFICIAL PLIEGO TIPO'!E19 -> Relleno con material crudo de rio T.m 6", compactado y transportado | L21: UNIDAD | N21: CANTIDAD
B22: =+'PRESUPUESTO OFICIAL PLIEGO TIPO'!C19 -> 5.13 | L22: =+'PRESUPUESTO OFICIAL PLIEGO TIPO'!F19 -> M³
A23: I. EQUIPO
A26: DESCRIPCIÓN | G26: MARCA | I26: TIPO | K26: TARIFA/HORA | L26: RENDIMIENTO | N26: Vr. UNITARIO
A27: Heramienta menor 10% M.O . AA | I27: HR | K27: =+K50*10% -> 4107.5 | L27: 0.73 | N27: =ROUND((K27*L27),2) -> 2998.48
A28: Vibrocompactador Tipo rana | I28: HR | K28: 13715 | L28: 0.608 | N28: =ROUND((K28*L28),2) -> 8338.72
N29: =+K29*L29 -> 0
A30: SUBTOTAL $ | N30: =ROUND(SUM(N27:N29),2) -> 11337.2
A31: II. MATERIALES
A34: DESCRIPCIÓN | J34: UNIDAD | K34: CANTIDAD | L34: PRECIO UNIT. | N34: Vr. UNITARIO
A35: Crudo de rio clasificado T.m 6¨ | J35: m3 | K35: 1.1 | L35: 45022 | N35: =ROUND((K35*L35),2) -> 49524.2
A38: SUBTOTAL $ | N38: =ROUND(SUM(N35:N37),2) -> 49524.2
A39: III. TRANSPORTES
A42: MATERIAL | I42: VOL. o PESO | J42: DISTANCIA | K42: M3 o Ton/Km | L42: TARIFA | N42: Vr. UNITARIO
A43: Transporte de materiales (arena, piedra, comun, tierra) - m3 | K43: 1 | L43: =+'TRANSPORTE MATERIALES tritu-m3'!N55 -> 28485 | N43: =ROUND((K43*L43),2) -> 28485
N45: =ROUND(SUM(N43:N44),2) -> 28485
A46: IV. MANO DE OBRA
A49: TRABAJADOR | I49: JORNAL | J49: PRESTACIONES | K49: JORNAL TOTAL | L49: RENDIMIENTO | N49: Vr. UNITARIO
A50: Cuadrilla AA (Albañileria) | I50: HR | K50: 41075 | L50: 0.73 | N50: =ROUND((K50*L50),2) -> 29984.75
A54: SUBTOTAL $ | N54: =ROUND(SUM(N50:N53),2) -> 29984.75
A55: TOTAL COSTO DIRECTO $ | N55: =ROUND(+N30+N38+N45+N54,0) -> 119331
A56: V. COSTOS INDIRECTOS
A59: Descripción | K59: Porcentaje | L59: Valor Total
A60: ADMINISTRACION | K60: 0.28 | L60: =ROUND(+N55*K60,2) -> 33412.68 | M60: =+L60 -> 33412.68 | N60: =+L60 -> 33412.68
A61: IMPREVISTOS | K61: 0.01 | L61: =ROUND(+N55*K61,2) -> 1193.31 | M61: =+L61 -> 1193.31 | N61: =+L61 -> 1193.31
A62: UTILIDAD | K62: 0.05 | L62: =ROUND(+N55*K62,2) -> 5966.55 | M62: =+L62 -> 5966.55 | N62: =+L62 -> 5966.55
A63: SUBTOTAL $ | N63: =ROUND(SUM(N60:N62),0) -> 40573
A65: Precio Unitario Total Aproximado al peso $ | N65: =ROUND(+N63+N55,0) -> 159904
F68: Firma
F69: Nombre: | G69: MARCIA LUCERO ALFONSO GAMEZ
F70: Profesional de apoyo S.P.O.P
F71: Matricula No. : | G71: 54202-342375 NTS
A73: OBSERVACIONES INTERVENTORÍA O SUPERVISIÓN
A77: APROBACIÓN POR LA INTERVENTORÍA O SUPERVISIÓN
A78: Nota 1: Cuando se trate de análisis de precios unitarios correspondientes a ítems de la propuesta económica aprobada, el interventor o supervisor aprueba el desglose de los componentes manteniendo el mismo precio unitario de cada ítem, cumpliendo con las especificaciones de construcción vigentes para el proyecto.
A80: Nota 2: Cuando se trate de Análisis de precios unitarios de ítems no previstos, el Interventor aprueba el desglose y precio unitario de cada ítem no previsto, exigiendo la aplicación de los costos correspondientes a insumos y tarifas de la propuesta económica inicial cuando estén contemplados, cumpliendo con las especificaciones de construcción vigente para el proyecto.
F83: Firma
F84: Nombre: | G84: MONICA YULIETH RODRIGUEZ TORRES
F85: Secretaria de Planeacion y Obras Publicas
F86: Matricula No. :

Sheet 104-ITEM
A1: Formulario 1 - Propuesta económica - Documento tipo de licitación de obra pública de infraestructura de transporte - versión 4
A2: Código | B2: CCE-EICP-FM-14 | C2: Versión | D2: 4
A3: PRESUPUESTO OFICIAL
A5: [La entidad podrá utilizar este formato para la presentación de los análisis de precios unitarios del contratista en la oportunidad prevista en el numeral 8.2. del Documento Base]
C7: ALCALDIA MUNICIPAL DE SABANALARGA - CASANARE
K8: VERSIÓN
K10: PÁGINA | L10: 1 | M10: DE | N10: 1
K13: FECHA | L13: DD | M13: MM | N13: AA
L14: =+'[171]1.1'!L13 -> 0 | M14: =+'[171]1.1'!M13 -> 0 | N14: =+'[171]1.1'!N13 -> 0
A15: ÍTEMS DE LA PROPUESTA ECONÓMICA | H15: ÍTEMS NO PREVISTOS
A18: =+'PRESUPUESTO OFICIAL PLIEGO TIPO'!A15 -> ESTRUCTURA DE PLACA HUELLA
A19: DATOS ESPECÍFICOS
A21: ÍTEM | B21: =+'PRESUPUESTO OFICIAL PLIEGO TIPO'!B20 -> 104 | C21: =+'PRESUPUESTO OFICIAL PLIEGO TIPO'!E20 -> Relleno con sub base granular seleccionada o clasificada, compactada y transportada | L21: UNIDAD | N21: CANTIDAD
B22: =+'PRESUPUESTO OFICIAL PLIEGO TIPO'!C20 -> 7.156 | L22: =+'PRESUPUESTO OFICIAL PLIEGO TIPO'!F20 -> M³
A23: I. EQUIPO
A26: DESCRIPCIÓN | G26: MARCA | I26: TIPO | K26: TARIFA/HORA | L26: RENDIMIENTO | N26: Vr. UNITARIO
A27: Herramienta menor 10% M.O. AA | I27: Hr | K27: =+K50*10% -> 4107.5 | L27: 0.5 | N27: =ROUND((K27*L27),2) -> 2053.75
A28: Vibrocompactador tipo rana | I28: Hr | K28: 13715 | L28: 0.303 | N28: =ROUND((K28*L28),2) -> 4155.65
N29: =+K29*L29 -> 0
A30: SUBTOTAL $ | N30: =ROUND(SUM(N27:N29),2) -> 6209.4
A31: II. MATERIALES
A34: DESCRIPCIÓN | J34: UNIDAD | K34: CANTIDAD | L34: PRECIO UNIT. | N34: Vr. UNITARIO
A35: Sub-base granular seleccionada o clasificada | J35: M³ | K35: 1.25 | L35: 30792 | N35: =ROUND((K35*L35),2) -> 38490
A38: SUBTOTAL $ | N38: =ROUND(SUM(N35:N37),2) -> 38490
A39: III. TRANSPORTES
A42: MATERIAL | I42: VOL. o PESO | J42: DISTANCIA | K42: M3 o Ton/Km | L42: TARIFA | N42: Vr. UNITARIO
A43: Transporte de materiales (arena,piedra,comun,tierra) - m3 | I43: M³ | K43: 1 | L43: =+'TRANSPORTE MATERIALES tritu-m3'!N55 -> 28485 | N43: =ROUND((K43*L43),2) -> 28485
N45: =ROUND(SUM(N43:N43),2) -> 28485
A46: IV. MANO DE OBRA
A49: TRABAJADOR | I49: JORNAL | J49: PRESTACIONES | K49: JORNAL TOTAL | L49: RENDIMIENTO | N49: Vr. UNITARIO
A50: Cuadrilla AA (Albañileria) | I50: HR | K50: 41075 | L50: 0.5 | N50: =ROUND((K50*L50),2) -> 20537.5
A54: SUBTOTAL $ | N54: =ROUND(+N50,2) -> 20537.5
A56: TOTAL COSTO DIRECTO $ | N56: =ROUND(Q55+N30+N38+N45+N54,0) -> 93722
A57: V. COSTOS INDIRECTOS
A60: Descripción | K60: Porcentaje | L60: Valor Total
A61: ADMINISTRACION | K61: 0.28 | L61: =ROUND(+N56*K61,2) -> 26242.16 | M61: =+L61 -> 26242.16 | N61: =+L61 -> 26242.16
A62: IMPREVISTOS | K62: 0.01 | L62: =ROUND(+N56*K62,2) -> 937.22 | M62: =+L62 -> 937.22 | N62: =+L62 -> 937.22
A63: UTILIDAD | K63: 0.05 | L63: =ROUND(+N56*K63,2) -> 4686.1 | M63: =+L63 -> 4686.1 | N63: =+L63 -> 4686.1
A64: SUBTOTAL $ | N64: =ROUND(SUM(N61:N63),0) -> 31865
A66: Precio Unitario Total Aproximado al peso $ | N66: =ROUND(+N64+N56,0) -> 125587
F69: Firma
F70: Nombre: | G70: MARCIA LUCERO ALFONSO GAMEZ
F71: Profesional de apoyo S.P.O.P
F72: Matricula No. : | G72: 54202-342375 NTS
A74: OBSERVACIONES INTERVENTORÍA O SUPERVISIÓN
A78: APROBACIÓN POR LA INTERVENTORÍA O SUPERVISIÓN
A79: Nota 1: Cuando se trate de análisis de precios unitarios correspondientes a ítems de la propuesta económica aprobada, el interventor o supervisor aprueba el desglose de los componentes manteniendo el mismo precio unitario de cada ítem, cumpliendo con las especificaciones de construcción vigentes para el proyecto.
A81: Nota 2: Cuando se trate de Análisis de precios unitarios de ítems no previstos, el Interventor aprueba el desglose y precio unitario de cada ítem no previsto, exigiendo la aplicación de los costos correspondientes a insumos y tarifas de la propuesta económica inicial cuando estén contemplados, cumpliendo con las especificaciones de construcción vigente para el proyecto.
F84: Firma
F85: Nombre: | G85: MONICA YULIETH RODRIGUEZ TORRES
F86: Secretaria de Planeacion y Obras Publicas
F87: Matricula No. :

Sheet 105-ITEM
A1: Formulario 1 - Propuesta económica - Documento tipo de licitación de obra pública de infraestructura de transporte - versión 4
A2: Código | B2: CCE-EICP-FM-14 | C2: Versión | D2: 4
A3: FORMULARIO 1
A4: PRESUPUESTO OFICIAL
A5: [La entidad podrá utilizar este formato para la presentación de los análisis de precios unitarios del contratista en la oportunidad prevista en el numeral 8.2. del Documento Base]
C7: ALCALDIA MUNICIPAL DE SABANALARGA - CASANARE
K8: VERSIÓN
C10: ANALISIS DE PRECIOS UNITARIOS | K10: PÁGINA | L10: 1 | M10: DE | N10: 1
K13: FECHA | L13: DD | M13: MM | N13: AA
A15: ÍTEMS DE LA PROPUESTA ECONÓMICA | H15: ÍTEMS NO PREVISTOS
E17: =+'PRESUPUESTO OFICIAL PLIEGO TIPO'!$A$15 -> ESTRUCTURA DE PLACA HUELLA
A18: DATOS ESPECÍFICOS
A20: ÍTEM | B20: =+'PRESUPUESTO OFICIAL PLIEGO TIPO'!B21 -> 105 | C20: =+'PRESUPUESTO OFICIAL PLIEGO TIPO'!E21 -> Conformacion de la banca y/o Terraplen (Incluye: escarificar, perfilar, conformar, riego y compactacion) | L20: UNIDAD | N20: CANTIDAD
B21: =+'PRESUPUESTO OFICIAL PLIEGO TIPO'!C21 -> 4.939 | L21: =+'PRESUPUESTO OFICIAL PLIEGO TIPO'!F21 -> M²
A22: I. EQUIPO
A25: DESCRIPCIÓN | G25: MARCA | I25: TIPO | K25: TARIFA/HORA | L25: RENDIMIENTO | N25: Vr. UNITARIO
A26: Carrotanque de Agua | I26: Hr | K26: 163740 | L26: 0.0017 | N26: =ROUND((K26*L26),2) -> 278.36
A27: Motoniveladora | I27: Hr | K27: 342327 | L27: 0.0017 | N27: =ROUND((K27*L27),2) -> 581.96
A28: Vibrocompactador 10 Tn | I28: Hr | K28: 263620 | L28: 0.0017 | N28: =ROUND((K28*L28),2) -> 448.15
A30: SUBTOTAL $ | N30: =ROUND(SUM(N26:N28),2) -> 1308.47
A31: II. MATERIALES
A34: DESCRIPCIÓN | J34: UNIDAD | K34: CANTIDAD | L34: PRECIO UNIT. | N34: Vr. UNITARIO
A36: SUBTOTAL $ | N36: 0
A37: III. TRANSPORTES
A40: MATERIAL | I40: VOL. o PESO | J40: DISTANCIA | K40: M3 o Ton/Km | L40: TARIFA | N40: Vr. UNITARIO
A42: SUBTOTAL $ | N42: =+N41 -> 0
A43: IV. MANO DE OBRA
A46: TRABAJADOR | I46: JORNAL | J46: PRESTACIONES | K46: JORNAL TOTAL | L46: RENDIMIENTO | N46: Vr. UNITARIO
N47: =+K47*L47 -> 0
A49: SUBTOTAL $ | N49: =+N47 -> 0
A51: TOTAL COSTO DIRECTO $ | N51: =ROUND(+N30+N36+N42+N49,0) -> 1308
A52: V. COSTOS INDIRECTOS
A55: Descripción | K55: Porcentaje | L55: Valor Total
A56: ADMINISTRACION | K56: 0.28 | L56: =ROUND((N51*K56),2) -> 366.24 | M56: =ROUND((J56*K56),0) -> 0 | N56: =+L56 -> 366.24
A57: IMPREVISTOS | K57: 0.01 | L57: =ROUND((N51*K57),2) -> 13.08 | M57: =ROUND((J57*K57),0) -> 0 | N57: =+L57 -> 13.08
A58: UTILIDAD | K58: 0.05 | L58: =ROUND((N51*K58),2) -> 65.4 | M58: =ROUND((J58*K58),0) -> 0 | N58: =+L58 -> 65.4
A59: SUBTOTAL $ | N59: =ROUND(SUM(N56:N58),0) -> 445
A61: Precio Unitario Total Aproximado al peso $ | N61: =ROUND(+N59+N51,0) -> 1753
F63: Firma
F64: Nombre: | G64: MARCIA LUCERO ALFONSO GAMEZ
F65: Profesional de apoyo S.P.O.P
F66: Matricula No. : | G66: 54202-342375 NTS
A69: APROBACIÓN POR LA INTERVENTORÍA O SUPERVISIÓN
A70: Nota 1: Cuando se trate de análisis de precios unitarios correspondientes a ítems de la propuesta económica aprobada, el interventor o supervisor aprueba el desglose de los componentes manteniendo el mismo precio unitario de cada ítem, cumpliendo con las especificaciones de construcción vigentes para el proyecto.
A72: Nota 2: Cuando se trate de Análisis de precios unitarios de ítems no previstos, el Interventor aprueba el desglose y precio unitario de cada ítem no previsto, exigiendo la aplicación de los costos correspondientes a insumos y tarifas de la propuesta económica inicial cuando estén contemplados, cumpliendo con las especificaciones de construcción vigente para el proyecto.
F74: Firma
F75: Nombre: | G75: MONICA YULIETH RODRIGUEZ TORRES
F76: Secretaria de Planeacion y Obras Publicas
F77: Matricula No. :

Sheet 106-ITEM
A1: Formulario 1 - Propuesta económica - Documento tipo de licitación de obra pública de infraestructura de transporte - versión 4
A2: Código | B2: CCE-EICP-FM-14 | C2: Versión | D2: 4
A3: FORMULARIO 1
A4: PRESUPUESTO OFICIAL
A5: [La entidad podrá utilizar este formato para la presentación de los análisis de precios unitarios del contratista en la oportunidad prevista en el numeral 8.2. del Documento Base]
C7: ALCALDIA MUNICIPAL DE SABANALARGA - CASANARE
K8: VERSIÓN
C10: ANALISIS DE PRECIOS UNITARIOS | K10: PÁGINA | L10: 1 | M10: DE | N10: 1
K13: FECHA | L13: DD | M13: MM | N13: AA
A15: ÍTEMS DE LA PROPUESTA ECONÓMICA | H15: ÍTEMS NO PREVISTOS
E17: =+'PRESUPUESTO OFICIAL PLIEGO TIPO'!A15 -> ESTRUCTURA DE PLACA HUELLA
A18: DATOS ESPECÍFICOS
A20: ÍTEM | B20: =+'PRESUPUESTO OFICIAL PLIEGO TIPO'!B22 -> 106 | C20: =+'PRESUPUESTO OFICIAL PLIEGO TIPO'!E22 -> Excavacion manual en conglomerado con transporte | L20: UNIDAD | N20: CANTIDAD
B21: =+'PRESUPUESTO OFICIAL PLIEGO TIPO'!C22 -> 7.391 | L21: =+'PRESUPUESTO OFICIAL PLIEGO TIPO'!F22 -> M³
A22: I. EQUIPO
A25: DESCRIPCIÓN | G25: MARCA | I25: TIPO | K25: TARIFA/HORA | L25: RENDIMIENTO | N25: Vr. UNITARIO
A26: Herramienta menor 10% M.O. AA | I26: Hr | K26: =+K45*10% -> 4107.5 | L26: 2.17 | N26: =ROUND((K26*L26),2) -> 8913.28
A27: Volqueta (6m3) | I27: Hr | K27: 99170 | L27: 0.115 | N27: =ROUND((K27*L27),2) -> 11404.55
A28: SUBTOTAL $ | N28: =ROUND(SUM(N26:N27),2) -> 20317.83
A29: II. MATERIALES
A32: DESCRIPCIÓN | J32: UNIDAD | K32: CANTIDAD | L32: PRECIO UNIT. | N32: Vr. UNITARIO
A34: SUBTOTAL $ | N34: =ROUND(SUM(N33:N33),0) -> 0
A35: III. TRANSPORTES
A38: MATERIAL | I38: VOL. o PESO | J38: DISTANCIA | K38: M3 o Ton/Km | L38: TARIFA | N38: Vr. UNITARIO
A40: SUBTOTAL $ | N40: =+N39 -> 0
A41: IV. MANO DE OBRA
A44: TRABAJADOR | I44: JORNAL | J44: PRESTACIONES | K44: JORNAL TOTAL | L44: RENDIMIENTO | N44: Vr. UNITARIO
A45: Cuadrilla AA (Albañileria) | I45: Hr | K45: 41075 | L45: 2.17 | N45: =ROUND((K45*L45),2) -> 89132.75
A47: SUBTOTAL $ | N47: =+N45 -> 89132.75
A48: TOTAL COSTO DIRECTO $ | N48: =ROUND(+N28+N34+N40+N47,0) -> 109451
A49: V. COSTOS INDIRECTOS
A52: Descripción | K52: Porcentaje | L52: Valor Total
A53: ADMINISTRACION | K53: 0.28 | L53: =ROUND((N48*K53),2) -> 30646.28 | M53: =ROUND((J53*K53),0) -> 0 | N53: =+L53 -> 30646.28
A54: IMPREVISTOS | K54: 0.01 | L54: =ROUND((N48*K54),2) -> 1094.51 | M54: =ROUND((J54*K54),0) -> 0 | N54: =+L54 -> 1094.51
A55: UTILIDAD | K55: 0.05 | L55: =ROUND((N48*K55),2) -> 5472.55 | M55: =ROUND((J55*K55),0) -> 0 | N55: =+L55 -> 5472.55
A56: SUBTOTAL $ | N56: =ROUND(SUM(N53:N55),0) -> 37213
A58: Precio Unitario Total Aproximado al peso $ | N58: =ROUND(+N56+N48,0) -> 146664
F59: Firma
F60: Nombre: | G60: MARCIA LUCERO ALFONSO GAMEZ
F61: Profesional de apoyo S.P.O.P
F62: Matricula No. : | G62: 54202-342375 NTS
A63: OBSERVACIONES INTERVENTORÍA O SUPERVISIÓN
A65: APROBACIÓN POR LA INTERVENTORÍA O SUPERVISIÓN
A66: Nota 1: Cuando se trate de análisis de precios unitarios correspondientes a ítems de la propuesta económica aprobada, el interventor o supervisor aprueba el desglose de los componentes manteniendo el mismo precio unitario de cada ítem, cumpliendo con las especificaciones de construcción vigentes para el proyecto.
A68: Nota 2: Cuando se trate de Análisis de precios unitarios de ítems no previstos, el Interventor aprueba el desglose y precio unitario de cada ítem no previsto, exigiendo la aplicación de los costos correspondientes a insumos y tarifas de la propuesta económica inicial cuando estén contemplados, cumpliendo con las especificaciones de construcción vigente para el proyecto.
F71: Firma
F72: Nombre: | G72: MONICA YULIETH RODRIGUEZ TORRES
F73: Secretaria de Planeacion y Obras Publicas
F74: Matricula No. :

Sheet ITEM 107
A1: Formulario 1 - Propuesta económica - Documento tipo de licitación de obra pública de infraestructura de transporte - versión 4
A2: Código | B2: CCE-EICP-FM-14 | C2: Versión | D2: 4
A3: FORMULARIO 1
A4: PRESUPUESTO OFICIAL
A5: [La entidad podrá utilizar este formato para la presentación de los análisis de precios unitarios del contratista en la oportunidad prevista en el numeral 8.2. del Documento Base]
C7: ALCALDIA MUNICIPAL DE SABANALARGA - CASANARE
K8: VERSIÓN
C10: ANALISIS DE PRECIOS UNITARIOS | K10: PÁGINA | L10: 1 | M10: DE | N10: 1
K13: FECHA | L13: DD | M13: MM | N13: AA
A15: ÍTEMS DE LA PROPUESTA ECONÓMICA | H15: ÍTEMS NO PREVISTOS
E17: =+'PRESUPUESTO OFICIAL PLIEGO TIPO'!A15 -> ESTRUCTURA DE PLACA HUELLA
A18: DATOS ESPECÍFICOS
A20: ÍTEM | B20: =+'PRESUPUESTO OFICIAL PLIEGO TIPO'!B23 -> 107 | C20: =+'PRESUPUESTO OFICIAL PLIEGO TIPO'!E23 -> Concreto para solado resistencia 105 kg/cm2 - 1500 psi | L20: UNIDAD | N20: CANTIDAD
B21: =+'PRESUPUESTO OFICIAL PLIEGO TIPO'!C23 -> 6.503 | L21: =+'PRESUPUESTO OFICIAL PLIEGO TIPO'!F23 -> M³
A22: I. EQUIPO
A25: DESCRIPCIÓN | G25: MARCA | I25: TIPO | K25: TARIFA/HORA | L25: RENDIMIENTO | N25: Vr. UNITARIO
A26: Herramienta menor 5% M.O. AA | K26: =+K48*5% -> 2053.75 | L26: 2.8 | N26: =ROUND((K26*L26),2) -> 5750.5
A29: SUBTOTAL $ | N29: =ROUND(SUM(N26:N27),2) -> 5750.5
A30: II. MATERIALES
A33: DESCRIPCIÓN | J33: UNIDAD | K33: CANTIDAD | L33: PRECIO UNIT. | N33: Vr. UNITARIO
A34: Concreto 1500 Psi 105 kg/cm2 (basico, 5% desperdicio) | J34: M3 | K34: 1 | L34: =+'CAÑORICO-ANACONCRETO 1500 psi'!N57 -> 527364 | N34: =ROUND((K34*L34),2) -> 527364
A36: SUBTOTAL $ | N36: =ROUND(SUM(N34:N35),2) -> 527364
A37: III. TRANSPORTES
A40: MATERIAL | I40: VOL. o PESO | J40: DISTANCIA | K40: M3 o Ton/Km | L40: TARIFA | N40: Vr. UNITARIO
A43: SUBTOTAL $ | N43: =+N41 -> 0
A44: IV. MANO DE OBRA
A47: TRABAJADOR | I47: JORNAL | J47: PRESTACIONES | K47: JORNAL TOTAL | L47: RENDIMIENTO | N47: Vr. UNITARIO
A48: Cuadrilla AA (Albañileria) | I48: Hr | K48: 41075 | L48: 2.8 | N48: =ROUND((K48*L48),2) -> 115010
A50: SUBTOTAL $ | N50: =ROUND(SUM(N48:N49),2) -> 115010
A52: TOTAL COSTO DIRECTO $ | N52: =ROUND(+N29+N36+N43+N50,0) -> 648125
A53: V. COSTOS INDIRECTOS
A56: Descripción | K56: Porcentaje | L56: Valor Total
A57: ADMINISTRACION | K57: 0.28 | L57: =ROUND(+N52*K57,2) -> 181475 | M57: =ROUND((J57*K57),0) -> 0 | N57: =+L57 -> 181475
A58: IMPREVISTOS | K58: 0.01 | L58: =ROUND(+N52*K58,2) -> 6481.25 | M58: =ROUND((J58*K58),0) -> 0 | N58: =+L58 -> 6481.25
A59: UTILIDAD | K59: 0.05 | L59: =ROUND(+N52*K59,2) -> 32406.25 | M59: =ROUND((J59*K59),0) -> 0 | N59: =+L59 -> 32406.25
A60: SUBTOTAL $ | N60: =ROUND(SUM(N57:N59),0) -> 220363
A62: Precio Unitario Total Aproximado al peso $ | N62: =ROUND(+N60+N52,0) -> 868488
F63: Firma
F64: Nombre: | G64: MARCIA LUCERO ALFONSO GAMEZ
F65: Profesional de apoyo S.P.O.P
F66: Matricula No. : | G66: 54202-342375 NTS
A68: OBSERVACIONES INTERVENTORÍA O SUPERVISIÓN
A71: APROBACIÓN POR LA INTERVENTORÍA O SUPERVISIÓN
A72: Nota 1: Cuando se trate de análisis de precios unitarios correspondientes a ítems de la propuesta económica aprobada, el interventor o supervisor aprueba el desglose de los componentes manteniendo el mismo precio unitario de cada ítem, cumpliendo con las especificaciones de construcción vigentes para el proyecto.
A74: Nota 2: Cuando se trate de Análisis de precios unitarios de ítems no previstos, el Interventor aprueba el desglose y precio unitario de cada ítem no previsto, exigiendo la aplicación de los costos correspondientes a insumos y tarifas de la propuesta económica inicial cuando estén contemplados, cumpliendo con las especificaciones de construcción vigente para el proyecto.
F77: Firma
F78: Nombre: | G78: MONICA YULIETH RODRIGUEZ TORRES
F79: Secretaria de Planeacion y Obras Publicas
F80: Matricula No. :

Sheet 108-ITEM
A1: Formulario 1 - Propuesta económica - Documento tipo de licitación de obra pública de infraestructura de transporte - versión 4
A2: Código | B2: CCE-EICP-FM-14 | C2: Versión | D2: 4
A3: FORMULARIO 1
A4: PRESUPUESTO OFICIAL
A5: [La entidad podrá utilizar este formato para la presentación de los análisis de precios unitarios del contratista en la oportunidad prevista en el numeral 8.2. del Documento Base]
C6: ALCALDIA MUNICIPAL DE SABANALARGA - CASANARE
K7: VERSIÓN
C9: ANALISIS DE PRECIOS UNITARIOS | K9: PÁGINA | L9: 1 | M9: DE | N9: 1
K12: FECHA | L12: DD | M12: MM | N12: AA
A14: ÍTEMS DE LA PROPUESTA ECONÓMICA | H14: ÍTEMS NO PREVISTOS
F15: =+'PRESUPUESTO OFICIAL PLIEGO TIPO'!A15 -> ESTRUCTURA DE PLACA HUELLA
A16: DATOS ESPECÍFICOS
A17: ÍTEM | B17: =+'PRESUPUESTO OFICIAL PLIEGO TIPO'!B24 -> 108 | C17: =+'PRESUPUESTO OFICIAL PLIEGO TIPO'!E24 -> Placa o losa concreto resistencia 210 kg/cm2-3000 psi | L17: UNIDAD | N17: CANTIDAD
B18: =+'PRESUPUESTO OFICIAL PLIEGO TIPO'!C24 -> 4.915 | L18: =+'PRESUPUESTO OFICIAL PLIEGO TIPO'!F24 -> M³
A19: I. EQUIPO
A22: DESCRIPCIÓN | G22: MARCA | I22: TIPO | K22: TARIFA/HORA | L22: RENDIMIENTO | N22: Vr. UNITARIO
A23: Herramienta menor 10% M.O. AA | I23: Hr | K23: =ROUND((K43*10%),0) -> 4108 | L23: 12 | N23: =ROUND((K23*L23),2) -> 49296
A24: Vibrador de concreto | I24: Hr | K24: 8525 | L24: 1.5 | N24: =ROUND((K24*L24),2) -> 12787.5
A25: SUBTOTAL $ | N25: =ROUND(SUM(N23:N24),2) -> 62083.5
A26: II. MATERIALES
A29: DESCRIPCIÓN | J29: UNIDAD | K29: CANTIDAD | L29: PRECIO UNIT. | N29: Vr. UNITARIO
A30: Concreto 3000 Psi 210 Kg/cm2 (Basico, 5% desperdicio) | J30: M3 | K30: 1 | L30: =+'CAÑORICO-ANACONCRETO 3000 psi '!N57 -> 611333 | N30: =ROUND((K30*L30),2) -> 611333
A31: Formaleta (1 uso) | J31: M2 | K31: 1.32 | L31: =+'ANIDADO FORMALETA '!N57 -> 94172 | N31: =ROUND((K31*L31),2) -> 124307.04
A32: SUBTOTAL $ | N32: =ROUND(SUM(N30:N31),2) -> 735640.04
A33: III. TRANSPORTES
A36: MATERIAL | I36: VOL. o PESO | J36: DISTANCIA | K36: M3 o Ton/Km | L36: TARIFA | N36: Vr. UNITARIO
A38: SUBTOTAL $ | N38: =+N37 -> 0
A39: IV. MANO DE OBRA
A42: TRABAJADOR | I42: JORNAL | J42: PRESTACIONES | K42: JORNAL TOTAL | L42: RENDIMIENTO | N42: Vr. UNITARIO
A43: Cuadrilla AA (Albañileria) | I43: Hr | K43: 41075 | L43: 12 | N43: =ROUND((K43*L43),2) -> 492900
A45: SUBTOTAL $ | N45: =ROUND(SUM(N42:N44),2) -> 492900
A47: TOTAL COSTO DIRECTO $ | N47: =ROUND(+N25+N32+N38+N45,0) -> 1290624
A48: V. COSTOS INDIRECTOS
A51: Descripción | K51: Porcentaje | L51: Valor Total
A52: ADMINISTRACION | K52: 0.28 | L52: =ROUND((N47*K52),2) -> 361374.72 | M52: =ROUND((J52*K52),0) -> 0 | N52: =+L52 -> 361374.72
A53: IMPREVISTOS | K53: 0.01 | L53: =ROUND((N47*K53),2) -> 12906.24 | M53: =ROUND((J53*K53),0) -> 0 | N53: =+L53 -> 12906.24
A54: UTILIDAD | K54: 0.05 | L54: =ROUND((N47*K54),2) -> 64531.2 | M54: =ROUND((J54*K54),0) -> 0 | N54: =+L54 -> 64531.2
A55: SUBTOTAL $ | N55: =ROUND(SUM(N52:N54),0) -> 438812
A57: Precio Unitario Total Aproximado al peso $ | N57: =ROUND(+N55+N47,0) -> 1729436
F58: Firma
F59: Nombre: | G59: MARCIA LUCERO ALFONSO GAMEZ
F60: Profesional de apoyo S.P.O.P
F61: Matricula No. : | G61: 54202-342375 NTS
A62: OBSERVACIONES INTERVENTORÍA O SUPERVISIÓN
A64: APROBACIÓN POR LA INTERVENTORÍA O SUPERVISIÓN
A65: Nota 1: Cuando se trate de análisis de precios unitarios correspondientes a ítems de la propuesta económica aprobada, el interventor o supervisor aprueba el desglose de los componentes manteniendo el mismo precio unitario de cada ítem, cumpliendo con las especificaciones de construcción vigentes para el proyecto.
A67: Nota 2: Cuando se trate de Análisis de precios unitarios de ítems no previstos, el Interventor aprueba el desglose y precio unitario de cada ítem no previsto, exigiendo la aplicación de los costos correspondientes a insumos y tarifas de la propuesta económica inicial cuando estén contemplados, cumpliendo con las especificaciones de construcción vigente para el proyecto.
F70: Firma
F71: Nombre: | G71: MONICA YULIETH RODRIGUEZ TORRES
F72: Secretaria de Planeacion y Obras Publicas
F73: Matricula No. :

Sheet 109-ITEM
A1: Formulario 1 - Propuesta económica - Documento tipo de licitación de obra pública de infraestructura de transporte - versión 4
A2: Código | B2: CCE-EICP-FM-14 | C2: Versión | D2: 4
A3: FORMULARIO 1
A4: PRESUPUESTO OFICIAL
A6: [La entidad podrá utilizar este formato para la presentación de los análisis de precios unitarios del contratista en la oportunidad prevista en el numeral 8.2. del Documento Base]
C8: ALCALDIA MUNICIPAL DE SABANALARGA - CASANARE
K9: VERSIÓN
C11: ANALISIS DE PRECIOS UNITARIOS | K11: PÁGINA | L11: 1 | M11: DE | N11: 1
K14: FECHA | L14: DD | M14: MM | N14: AA
A16: ÍTEMS DE LA PROPUESTA ECONÓMICA | H16: ÍTEMS NO PREVISTOS
E18: =+'PRESUPUESTO OFICIAL PLIEGO TIPO'!A15 -> ESTRUCTURA DE PLACA HUELLA
A19: DATOS ESPECÍFICOS
A21: ÍTEM | B21: =+'PRESUPUESTO OFICIAL PLIEGO TIPO'!B25 -> 109 | C21: =+'PRESUPUESTO OFICIAL PLIEGO TIPO'!E25 -> Piedra pegada concreto de 2500 Psi, e=0.15 m | L21: UNIDAD | N21: CANTIDAD
B22: =+'PRESUPUESTO OFICIAL PLIEGO TIPO'!C25 -> 5.752 | L22: =+'PRESUPUESTO OFICIAL PLIEGO TIPO'!F25 -> M²
A23: I. EQUIPO
A26: DESCRIPCIÓN | G26: MARCA | I26: TIPO | K26: TARIFA/HORA | L26: RENDIMIENTO | N26: Vr. UNITARIO
A27: Herramienta menor 10% M.O. AA | K27: =+K48*10% -> 4107.5 | L27: 0.8 | N27: =ROUND((K27*L27),2) -> 3286
A29: SUBTOTAL $ | N29: =ROUND(SUM(N27:N28),2) -> 3286
A30: II. MATERIALES
A33: DESCRIPCIÓN | J33: UNIDAD | K33: CANTIDAD | L33: PRECIO UNIT. | N33: Vr. UNITARIO
A34: Piedra rajon o media zonga - con transporte | J34: M3 | K34: 0.06 | L34: 113719 | N34: =ROUND((K34*L34),2) -> 6823.14
A35: Concreto 2500 Psi 175 Kg/cm2 (Basico, 5% desperdicio) | J35: M3 | K35: 0.09 | L35: =+'CAÑORICO-ANACONCRETO 2500 psi'!N57 -> 582566 | N35: =ROUND((K35*L35),2) -> 52430.94
A36: Tabla burra Ordinaria 0.30 | J36: M | K36: 1 | L36: 10313 | N36: =ROUND((K36*L36),2) -> 10313
A37: SUBTOTAL $ | N37: =ROUND(SUM(N34:N36),2) -> 69567.08
A38: III. TRANSPORTES
A41: MATERIAL | I41: VOL. o PESO | J41: DISTANCIA | K41: M3 o Ton/Km | L41: TARIFA | N41: Vr. UNITARIO
A43: SUBTOTAL $ | N43: =+N42 -> 0
A44: IV. MANO DE OBRA
A47: TRABAJADOR | I47: JORNAL | J47: PRESTACIONES | K47: JORNAL TOTAL | L47: RENDIMIENTO | N47: Vr. UNITARIO
A48: Cuadrilla AA (Albañileria) | I48: Hr | K48: 41075 | L48: 0.8 | N48: =ROUND((K48*L48),2) -> 32860
A51: SUBTOTAL $ | N51: =ROUND(SUM(N48:N50),2) -> 32860
A53: TOTAL COSTO DIRECTO $ | N53: =ROUND(+N29+N37+N43+N51,0) -> 105713
A54: V. COSTOS INDIRECTOS
A57: Descripción | K57: Porcentaje | L57: Valor Total
A58: ADMINISTRACION | K58: 0.28 | L58: =ROUND((N53*K58),2) -> 29599.64 | M58: =ROUND((J58*K58),0) -> 0 | N58: =+L58 -> 29599.64
A59: IMPREVISTOS | K59: 0.01 | L59: =ROUND((N53*K59),2) -> 1057.13 | M59: =ROUND((J59*K59),0) -> 0 | N59: =+L59 -> 1057.13
A60: UTILIDAD | K60: 0.05 | L60: =ROUND((N53*K60),2) -> 5285.65 | M60: =ROUND((J60*K60),0) -> 0 | N60: =+L60 -> 5285.65
A61: SUBTOTAL $ | N61: =ROUND(SUM(N58:N60),0) -> 35942
A63: Precio Unitario Total Aproximado al peso $ | N63: =ROUND(+N61+N53,0) -> 141655
F64: Firma
F65: Nombre: | G65: MARCIA LUCERO ALFONSO GAMEZ
F66: Profesional de apoyo S.P.O.P
F67: Matricula No. : | G67: 54202-342375 NTS
A69: OBSERVACIONES INTERVENTORÍA O SUPERVISIÓN
A72: APROBACIÓN POR LA INTERVENTORÍA O SUPERVISIÓN
A73: Nota 1: Cuando se trate de análisis de precios unitarios correspondientes a ítems de la propuesta económica aprobada, el interventor o supervisor aprueba el desglose de los componentes manteniendo el mismo precio unitario de cada ítem, cumpliendo con las especificaciones de construcción vigentes para el proyecto.
A75: Nota 2: Cuando se trate de Análisis de precios unitarios de ítems no previstos, el Interventor aprueba el desglose y precio unitario de cada ítem no previsto, exigiendo la aplicación de los costos correspondientes a insumos y tarifas de la propuesta económica inicial cuando estén contemplados, cumpliendo con las especificaciones de construcción vigente para el proyecto.
F78: Firma
F79: Nombre: | G79: MONICA YULIETH RODRIGUEZ TORRES
F80: Secretaria de Planeacion y Obras Publicas
F81: Matricula No. :

Sheet ITEM 110
A1: Formulario 1 - Propuesta económica - Documento tipo de licitación de obra pública de infraestructura de transporte - versión 4
A2: Código | B2: CCE-EICP-FM-14 | C2: Versión | D2: 4
A3: FORMULARIO 1
A4: PRESUPUESTO OFICIAL
A6: [La entidad podrá utilizar este formato para la presentación de los análisis de precios unitarios del contratista en la oportunidad prevista en el numeral 8.2. del Documento Base]
C8: ALCALDIA MUNICIPAL DE SABANALARGA - CASANARE
K9: VERSIÓN
C11: ANALISIS DE PRECIOS UNITARIOS | K11: PÁGINA | L11: 1 | M11: DE | N11: 1
K14: FECHA | L14: DD | M14: MM | N14: AA
A16: ÍTEMS DE LA PROPUESTA ECONÓMICA | H16: ÍTEMS NO PREVISTOS
E18: =+'PRESUPUESTO OFICIAL PLIEGO TIPO'!A15 -> ESTRUCTURA DE PLACA HUELLA
A19: DATOS ESPECÍFICOS
A21: ÍTEM | B21: =+'PRESUPUESTO OFICIAL PLIEGO TIPO'!B26 -> 110 | C21: =+'PRESUPUESTO OFICIAL PLIEGO TIPO'!E26 -> Acero de Refuerzo Grado 60 | L21: UNIDAD | N21: CANTIDAD
B22: =+'PRESUPUESTO OFICIAL PLIEGO TIPO'!C26 -> 5.067 | L22: =+'PRESUPUESTO OFICIAL PLIEGO TIPO'!F26 -> Kg
A23: I. EQUIPO
A25: DESCRIPCIÓN | G25: MARCA | I25: TIPO | K25: TARIFA/HORA | L25: RENDIMIENTO | N25: Vr. UNITARIO
A26: Herramienta menor 10% M.O. AA | K26: =+K47*10% -> 4107.5 | L26: 0.0318 | N26: =ROUND((K26*L26),2) -> 130.62
A28: SUBTOTAL $ | N28: =ROUND(SUM(N26:N27),2) -> 130.62
A31: DESCRIPCIÓN | J31: UNIDAD | K31: CANTIDAD | L31: PRECIO UNIT. | N31: Vr. UNITARIO
A32: Acero de refuerzo 60000 Psi | J32: Kg | K32: 1.05 | L32: 5477 | N32: =ROUND((K32*L32),2) -> 5750.85
A33: Alambre Negro No 18 o 17 | J33: Kg | K33: 0.03 | L33: 8572 | N33: =ROUND((K33*L33),2) -> 257.16
A34: Hoja Segueta | J34: Und | K34: 0.0295 | L34: 6202 | N34: =ROUND((K34*L34),2) -> 182.96
A35: SUBTOTAL $ | N35: =ROUND(SUM(N32:N34),2) -> 6190.97
A36: III. TRANSPORTES
A39: MATERIAL | I39: VOL. o PESO | J39: DISTANCIA | K39: M3 o Ton/Km | L39: TARIFA | N39: Vr. UNITARIO
A40: Transporte de materiales - t | I40: t | K40: 0.001 | L40: =+'CAÑOrico-TRANSPORTE Tn'!N56 -> 28292 | N40: =ROUND((K40*L40),2) -> 28.29
A42: SUBTOTAL $ | N42: =ROUND(SUM(N40:N41),2) -> 28.29
A43: IV. MANO DE OBRA
A46: TRABAJADOR | I46: JORNAL | J46: PRESTACIONES | K46: JORNAL TOTAL | L46: RENDIMIENTO | N46: Vr. UNITARIO
A47: Cuadrilla AA (Albañileria) | I47: Hr | K47: 41075 | L47: 0.0318 | N47: =ROUND((K47*L47),2) -> 1306.19
A49: SUBTOTAL $ | N49: =ROUND(SUM(N47:N48),2) -> 1306.19
A51: TOTAL COSTO DIRECTO $ | N51: =ROUND(+N28+N35+N42+N49,0) -> 7656
A52: V. COSTOS INDIRECTOS
A55: Descripción | K55: Porcentaje | L55: Valor Total
A56: ADMINISTRACION | K56: 0.28 | L56: =ROUND(+N51*K56,2) -> 2143.68 | M56: =ROUND((J56*K56),0) -> 0 | N56: =+L56 -> 2143.68
A57: IMPREVISTOS | K57: 0.01 | L57: =ROUND((N51*K57),2) -> 76.56 | M57: =ROUND((J57*K57),0) -> 0 | N57: =+L57 -> 76.56
A58: UTILIDAD | K58: 0.05 | L58: =ROUND((N51*K58),2) -> 382.8 | M58: =ROUND((J58*K58),0) -> 0 | N58: =+L58 -> 382.8
A59: SUBTOTAL $ | N59: =ROUND(SUM(N56:N58),0) -> 2603
A61: Precio Unitario Total Aproximado al peso $ | N61: =ROUND(+N59+N51,0) -> 10259
F63: Firma
F64: Nombre: | G64: MARCIA LUCERO ALFONSO GAMEZ
F65: Profesional de apoyo S.P.O.P
F66: Matricula No. : | G66: 54202-342375 NTS
A68: OBSERVACIONES INTERVENTORÍA O SUPERVISIÓN
A70: APROBACIÓN POR LA INTERVENTORÍA O SUPERVISIÓN
A71: Nota 1: Cuando se trate de análisis de precios unitarios correspondientes a ítems de la propuesta económica aprobada, el interventor o supervisor aprueba el desglose de los componentes manteniendo el mismo precio unitario de cada ítem, cumpliendo con las especificaciones de construcción vigentes para el proyecto.
A73: Nota 2: Cuando se trate de Análisis de precios unitarios de ítems no previstos, el Interventor aprueba el desglose y precio unitario de cada ítem no previsto, exigiendo la aplicación de los costos correspondientes a insumos y tarifas de la propuesta económica inicial cuando estén contemplados, cumpliendo con las especificaciones de construcción vigente para el proyecto.
F76: Firma
F77: Nombre: | G77: MONICA YULIETH RODRIGUEZ TORRES
F78: Secretaria de Planeacion y Obras Publicas
F79: Matricula No. :

Sheet ITEM 111
A1: Formulario 1 - Propuesta económica - Documento tipo de licitación de obra pública de infraestructura de transporte - versión 4
A2: Código | B2: CCE-EICP-FM-14 | C2: Versión | D2: 4
A3: FORMULARIO 1
A4: PRESUPUESTO OFICIAL
A6: [La entidad podrá utilizar este formato para la presentación de los análisis de precios unitarios del contratista en la oportunidad prevista en el numeral 8.2. del Documento Base]
C8: ALCALDIA MUNICIPAL DE SABANALARGA - CASANARE
K9: VERSIÓN
C11: ANALISIS DE PRECIOS UNITARIOS | K11: PÁGINA | L11: 1 | M11: DE | N11: 1
K13: FECHA | L13: DD | M13: MM | N13: AA
A15: ÍTEMS DE LA PROPUESTA ECONÓMICA | H15: ÍTEMS NO PREVISTOS
E17: =+'PRESUPUESTO OFICIAL PLIEGO TIPO'!A15 -> ESTRUCTURA DE PLACA HUELLA
A18: DATOS ESPECÍFICOS
A20: ÍTEM | B20: =+'PRESUPUESTO OFICIAL PLIEGO TIPO'!B27 -> 111 | C20: =+'PRESUPUESTO OFICIAL PLIEGO TIPO'!E27 -> Riostras o diafragmas concreto 3000 PSI, resistencia 210 Kg/cm² | L20: UNIDAD | N20: CANTIDAD
B21: =+'PRESUPUESTO OFICIAL PLIEGO TIPO'!C27 -> 5.837 | L21: =+'PRESUPUESTO OFICIAL PLIEGO TIPO'!F27 -> M³
A22: I. EQUIPO
A25: DESCRIPCIÓN | G25: MARCA | I25: TIPO | K25: TARIFA/HORA | L25: RENDIMIENTO | N25: Vr. UNITARIO
A26: Herramienta menor 10% M.O. AA | K26: =+K48*10% -> 4107.5 | L26: 20 | N26: =ROUND((K26*L26),2) -> 82150
A27: Vibrador de concreto | K27: 8525 | L27: 1.5 | N27: =ROUND((K27*L27),2) -> 12787.5
A29: SUBTOTAL $ | N29: =ROUND(SUM(N26:N28),2) -> 94937.5
A30: II. MATERIALES
A33: DESCRIPCIÓN | J33: UNIDAD | K33: CANTIDAD | L33: PRECIO UNIT. | N33: Vr. UNITARIO
A34: Concreto 3000 Psi 210 Kg/cm2 (Basico, 5% desperdicio) | J34: M3 | K34: 1 | L34: =+'CAÑORICO-ANACONCRETO 3000 psi '!N57 -> 611333 | N34: =ROUND((K34*L34),2) -> 611333
A35: Formaleta (1 uso) | J35: M2 | K35: 1.95 | L35: =+'ANIDADO FORMALETA '!N57 -> 94172 | N35: =ROUND((K35*L35),2) -> 183635.4
N36: =ROUND((K36*L36),0) -> 0
A37: SUBTOTAL $ | N37: =ROUND(SUM(N34:N36),2) -> 794968.4
A38: III. TRANSPORTES
A41: MATERIAL | I41: VOL. o PESO | J41: DISTANCIA | K41: M3 o Ton/Km | L41: TARIFA | N41: Vr. UNITARIO
A43: SUBTOTAL $ | N43: =+N42 -> 0
A44: IV. MANO DE OBRA
A47: TRABAJADOR | I47: JORNAL | J47: PRESTACIONES | K47: JORNAL TOTAL | L47: RENDIMIENTO | N47: Vr. UNITARIO
A48: Cuadrilla AA (Albañileria) | I48: Hr | K48: 41075 | L48: 20 | N48: =ROUND((K48*L48),2) -> 821500
A50: SUBTOTAL $ | N50: =ROUND(SUM(N48:N49),2) -> 821500
A52: TOTAL COSTO DIRECTO $ | N52: =ROUND(+N29+N37+N43+N50,0) -> 1711406
A53: V. COSTOS INDIRECTOS
A56: Descripción | K56: Porcentaje | L56: Valor Total
A57: ADMINISTRACION | K57: 0.28 | L57: =ROUND((N52*K57),2) -> 479193.68 | M57: =ROUND((J57*K57),0) -> 0 | N57: =+L57 -> 479193.68
A58: IMPREVISTOS | K58: 0.01 | L58: =ROUND((N52*K58),2) -> 17114.06 | M58: =ROUND((J58*K58),0) -> 0 | N58: =+L58 -> 17114.06
A59: UTILIDAD | K59: 0.05 | L59: =ROUND((N52*K59),2) -> 85570.3 | M59: =ROUND((J59*K59),0) -> 0 | N59: =+L59 -> 85570.3
A60: SUBTOTAL $ | N60: =ROUND(SUM(N57:N59),0) -> 581878
A62: Precio Unitario Total Aproximado al peso $ | N62: =ROUND(+N60+N52,0) -> 2293284
F63: Firma
F64: Nombre: | G64: MARCIA LUCERO ALFONSO GAMEZ
F65: Profesional de apoyo S.P.O.P
F66: Matricula No. : | G66: 54202-342375 NTS
A68: OBSERVACIONES INTERVENTORÍA O SUPERVISIÓN
A71: APROBACIÓN POR LA INTERVENTORÍA O SUPERVISIÓN
A72: Nota 1: Cuando se trate de análisis de precios unitarios correspondientes a ítems de la propuesta económica aprobada, el interventor o supervisor aprueba el desglose de los componentes manteniendo el mismo precio unitario de cada ítem, cumpliendo con las especificaciones de construcción vigentes para el proyecto.
A74: Nota 2: Cuando se trate de Análisis de precios unitarios de ítems no previstos, el Interventor aprueba el desglose y precio unitario de cada ítem no previsto, exigiendo la aplicación de los costos correspondientes a insumos y tarifas de la propuesta económica inicial cuando estén contemplados, cumpliendo con las especificaciones de construcción vigente para el proyecto.
F77: Firma
F78: Nombre: | G78: MONICA YULIETH RODRIGUEZ TORRES
F79: Secretaria de Planeacion y Obras Publicas
F80: Matricula No. :

Sheet ITEM 112
A1: Formulario 1 - Propuesta económica - Documento tipo de licitación de obra pública de infraestructura de transporte - versión 4
A2: Código | B2: CCE-EICP-FM-14 | C2: Versión | D2: 4
A3: FORMULARIO 1
A4: PRESUPUESTO OFICIAL
A6: [La entidad podrá utilizar este formato para la presentación de los análisis de precios unitarios del contratista en la oportunidad prevista en el numeral 8.2. del Documento Base]
C8: ALCALDIA MUNICIPAL DE SABANALARGA - CASANARE
K9: VERSIÓN
C11: ANALISIS DE PRECIOS UNITARIOS | K11: PÁGINA | L11: 1 | M11: DE | N11: 1
K14: FECHA | L14: DD | M14: MM | N14: AA
A16: ÍTEMS DE LA PROPUESTA ECONÓMICA | H16: ÍTEMS NO PREVISTOS
E19: =+'PRESUPUESTO OFICIAL PLIEGO TIPO'!A15 -> ESTRUCTURA DE PLACA HUELLA
A20: DATOS ESPECÍFICOS
A22: ÍTEM | B22: =+'PRESUPUESTO OFICIAL PLIEGO TIPO'!B28 -> 112 | C22: =+'PRESUPUESTO OFICIAL PLIEGO TIPO'!E28 -> Cuneta tipo C-1 concreto 3000 Psi e=0.15 m | L22: UNIDAD | N22: CANTIDAD
B23: =+'PRESUPUESTO OFICIAL PLIEGO TIPO'!C28 -> 512 | L23: =+'PRESUPUESTO OFICIAL PLIEGO TIPO'!F28 -> M³
A24: I. EQUIPO
A27: DESCRIPCIÓN | G27: MARCA | I27: TIPO | K27: TARIFA/HORA | L27: RENDIMIENTO | N27: Vr. UNITARIO
A28: Herramienta menor 10% M.O. AA | K28: =+K50*10% -> 4107.5 | L28: 2.5 | N28: =ROUND((K28*L28),2) -> 10268.75
A29: Vibrador de concreto | K29: 8525 | L29: 0.56 | N29: =ROUND((K29*L29),2) -> 4774
A31: SUBTOTAL $ | N31: =ROUND(SUM(N28:N30),2) -> 15042.75
A32: II. MATERIALES
A35: DESCRIPCIÓN | J35: UNIDAD | K35: CANTIDAD | L35: PRECIO UNIT. | N35: Vr. UNITARIO
A36: Concreto 3000 Psi 210 Kg/cm2 (Basico, 5% desperdicio) | J36: M3 | K36: 1 | L36: =+'CAÑORICO-ANACONCRETO 3000 psi '!N57 -> 611333 | N36: =ROUND((K36*L36),2) -> 611333
A37: Tabla chapa ordinario 0.10 | J37: ml | K37: 10 | L37: 10870 | N37: =ROUND((K37*L37),2) -> 108700
A38: SUBTOTAL $ | N38: =ROUND(SUM(N36:N37),2) -> 720033
A39: III. TRANSPORTES
A42: MATERIAL | I42: VOL. o PESO | J42: DISTANCIA | K42: M3 o Ton/Km | L42: TARIFA | N42: Vr. UNITARIO
A45: SUBTOTAL $ | N45: =+N43 -> 0
A46: IV. MANO DE OBRA
A49: TRABAJADOR | I49: JORNAL | J49: PRESTACIONES | K49: JORNAL TOTAL | L49: RENDIMIENTO | N49: Vr. UNITARIO
A50: Cuadrilla AA (Albañileria) | I50: hr | K50: 41075 | L50: 2.5 | N50: =ROUND((K50*L50),2) -> 102687.5
A52: SUBTOTAL $ | N52: =ROUND(SUM(N50:N51),2) -> 102687.5
A54: TOTAL COSTO DIRECTO $ | N54: =ROUND(+N31+N38+N45+N52,0) -> 837763
A55: V. COSTOS INDIRECTOS
A58: Descripción | K58: Porcentaje | L58: Valor Total
A59: ADMINISTRACION | K59: 0.28 | L59: =ROUND((N54*K59),2) -> 234573.64 | M59: =ROUND((J59*K59),0) -> 0 | N59: =+L59 -> 234573.64
A60: IMPREVISTOS | K60: 0.01 | L60: =ROUND((N54*K60),2) -> 8377.63 | M60: =ROUND((J60*K60),0) -> 0 | N60: =+L60 -> 8377.63
A61: UTILIDAD | K61: 0.05 | L61: =ROUND((N54*K61),2) -> 41888.15 | M61: =ROUND((J61*K61),0) -> 0 | N61: =+L61 -> 41888.15
A62: SUBTOTAL $ | N62: =ROUND(SUM(N59:N61),0) -> 284839
A64: Precio Unitario Total Aproximado al peso $ | N64: =ROUND(+N62+N54,0) -> 1122602
F66: Firma
F67: Nombre: | G67: MARCIA LUCERO ALFONSO GAMEZ
F68: Profesional de apoyo S.P.O.P
F69: Matricula No. : | G69: 54202-342375 NTS
A70: OBSERVACIONES INTERVENTORÍA O SUPERVISIÓN
A72: APROBACIÓN POR LA INTERVENTORÍA O SUPERVISIÓN
A73: Nota 1: Cuando se trate de análisis de precios unitarios correspondientes a ítems de la propuesta económica aprobada, el interventor o supervisor aprueba el desglose de los componentes manteniendo el mismo precio unitario de cada ítem, cumpliendo con las especificaciones de construcción vigentes para el proyecto.
A75: Nota 2: Cuando se trate de Análisis de precios unitarios de ítems no previstos, el Interventor aprueba el desglose y precio unitario de cada ítem no previsto, exigiendo la aplicación de los costos correspondientes a insumos y tarifas de la propuesta económica inicial cuando estén contemplados, cumpliendo con las especificaciones de construcción vigente para el proyecto.
F78: Firma
F79: Nombre: | G79: MONICA YULIETH RODRIGUEZ TORRES
F80: Secretaria de Planeacion y Obras Publicas
F81: Matricula No. :

Sheet ITEM 113
A1: Formulario 1 - Propuesta económica - Documento tipo de licitación de obra pública de infraestructura de transporte - versión 4
A2: Código | B2: CCE-EICP-FM-14 | C2: Versión | D2: 4
A3: FORMULARIO 1
A4: PRESUPUESTO OFICIAL
A5: [La entidad podrá utilizar este formato para la presentación de los análisis de precios unitarios del contratista en la oportunidad prevista en el numeral 8.2. del Documento Base]
C7: ALCALDIA MUNICIPAL DE SABANALARGA - CASANARE
K8: VERSIÓN
C10: ANALISIS DE PRECIOS UNITARIOS | K10: PÁGINA | L10: 1 | M10: DE | N10: 1
K12: FECHA | L12: DD | M12: MM | N12: AA
A14: ÍTEMS DE LA PROPUESTA ECONÓMICA | H14: ÍTEMS NO PREVISTOS
E16: =+'PRESUPUESTO OFICIAL PLIEGO TIPO'!A15 -> ESTRUCTURA DE PLACA HUELLA
A17: DATOS ESPECÍFICOS
A19: ÍTEM | B19: =+'PRESUPUESTO OFICIAL PLIEGO TIPO'!B29 -> 113 | C19: =+'PRESUPUESTO OFICIAL PLIEGO TIPO'!E29 -> Movilizacion y desmovilizacion de equipo pesado | L19: UNIDAD | N19: CANTIDAD
B20: =+'PRESUPUESTO OFICIAL PLIEGO TIPO'!C29 -> 5.559 | L20: =+'PRESUPUESTO OFICIAL PLIEGO TIPO'!F29 -> Km
A21: I. EQUIPO
A24: DESCRIPCIÓN | G24: MARCA | I24: TIPO | K24: TARIFA/HORA | L24: RENDIMIENTO | N24: Vr. UNITARIO
A25: Camabaja | K25: 375111 | L25: 0.1153 | N25: =ROUND((K25*L25),2) -> 43250.3
N26: =+K26*L26 -> 0
A27: SUBTOTAL $ | N27: =ROUND(SUM(N25:N26),2) -> 43250.3
A28: II. MATERIALES
A31: DESCRIPCIÓN | J31: UNIDAD | K31: CANTIDAD | L31: PRECIO UNIT. | N31: Vr. UNITARIO
N32: =ROUND((K32*L32),0) -> 0
N33: =ROUND((K33*L33),0) -> 0
A34: SUBTOTAL $ | N34: =ROUND(SUM(N32:N33),0) -> 0
A35: III. TRANSPORTES
A38: MATERIAL | I38: VOL. o PESO | J38: DISTANCIA | K38: M3 o Ton/Km | L38: TARIFA | N38: Vr. UNITARIO
N39: =ROUND((K39*L39),0) -> 0
A41: SUBTOTAL $ | N41: =+N39 -> 0
A42: IV. MANO DE OBRA
A45: TRABAJADOR | I45: JORNAL | J45: PRESTACIONES | K45: JORNAL TOTAL | L45: RENDIMIENTO | N45: Vr. UNITARIO
N46: =ROUND((K46*L46),0) -> 0
N47: =ROUND((K47*L47),0) -> 0
A48: SUBTOTAL $ | N48: =SUM(N46:N47) -> 0
A50: TOTAL COSTO DIRECTO $ | N50: =ROUND(+N27+N34+N41+N48,0) -> 43250
A51: V. COSTOS INDIRECTOS
A54: Descripción | K54: Porcentaje | L54: Valor Total
A55: ADMINISTRACION | K55: 0.28 | L55: =ROUND((N50*K55),2) -> 12110 | M55: =ROUND((J55*K55),0) -> 0 | N55: =+L55 -> 12110
A56: IMPREVISTOS | K56: 0.01 | L56: =ROUND((N50*K56),2) -> 432.5 | N56: =+L56 -> 432.5
A57: UTILIDAD | K57: 0.05 | L57: =ROUND((N50*K57),2) -> 2162.5 | N57: =+L57 -> 2162.5
A58: SUBTOTAL $ | N58: =ROUND(SUM(N55:N57),0) -> 14705
A60: Precio Unitario Total Aproximado al peso $ | N60: =ROUND(+N58+N50,0) -> 57955
F62: Firma
F63: Nombre: | G63: MARCIA LUCERO ALFONSO GAMEZ
F64: Profesional de apoyo S.P.O.P
F65: Matricula No. : | G65: 54202-342375 NTS
A67: OBSERVACIONES INTERVENTORÍA O SUPERVISIÓN
A69: APROBACIÓN POR LA INTERVENTORÍA O SUPERVISIÓN
A70: Nota 1: Cuando se trate de análisis de precios unitarios correspondientes a ítems de la propuesta económica aprobada, el interventor o supervisor aprueba el desglose de los componentes manteniendo el mismo precio unitario de cada ítem, cumpliendo con las especificaciones de construcción vigentes para el proyecto.
A72: Nota 2: Cuando se trate de Análisis de precios unitarios de ítems no previstos, el Interventor aprueba el desglose y precio unitario de cada ítem no previsto, exigiendo la aplicación de los costos correspondientes a insumos y tarifas de la propuesta económica inicial cuando estén contemplados, cumpliendo con las especificaciones de construcción vigente para el proyecto.
F75: Firma
F76: Nombre: | G76: MONICA YULIETH RODRIGUEZ TORRES
F77: Secretaria de Planeacion y Obras Publicas
F78: Matricula No. :

Sheet ITEM 201
A1: Formulario 1 - Propuesta económica - Documento tipo de licitación de obra pública de infraestructura de transporte - versión 4
A2: Código | B2: CCE-EICP-FM-14 | C2: Versión | D2: 4
A3: FORMULARIO 1
A4: PRESUPUESTO OFICIAL
A6: [La entidad podrá utilizar este formato para la presentación de los análisis de precios unitarios del contratista en la oportunidad prevista en el numeral 8.2. del Documento Base]
C8: ALCALDIA MUNICIPAL DE SABANALARGA - CASANARE
K9: VERSIÓN
C11: ANALISIS DE PRECIOS UNITARIOS | K11: PÁGINA | L11: 1 | M11: DE | N11: 1
K14: FECHA | L14: DD | M14: MM | N14: AA
A16: ÍTEMS DE LA PROPUESTA ECONÓMICA | H16: ÍTEMS NO PREVISTOS
A18: =+'PRESUPUESTO OFICIAL PLIEGO TIPO'!A31 -> OBRAS DE DRENAJE
A19: DATOS ESPECÍFICOS
A21: ÍTEM | B21: =+'PRESUPUESTO OFICIAL PLIEGO TIPO'!B33 -> 201 | C21: =+'PRESUPUESTO OFICIAL PLIEGO TIPO'!E33 -> Replanteo y localizacion para obras de proteccion (Planimetria y Altimetria) | L21: UNIDAD | N21: CANTIDAD
B22: =+'PRESUPUESTO OFICIAL PLIEGO TIPO'!C33 -> 6.191 | L22: =+'PRESUPUESTO OFICIAL PLIEGO TIPO'!F33 -> M²
A23: I. EQUIPO
A26: DESCRIPCIÓN | G26: MARCA | I26: TIPO | K26: TARIFA/HORA | L26: RENDIMIENTO | N26: Vr. UNITARIO
A27: Campero 2000 cc-2999 cc | I27: Hr | K27: 49167 | L27: 0.1 | N27: =ROUND((K27*L27),2) -> 4916.7
A28: Estacion Total | I28: Hr | K28: 7500 | L28: 0.02 | N28: =ROUND((K28*L28),2) -> 150
A30: SUBTOTAL $ | N30: =ROUND(SUM(N27:N29),2) -> 5066.7
A31: II. MATERIALES
A34: DESCRIPCIÓN | J34: UNIDAD | K34: CANTIDAD | L34: PRECIO UNIT. | N34: Vr. UNITARIO
A35: Cinta de Señalizacion - peligro no pase - | J35: m | K35: 0.8 | L35: 72 | N35: =ROUND((K35*L35),2) -> 57.6
A36: Durmiente ordinario 4 x 4 x 3.0 m | J36: m | K36: 0.1 | L36: 3636 | N36: =ROUND((K36*L36),2) -> 363.6
A37: Esmalte brillante tipo pintulux de Pintuco o similar | J37: gal | K37: 0.0009 | L37: 92850 | N37: =ROUND((K37*L37),2) -> 83.57
A38: SUBTOTAL $ | N38: =ROUND(SUM(N35:N37),2) -> 504.77
A39: III. TRANSPORTES
A42: MATERIAL | I42: VOL. o PESO | J42: DISTANCIA | K42: M3 o Ton/Km | L42: TARIFA | N42: Vr. UNITARIO
N43: =ROUND((K43*L43),0) -> 0
A44: SUBTOTAL $ | N44: =+N43 -> 0
A45: IV. MANO DE OBRA
A48: TRABAJADOR | I48: JORNAL | J48: PRESTACIONES | K48: JORNAL TOTAL | L48: RENDIMIENTO | N48: Vr. UNITARIO
A49: Ayudante de construccion 1 | I49: Hr | K49: 16864 | L49: 0.02 | N49: =ROUND((K49*L49),2) -> 337.28
A50: Cadenero | I50: Hr | K50: 24210 | L50: 0.02 | N50: =ROUND((K50*L50),2) -> 484.2
A51: Topografo | I51: h | K51: 73814 | L51: 0.02 | N51: =ROUND((K51*L51),2) -> 1476.28
A53: SUBTOTAL $ | N53: =ROUND(SUM(N49:N52),2) -> 2297.76
A55: TOTAL COSTO DIRECTO $ | N55: =ROUND(+N30+N38+N44+N53,0) -> 7869
A56: V. COSTOS INDIRECTOS
A59: Descripción | K59: Porcentaje | L59: Valor Total
A60: ADMINISTRACION | K60: 0.28 | L60: =ROUND((N55*K60),2) -> 2203.32 | M60: =ROUND((J60*K60),0) -> 0 | N60: =+L60 -> 2203.32
A61: IMPREVISTOS | K61: 0.01 | L61: =ROUND((N55*K61),2) -> 78.69 | M61: =ROUND((J61*K61),0) -> 0 | N61: =+L61 -> 78.69
A62: UTILIDAD | K62: 0.05 | L62: =ROUND((N55*K62),2) -> 393.45 | M62: =ROUND((J62*K62),0) -> 0 | N62: =+L62 -> 393.45
A63: SUBTOTAL $ | N63: =ROUND(SUM(N60:N62),0) -> 2675
A65: Precio Unitario Total Aproximado al peso $ | N65: =ROUND(+N63+N55,0) -> 10544
F67: Firma
F68: Nombre: MARCIA LUCERO ALFONSO GAMEZ
F69: Profesional de apoyo S.P.O.P
F70: Matricula No. : | G70: 54202-342375 NTS
A72: OBSERVACIONES INTERVENTORÍA O SUPERVISIÓN
A75: APROBACIÓN POR LA INTERVENTORÍA O SUPERVISIÓN
A76: Nota 1: Cuando se trate de análisis de precios unitarios correspondientes a ítems de la propuesta económica aprobada, el interventor o supervisor aprueba el desglose de los componentes manteniendo el mismo precio unitario de cada ítem, cumpliendo con las especificaciones de construcción vigentes para el proyecto.
A78: Nota 2: Cuando se trate de Análisis de precios unitarios de ítems no previstos, el Interventor aprueba el desglose y precio unitario de cada ítem no previsto, exigiendo la aplicación de los costos correspondientes a insumos y tarifas de la propuesta económica inicial cuando estén contemplados, cumpliendo con las especificaciones de construcción vigente para el proyecto.
F81: Firma
F82: Nombre: MONICA YULIETH RODRIGUEZ TORRES
F83: Secretaria de Planeacion y Obras Publicas
F84: Matricula No. :

Sheet ITEM 202
A1: Formulario 1 - Propuesta económica - Documento tipo de licitación de obra pública de infraestructura de transporte - versión 4
A2: Código | B2: CCE-EICP-FM-14 | C2: Versión | D2: 4
A3: FORMULARIO 1
A4: PRESUPUESTO OFICIAL
A6: [La entidad podrá utilizar este formato para la presentación de los análisis de precios unitarios del contratista en la oportunidad prevista en el numeral 8.2. del Documento Base]
C8: ALCALDIA MUNICIPAL DE SABANALARGA - CASANARE
K9: VERSIÓN
C11: ANALISIS DE PRECIOS UNITARIOS | K11: PÁGINA | L11: 1 | M11: DE | N11: 1
K14: FECHA | L14: DD | M14: MM | N14: AA
A16: ÍTEMS DE LA PROPUESTA ECONÓMICA | H16: ÍTEMS NO PREVISTOS
A18: =+'ITEM 201'!A18 -> OBRAS DE DRENAJE
A19: DATOS ESPECÍFICOS
A21: ÍTEM | B21: =+'PRESUPUESTO OFICIAL PLIEGO TIPO'!B34 -> 202 | C21: =+'PRESUPUESTO OFICIAL PLIEGO TIPO'!E34 -> Excavacion mecanica en material comun hasta 4 m (oruga) | L21: UNIDAD | N21: CANTIDAD
B22: =+'PRESUPUESTO OFICIAL PLIEGO TIPO'!C34 -> 3.016 | L22: =+'PRESUPUESTO OFICIAL PLIEGO TIPO'!F34 -> M³
A23: I. EQUIPO
A26: DESCRIPCIÓN | G26: MARCA | I26: TIPO | K26: TARIFA/HORA | L26: RENDIMIENTO | N26: Vr. UNITARIO
A27: Retroexcavadora de orugas | I27: Hr | K27: 363603 | L27: 0.0286 | N27: =ROUND((K27*L27),2) -> 10399.05
N28: =ROUND((K28*L28),2) -> 0
A30: SUBTOTAL $ | N30: =ROUND(SUM(N27:N29),2) -> 10399.05
A31: II. MATERIALES
A34: DESCRIPCIÓN | J34: UNIDAD | K34: CANTIDAD | L34: PRECIO UNIT. | N34: Vr. UNITARIO
N35: =ROUND((K35*L35),2) -> 0
N36: =ROUND((K36*L36),2) -> 0
N37: =ROUND((K37*L37),2) -> 0
A38: SUBTOTAL $ | N38: =ROUND(SUM(N35:N37),2) -> 0
A39: III. TRANSPORTES
A42: MATERIAL | I42: VOL. o PESO | J42: DISTANCIA | K42: M3 o Ton/Km | L42: TARIFA | N42: Vr. UNITARIO
N43: =ROUND((K43*L43),0) -> 0
A44: SUBTOTAL $ | N44: =+N43 -> 0
A45: IV. MANO DE OBRA
A48: TRABAJADOR | I48: JORNAL | J48: PRESTACIONES | K48: JORNAL TOTAL | L48: RENDIMIENTO | N48: Vr. UNITARIO
N49: =ROUND((K49*L49),2) -> 0
N50: =ROUND((K50*L50),2) -> 0
N51: =ROUND((K51*L51),2) -> 0
A53: SUBTOTAL $ | N53: =ROUND(SUM(N49:N52),2) -> 0
A55: TOTAL COSTO DIRECTO $ | N55: =ROUND(+N30+N38+N44+N53,0) -> 10399
A56: V. COSTOS INDIRECTOS
A59: Descripción | K59: Porcentaje | L59: Valor Total
A60: ADMINISTRACION | K60: 0.28 | L60: =ROUND((N55*K60),2) -> 2911.72 | M60: =ROUND((J60*K60),0) -> 0 | N60: =+L60 -> 2911.72
A61: IMPREVISTOS | K61: 0.01 | L61: =ROUND((N55*K61),2) -> 103.99 | M61: =ROUND((J61*K61),0) -> 0 | N61: =+L61 -> 103.99
A62: UTILIDAD | K62: 0.05 | L62: =ROUND((N55*K62),2) -> 519.95 | M62: =ROUND((J62*K62),0) -> 0 | N62: =+L62 -> 519.95
A63: SUBTOTAL $ | N63: =ROUND(SUM(N60:N62),0) -> 3536
A65: Precio Unitario Total Aproximado al peso $ | N65: =ROUND(+N63+N55,0) -> 13935
F67: Firma
F68: Nombre: | G68: MARCIA LUCERO ALFONSO GAMEZ
F69: Profesional de apoyo S.P.O.P
F70: Matricula No. : | G70: 54202-342375 NTS
A72: OBSERVACIONES INTERVENTORÍA O SUPERVISIÓN
A75: APROBACIÓN POR LA INTERVENTORÍA O SUPERVISIÓN
A76: Nota 1: Cuando se trate de análisis de precios unitarios correspondientes a ítems de la propuesta económica aprobada, el interventor o supervisor aprueba el desglose de los componentes manteniendo el mismo precio unitario de cada ítem, cumpliendo con las especificaciones de construcción vigentes para el proyecto.
A78: Nota 2: Cuando se trate de Análisis de precios unitarios de ítems no previstos, el Interventor aprueba el desglose y precio unitario de cada ítem no previsto, exigiendo la aplicación de los costos correspondientes a insumos y tarifas de la propuesta económica inicial cuando estén contemplados, cumpliendo con las especificaciones de construcción vigente para el proyecto.
F81: Firma
F82: Nombre: | G82: MONICA YULIETH RODRIGUEZ TORRES
F83: Secretaria de Planeacion y Obras Publicas
F84: Matricula No. :

Sheet ITEM 203
A1: Formulario 1 - Propuesta económica - Documento tipo de licitación de obra pública de infraestructura de transporte - versión 4
A2: Código | B2: CCE-EICP-FM-14 | C2: Versión | D2: 4
A3: FORMULARIO 1
A4: PRESUPUESTO OFICIAL
A6: [La entidad podrá utilizar este formato para la presentación de los análisis de precios unitarios del contratista en la oportunidad prevista en el numeral 8.2. del Documento Base]
C8: ALCALDIA MUNICIPAL DE SABANALARGA - CASANARE
K9: VERSIÓN
C11: ANALISIS DE PRECIOS UNITARIOS | K11: PÁGINA | L11: 1 | M11: DE | N11: 1
K14: FECHA | L14: DD | M14: MM | N14: AA
A16: ÍTEMS DE LA PROPUESTA ECONÓMICA | H16: ÍTEMS NO PREVISTOS
A18: =+'ITEM 202'!A18 -> OBRAS DE DRENAJE
A19: DATOS ESPECÍFICOS
A21: ÍTEM | B21: =+'PRESUPUESTO OFICIAL PLIEGO TIPO'!B35 -> 203 | C21: =+'PRESUPUESTO OFICIAL PLIEGO TIPO'!E35 -> Concreto para solado resistencia 105 kg/cm2 - 1500 psi | L21: UNIDAD | N21: CANTIDAD
B22: =+'PRESUPUESTO OFICIAL PLIEGO TIPO'!C35 -> 6.503 | L22: =+'PRESUPUESTO OFICIAL PLIEGO TIPO'!F35 -> M³
A23: I. EQUIPO
A26: DESCRIPCIÓN | G26: MARCA | I26: TIPO | K26: TARIFA/HORA | L26: RENDIMIENTO | N26: Vr. UNITARIO
A27: Herramienta menor 5% M.O. AA | K27: =+K49*5% -> 2053.75 | L27: 2.8 | N27: =ROUND((K27*L27),2) -> 5750.5
N28: =ROUND((K28*L28),2) -> 0
A30: SUBTOTAL $ | N30: =ROUND(SUM(N27:N29),2) -> 5750.5
A31: II. MATERIALES
A34: DESCRIPCIÓN | J34: UNIDAD | K34: CANTIDAD | L34: PRECIO UNIT. | N34: Vr. UNITARIO
A35: Concreto 1500 Psi 105 kg/cm2 (Basico, 5% desperdicio) | J35: M3 | K35: 1 | L35: =+'CAÑORICO-ANACONCRETO 1500 psi'!N57 -> 527364 | N35: =ROUND((K35*L35),2) -> 527364
N36: =ROUND((K36*L36),2) -> 0
N37: =ROUND((K37*L37),2) -> 0
A38: SUBTOTAL $ | N38: =ROUND(SUM(N35:N37),2) -> 527364
A39: III. TRANSPORTES
A42: MATERIAL | I42: VOL. o PESO | J42: DISTANCIA | K42: M3 o Ton/Km | L42: TARIFA | N42: Vr. UNITARIO
N43: =ROUND((K43*L43),0) -> 0
A44: SUBTOTAL $ | N44: =+N43 -> 0
A45: IV. MANO DE OBRA
A48: TRABAJADOR | I48: JORNAL | J48: PRESTACIONES | K48: JORNAL TOTAL | L48: RENDIMIENTO | N48: Vr. UNITARIO
A49: Cuadrilla AA (Albañileria) | I49: Hr | K49: 41075 | L49: 2.8 | N49: =ROUND((K49*L49),2) -> 115010
N50: =ROUND((K50*L50),2) -> 0
N51: =ROUND((K51*L51),2) -> 0
A53: SUBTOTAL $ | N53: =ROUND(SUM(N49:N52),2) -> 115010
A55: TOTAL COSTO DIRECTO $ | N55: =ROUND(+N30+N38+N44+N53,0) -> 648125
A56: V. COSTOS INDIRECTOS
A59: Descripción | K59: Porcentaje | L59: Valor Total
A60: ADMINISTRACION | K60: 0.28 | L60: =ROUND(+N55*K60,2) -> 181475 | M60: =ROUND((J60*K60),0) -> 0 | N60: =+L60 -> 181475
A61: IMPREVISTOS | K61: 0.01 | L61: =ROUND(+N55*K61,2) -> 6481.25 | M61: =ROUND((J61*K61),0) -> 0 | N61: =+L61 -> 6481.25
A62: UTILIDAD | K62: 0.05 | L62: =ROUND(+N55*K62,2) -> 32406.25 | M62: =ROUND((J62*K62),0) -> 0 | N62: =+L62 -> 32406.25
A63: SUBTOTAL $ | N63: =+N61++N62+N60 -> 220362.5
A65: Precio Unitario Total Aproximado al peso $ | N65: =ROUND(+N63+N55,0) -> 868488
F67: Firma
F68: Nombre: | G68: MARCIA LUCERO ALFONSO GAMEZ
F69: Profesional de apoyo S.P.O.P
F70: Matricula No. : | G70: 54202-342375 NTS
A72: OBSERVACIONES INTERVENTORÍA O SUPERVISIÓN
A75: APROBACIÓN POR LA INTERVENTORÍA O SUPERVISIÓN
A76: Nota 1: Cuando se trate de análisis de precios unitarios correspondientes a ítems de la propuesta económica aprobada, el interventor o supervisor aprueba el desglose de los componentes manteniendo el mismo precio unitario de cada ítem, cumpliendo con las especificaciones de construcción vigentes para el proyecto.
A78: Nota 2: Cuando se trate de Análisis de precios unitarios de ítems no previstos, el Interventor aprueba el desglose y precio unitario de cada ítem no previsto, exigiendo la aplicación de los costos correspondientes a insumos y tarifas de la propuesta económica inicial cuando estén contemplados, cumpliendo con las especificaciones de construcción vigente para el proyecto.
F81: Firma
F82: Nombre: | G82: MONICA YULIETH RODRIGUEZ TORRES
F83: Secretaria de Planeacion y Obras Publicas
F84: Matricula No. :

Sheet ITEM 204
A1: Formulario 1 - Propuesta económica - Documento tipo de licitación de obra pública de infraestructura de transporte - versión 4
A2: Código | B2: CCE-EICP-FM-14 | C2: Versión | D2: 4
A3: FORMULARIO 1
A4: PRESUPUESTO OFICIAL
A6: [La entidad podrá utilizar este formato para la presentación de los análisis de precios unitarios del contratista en la oportunidad prevista en el numeral 8.2. del Documento Base]
C8: ALCALDIA MUNICIPAL DE SABANALARGA - CASANARE
K9: VERSIÓN
C11: ANALISIS DE PRECIOS UNITARIOS | K11: PÁGINA | L11: 1 | M11: DE | N11: 1
K14: FECHA | L14: DD | M14: MM | N14: AA
A16: ÍTEMS DE LA PROPUESTA ECONÓMICA | H16: ÍTEMS NO PREVISTOS
A18: =+'ITEM 203'!A18 -> OBRAS DE DRENAJE
A19: DATOS ESPECÍFICOS
A21: ÍTEM | B21: =+'PRESUPUESTO OFICIAL PLIEGO TIPO'!B36 -> 204 | C21: =+'PRESUPUESTO OFICIAL PLIEGO TIPO'!E36 -> Concreto para alcantarilla, resistencia 210 kg/cm2 - 3000 psi | L21: UNIDAD | N21: CANTIDAD
B22: =+'PRESUPUESTO OFICIAL PLIEGO TIPO'!C36 -> 5.062 | L22: =+'PRESUPUESTO OFICIAL PLIEGO TIPO'!F36 -> M³
A23: I. EQUIPO
A26: DESCRIPCIÓN | G26: MARCA | I26: TIPO | K26: TARIFA/HORA | L26: RENDIMIENTO | N26: Vr. UNITARIO
A27: Herramienta menor 10% M.O. AA | K27: =+K49*10% -> 4107.5 | L27: 4.2 | N27: =ROUND((K27*L27),2) -> 17251.5
N28: =ROUND((K28*L28),2) -> 0
A30: SUBTOTAL $ | N30: =ROUND(SUM(N27:N29),2) -> 17251.5
A31: II. MATERIALES
A34: DESCRIPCIÓN | J34: UNIDAD | K34: CANTIDAD | L34: PRECIO UNIT. | N34: Vr. UNITARIO
A35: Concreto 3000 Psi 210 Kg/cm2 (Basico, 5% desperdicio) | J35: M3 | K35: 1 | L35: =+'CAÑORICO-ANACONCRETO 3000 psi '!N57 -> 611333 | N35: =ROUND((K35*L35),2) -> 611333
A36: Formaleta (1uso) | J36: M2 | K36: 0.7326 | L36: =+'ANIDADO FORMALETA '!N57 -> 94172 | N36: =ROUND((K36*L36),2) -> 68990.41
N37: =ROUND((K37*L37),2) -> 0
A38: SUBTOTAL $ | N38: =ROUND(SUM(N35:N37),2) -> 680323.41
A39: III. TRANSPORTES
A42: MATERIAL | I42: VOL. o PESO | J42: DISTANCIA | K42: M3 o Ton/Km | L42: TARIFA | N42: Vr. UNITARIO
N43: =ROUND((K43*L43),0) -> 0
A44: SUBTOTAL $ | N44: =+N43 -> 0
A45: IV. MANO DE OBRA
A48: TRABAJADOR | I48: JORNAL | J48: PRESTACIONES | K48: JORNAL TOTAL | L48: RENDIMIENTO | N48: Vr. UNITARIO
A49: Cuadrilla AA (Albañileria) | I49: Hr | K49: 41075 | L49: 4.2 | N49: =ROUND((K49*L49),2) -> 172515
N50: =ROUND((K50*L50),2) -> 0
N51: =ROUND((K51*L51),2) -> 0
A53: SUBTOTAL $ | N53: =ROUND(SUM(N49:N52),2) -> 172515
A55: TOTAL COSTO DIRECTO $ | N55: =ROUND(+N30+N38+N44+N53,0) -> 870090
A56: V. COSTOS INDIRECTOS
A59: Descripción | K59: Porcentaje | L59: Valor Total
A60: ADMINISTRACION | K60: 0.28 | L60: =ROUND((N55*K60),2) -> 243625.2 | M60: =ROUND((J60*K60),0) -> 0 | N60: =+L60 -> 243625.2
A61: IMPREVISTOS | K61: 0.01 | L61: =ROUND((N55*K61),2) -> 8700.9 | M61: =ROUND((J61*K61),0) -> 0 | N61: =+L61 -> 8700.9
A62: UTILIDAD | K62: 0.05 | L62: =ROUND((N55*K62),2) -> 43504.5 | M62: =ROUND((J62*K62),0) -> 0 | N62: =+L62 -> 43504.5
A63: SUBTOTAL $ | N63: =ROUND(SUM(N60:N62),0) -> 295831
A65: Precio Unitario Total Aproximado al peso $ | N65: =ROUND(+N63+N55,0) -> 1165921
F67: Firma
F68: Nombre: | G68: MARCIA LUCERO ALFONSO GAMEZ
F69: Profesional de apoyo S.P.O.P
F70: Matricula No. : | G70: 54202-342375 NTS
A72: OBSERVACIONES INTERVENTORÍA O SUPERVISIÓN
A75: APROBACIÓN POR LA INTERVENTORÍA O SUPERVISIÓN
A76: Nota 1: Cuando se trate de análisis de precios unitarios correspondientes a ítems de la propuesta económica aprobada, el interventor o supervisor aprueba el desglose de los componentes manteniendo el mismo precio unitario de cada ítem, cumpliendo con las especificaciones de construcción vigentes para el proyecto.
A78: Nota 2: Cuando se trate de Análisis de precios unitarios de ítems no previstos, el Interventor aprueba el desglose y precio unitario de cada ítem no previsto, exigiendo la aplicación de los costos correspondientes a insumos y tarifas de la propuesta económica inicial cuando estén contemplados, cumpliendo con las especificaciones de construcción vigente para el proyecto.
F81: Firma
F82: Nombre: | G82: MONICA YULIETH RODRIGUEZ TORRES
F83: Secretaria de Planeacion y Obras Publicas
F84: Matricula No. :

Sheet ITEM 205
A1: Formulario 1 - Propuesta económica - Documento tipo de licitación de obra pública de infraestructura de transporte - versión 4
A2: Código | B2: CCE-EICP-FM-14 | C2: Versión | D2: 4
A3: FORMULARIO 1
A4: PRESUPUESTO OFICIAL
A6: [La entidad podrá utilizar este formato para la presentación de los análisis de precios unitarios del contratista en la oportunidad prevista en el numeral 8.2. del Documento Base]
C8: ALCALDIA MUNICIPAL DE SABANALARGA - CASANARE
K9: VERSIÓN
C11: ANALISIS DE PRECIOS UNITARIOS | K11: PÁGINA | L11: 1 | M11: DE | N11: 1
K14: FECHA | L14: DD | M14: MM | N14: AA
A16: ÍTEMS DE LA PROPUESTA ECONÓMICA | H16: ÍTEMS NO PREVISTOS
A18: =+'ITEM 204'!A18 -> OBRAS DE DRENAJE
A19: DATOS ESPECÍFICOS
A21: ÍTEM | B21: =+'PRESUPUESTO OFICIAL PLIEGO TIPO'!B37 -> 205 | C21: =+'PRESUPUESTO OFICIAL PLIEGO TIPO'!E37 -> Acero de Refuerzo Grado 60 | L21: UNIDAD | N21: CANTIDAD
B22: =+'PRESUPUESTO OFICIAL PLIEGO TIPO'!C37 -> 5.067 | L22: =+'PRESUPUESTO OFICIAL PLIEGO TIPO'!F37 -> Kg
A23: I. EQUIPO
A26: DESCRIPCIÓN | G26: MARCA | I26: TIPO | K26: TARIFA/HORA | L26: RENDIMIENTO | N26: Vr. UNITARIO
A27: Herramienta menor 10% M.O. AA | K27: =+K49*10% -> 4107.5 | L27: 0.0318 | N27: =+L27*K27 -> 130.6185
N28: =ROUND((K28*L28),2) -> 0
A30: SUBTOTAL $ | N30: =+N27 -> 130.6185
A31: II. MATERIALES
A34: DESCRIPCIÓN | J34: UNIDAD | K34: CANTIDAD | L34: PRECIO UNIT. | N34: Vr. UNITARIO
A35: Acero de refuerzo 60000 Psi | J35: Kg | K35: 1.05 | L35: 5477 | N35: =ROUND((K35*L35),2) -> 5750.85
A36: Alambre Negro No 18 o 17 | J36: Kg | K36: 0.03 | L36: 8572 | N36: =ROUND((K36*L36),2) -> 257.16
A37: Hoja Segueta | J37: Und | K37: 0.0295 | L37: 6202 | N37: =ROUND((K37*L37),2) -> 182.96
A38: SUBTOTAL $ | N38: =ROUND(SUM(N35:N37),2) -> 6190.97
A39: III. TRANSPORTES
A42: MATERIAL | I42: VOL. o PESO | J42: DISTANCIA | K42: M3 o Ton/Km | L42: TARIFA | N42: Vr. UNITARIO
A43: Transporte de materiales - t | I43: t | K43: 0.001 | L43: =+'CAÑOrico-TRANSPORTE Tn'!N56 -> 28292 | N43: =ROUND((K43*L43),2) -> 28.29
A44: SUBTOTAL $ | N44: =+N43 -> 28.29
A45: IV. MANO DE OBRA
A48: TRABAJADOR | I48: JORNAL | J48: PRESTACIONES | K48: JORNAL TOTAL | L48: RENDIMIENTO | N48: Vr. UNITARIO
A49: Cuadrilla AA (Albañileria) | I49: Hr | K49: 41075 | L49: 0.0318 | N49: =ROUND((K49*L49),2) -> 1306.19
N50: =ROUND((K50*L50),2) -> 0
N51: =ROUND((K51*L51),2) -> 0
A53: SUBTOTAL $ | N53: =ROUND(SUM(N49:N52),2) -> 1306.19
A55: TOTAL COSTO DIRECTO $ | N55: =ROUND(+N30+N38+N44+N53,0) -> 7656
A56: V. COSTOS INDIRECTOS
A59: Descripción | K59: Porcentaje | L59: Valor Total
A60: ADMINISTRACION | K60: 0.28 | L60: =ROUND(+N55*K60,2) -> 2143.68 | M60: =ROUND((J60*K60),0) -> 0 | N60: =+L60 -> 2143.68
A61: IMPREVISTOS | K61: 0.01 | L61: =ROUND(+N55*K61,2) -> 76.56 | M61: =ROUND((J61*K61),0) -> 0 | N61: =+L61 -> 76.56
A62: UTILIDAD | K62: 0.05 | L62: =ROUND(+N55*K62,2) -> 382.8 | M62: =ROUND((J62*K62),0) -> 0 | N62: =+L62 -> 382.8
A63: SUBTOTAL $ | N63: =ROUND(SUM(N60:N62),0) -> 2603
A65: Precio Unitario Total Aproximado al peso $ | N65: =ROUND(+N63+N55,0) -> 10259
F67: Firma
F68: Nombre: MARCIA LUCERO ALFONSO GAMEZ
F69: Profesional de apoyo S.P.O.P
F70: Matricula No. : 54202-342375 NTS
A72: OBSERVACIONES INTERVENTORÍA O SUPERVISIÓN
A75: APROBACIÓN POR LA INTERVENTORÍA O SUPERVISIÓN
A76: Nota 1: Cuando se trate de análisis de precios unitarios correspondientes a ítems de la propuesta económica aprobada, el interventor o supervisor aprueba el desglose de los componentes manteniendo el mismo precio unitario de cada ítem, cumpliendo con las especificaciones de construcción vigentes para el proyecto.
A78: Nota 2: Cuando se trate de Análisis de precios unitarios de ítems no previstos, el Interventor aprueba el desglose y precio unitario de cada ítem no previsto, exigiendo la aplicación de los costos correspondientes a insumos y tarifas de la propuesta económica inicial cuando estén contemplados, cumpliendo con las especificaciones de construcción vigente para el proyecto.
F81: Firma
F82: Nombre: MONICA YULIETH RODRIGUEZ TORRES
F83: Secretaria de Planeacion y Obras Publicas
F84: Matricula No. :

Sheet ITEM 206
A1: Formulario 1 - Propuesta económica - Documento tipo de licitación de obra pública de infraestructura de transporte - versión 4
A2: Código | B2: CCE-EICP-FM-14 | C2: Versión | D2: 4
A3: FORMULARIO 1
A4: PRESUPUESTO OFICIAL
A6: [La entidad podrá utilizar este formato para la presentación de los análisis de precios unitarios del contratista en la oportunidad prevista en el numeral 8.2. del Documento Base]
C8: ALCALDIA MUNICIPAL DE SABANALARGA - CASANARE
K9: VERSIÓN
C11: ANALISIS DE PRECIOS UNITARIOS | K11: PÁGINA | L11: 1 | M11: DE | N11: 1
K14: FECHA | L14: DD | M14: MM | N14: AA
A16: ÍTEMS DE LA PROPUESTA ECONÓMICA | H16: ÍTEMS NO PREVISTOS
A18: =+'ITEM 205'!A18 -> OBRAS DE DRENAJE
A19: DATOS ESPECÍFICOS
A21: ÍTEM | B21: =+'PRESUPUESTO OFICIAL PLIEGO TIPO'!B38 -> 206 | C21: =+'PRESUPUESTO OFICIAL PLIEGO TIPO'!E38 -> Muro en concreto ciclopeo 3.000 psi | L21: UNIDAD | N21: CANTIDAD
B22: =+'PRESUPUESTO OFICIAL PLIEGO TIPO'!C38 -> 4.927 | L22: =+'PRESUPUESTO OFICIAL PLIEGO TIPO'!F38 -> M³
A23: I. EQUIPO
A26: DESCRIPCIÓN | G26: MARCA | I26: TIPO | K26: TARIFA/HORA | L26: RENDIMIENTO | N26: Vr. UNITARIO
A27: Herramienta menor 10% M.O. AA | K27: =+K49*10% -> 4107.5 | L27: 6.7 | N27: =ROUND((K27*L27),2) -> 27520.25
N28: =ROUND((K28*L28),2) -> 0
A30: SUBTOTAL $ | N30: =ROUND(SUM(N27:N29),2) -> 27520.25
A31: II. MATERIALES
A34: DESCRIPCIÓN | J34: UNIDAD | K34: CANTIDAD | L34: PRECIO UNIT. | N34: Vr. UNITARIO
A35: Concreto 3000 Psi 210 Kg/cm2 (Basico, 5% desperdicio) | J35: M3 | K35: 0.6 | L35: =+'CAÑORICO-ANACONCRETO 3000 psi '!N57 -> 611333 | N35: =ROUND((K35*L35),2) -> 366799.8
A36: Formaleta (1uso) | J36: M2 | K36: 2.32 | L36: =+'ANIDADO FORMALETA '!N57 -> 94172 | N36: =ROUND((K36*L36),2) -> 218479.04
A37: Piedra rajon o media zonga - con transporte | J37: M3 | K37: 0.42 | L37: 113719 | N37: =ROUND((K37*L37),2) -> 47761.98
A38: SUBTOTAL $ | N38: =ROUND(SUM(N35:N37),2) -> 633040.82
A39: III. TRANSPORTES
A42: MATERIAL | I42: VOL. o PESO | J42: DISTANCIA | K42: M3 o Ton/Km | L42: TARIFA | N42: Vr. UNITARIO
N43: =ROUND((K43*L43),2) -> 0
A44: SUBTOTAL $ | N44: =+N43 -> 0
A45: IV. MANO DE OBRA
A48: TRABAJADOR | I48: JORNAL | J48: PRESTACIONES | K48: JORNAL TOTAL | L48: RENDIMIENTO | N48: Vr. UNITARIO
A49: Cuadrilla AA (Albañileria) | I49: Hr | K49: 41075 | L49: 6.7 | N49: =ROUND((K49*L49),2) -> 275202.5
N50: =ROUND((K50*L50),2) -> 0
N51: =ROUND((K51*L51),2) -> 0
A53: SUBTOTAL $ | N53: =ROUND(SUM(N49:N52),2) -> 275202.5
A55: TOTAL COSTO DIRECTO $ | N55: =ROUND(+N30+N38+N44+N53,0) -> 935764
A56: V. COSTOS INDIRECTOS
A59: Descripción | K59: Porcentaje | L59: Valor Total
A60: ADMINISTRACION | K60: 0.28 | L60: =ROUND((N55*K60),2) -> 262013.92 | M60: =ROUND((J60*K60),0) -> 0 | N60: =+L60 -> 262013.92
A61: IMPREVISTOS | K61: 0.01 | L61: =ROUND((N55*K61),2) -> 9357.64 | M61: =ROUND((J61*K61),0) -> 0 | N61: =+L61 -> 9357.64
A62: UTILIDAD | K62: 0.05 | L62: =ROUND((N55*K62),2) -> 46788.2 | M62: =ROUND((J62*K62),0) -> 0 | N62: =+L62 -> 46788.2
A63: SUBTOTAL $ | N63: =ROUND(SUM(N60:N62),0) -> 318160
A65: Precio Unitario Total Aproximado al peso $ | N65: =ROUND(+N63+N55,0) -> 1253924
F67: Firma
F68: Nombre: | G68: MARCIA LUCERO ALFONSO GAMEZ
F69: Profesional de apoyo S.P.O.P
F70: Matricula No. : | G70: 54202-342375 NTS
A72: OBSERVACIONES INTERVENTORÍA O SUPERVISIÓN
A75: APROBACIÓN POR LA INTERVENTORÍA O SUPERVISIÓN
A76: Nota 1: Cuando se trate de análisis de precios unitarios correspondientes a ítems de la propuesta económica aprobada, el interventor o supervisor aprueba el desglose de los componentes manteniendo el mismo precio unitario de cada ítem, cumpliendo con las especificaciones de construcción vigentes para el proyecto.
A78: Nota 2: Cuando se trate de Análisis de precios unitarios de ítems no previstos, el Interventor aprueba el desglose y precio unitario de cada ítem no previsto, exigiendo la aplicación de los costos correspondientes a insumos y tarifas de la propuesta económica inicial cuando estén contemplados, cumpliendo con las especificaciones de construcción vigente para el proyecto.
F81: Firma
F82: Nombre: | G82: MONICA YULIETH RODRIGUEZ TORRES
F83: Secretaria de Planeacion y Obras Publicas
F84: Matricula No. :

Sheet ITEM 207
A1: Formulario 1 - Propuesta económica - Documento tipo de licitación de obra pública de infraestructura de transporte - versión 4
A2: Código | B2: CCE-EICP-FM-14 | C2: Versión | D2: 4
A3: FORMULARIO 1
A4: PRESUPUESTO OFICIAL
A6: [La entidad podrá utilizar este formato para la presentación de los análisis de precios unitarios del contratista en la oportunidad prevista en el numeral 8.2. del Documento Base]
C8: ALCALDIA MUNICIPAL DE SABANALARGA - CASANARE
K9: VERSIÓN
C11: ANALISIS DE PRECIOS UNITARIOS | K11: PÁGINA | L11: 1 | M11: DE | N11: 1
K14: FECHA | L14: DD | M14: MM | N14: AA
A16: ÍTEMS DE LA PROPUESTA ECONÓMICA | H16: ÍTEMS NO PREVISTOS
A18: =+'ITEM 206'!A18 -> OBRAS DE DRENAJE
A19: DATOS ESPECÍFICOS
A21: ÍTEM | B21: =+'PRESUPUESTO OFICIAL PLIEGO TIPO'!B39 -> 207 | C21: =+'PRESUPUESTO OFICIAL PLIEGO TIPO'!E39 -> Tuberia Concreto Reforzado, clase I de diámetro 36", (INV.661) | L21: UNIDAD | N21: CANTIDAD
B22: =+'PRESUPUESTO OFICIAL PLIEGO TIPO'!C39 -> 5.052 | L22: =+'PRESUPUESTO OFICIAL PLIEGO TIPO'!F39 -> M
A23: I. EQUIPO
A26: DESCRIPCIÓN | G26: MARCA | I26: TIPO | K26: TARIFA/HORA | L26: RENDIMIENTO | N26: Vr. UNITARIO
A27: Herramienta menor 10% M.O. AA | K27: =+K49*10% -> 4107.5 | L27: 2 | N27: =ROUND((K27*L27),2) -> 8215
N28: =ROUND((K28*L28),2) -> 0
A30: SUBTOTAL $ | N30: =ROUND(SUM(N27:N29),2) -> 8215
A31: II. MATERIALES
A34: DESCRIPCIÓN | J34: UNIDAD | K34: CANTIDAD | L34: PRECIO UNIT. | N34: Vr. UNITARIO
A35: Tubo en Concreto Reforzado 36"· | J35: M | K35: 1 | L35: 275000 | N35: =ROUND((K35*L35),2) -> 275000
N36: =ROUND((K36*L36),2) -> 0
N37: =ROUND((K37*L37),2) -> 0
A38: SUBTOTAL $ | N38: =ROUND(SUM(N35:N37),2) -> 275000
A39: III. TRANSPORTES
A42: MATERIAL | I42: VOL. o PESO | J42: DISTANCIA | K42: M3 o Ton/Km | L42: TARIFA | N42: Vr. UNITARIO
A43: Transporte de materiales - t | I43: t | K43: 0.792 | L43: =+'CAÑOrico-TRANSPORTE Tn'!N56 -> 28292 | N43: =ROUND((K43*L43),2) -> 22407.26
A44: SUBTOTAL $ | N44: =+N43 -> 22407.26
A45: IV. MANO DE OBRA
A48: TRABAJADOR | I48: JORNAL | J48: PRESTACIONES | K48: JORNAL TOTAL | L48: RENDIMIENTO | N48: Vr. UNITARIO
A49: Cuadrilla AA (Albañileria) | I49: Hr | K49: 41075 | L49: 2 | N49: =ROUND((K49*L49),2) -> 82150
N50: =ROUND((K50*L50),2) -> 0
N51: =ROUND((K51*L51),2) -> 0
A53: SUBTOTAL $ | N53: =ROUND(SUM(N49:N52),2) -> 82150
A55: TOTAL COSTO DIRECTO $ | N55: =ROUND(+N30+N38+N44+N53,0) -> 387772
A56: V. COSTOS INDIRECTOS
A59: Descripción | K59: Porcentaje | L59: Valor Total
A60: ADMINISTRACION | K60: 0.28 | L60: =ROUND((N55*K60),2) -> 108576.16 | M60: =ROUND((J60*K60),0) -> 0 | N60: =+L60 -> 108576.16
A61: IMPREVISTOS | K61: 0.01 | L61: =ROUND((N55*K61),2) -> 3877.72 | M61: =ROUND((J61*K61),0) -> 0 | N61: =+L61 -> 3877.72
A62: UTILIDAD | K62: 0.05 | L62: =ROUND((N55*K62),2) -> 19388.6 | M62: =ROUND((J62*K62),0) -> 0 | N62: =+L62 -> 19388.6
A63: SUBTOTAL $ | N63: =ROUND(SUM(N60:N62),0) -> 131842
A65: Precio Unitario Total Aproximado al peso $ | N65: =ROUND(+N63+N55,0) -> 519614
F67: Firma
F68: Nombre: | G68: MARCIA LUCERO ALFONSO GAMEZ
F69: Profesional de apoyo S.P.O.P
F70: Matricula No. : | G70: 54202-342375 NTS
A72: OBSERVACIONES INTERVENTORÍA O SUPERVISIÓN
A75: APROBACIÓN POR LA INTERVENTORÍA O SUPERVISIÓN
A76: Nota 1: Cuando se trate de análisis de precios unitarios correspondientes a ítems de la propuesta económica aprobada, el interventor o supervisor aprueba el desglose de los componentes manteniendo el mismo precio unitario de cada ítem, cumpliendo con las especificaciones de construcción vigentes para el proyecto.
A78: Nota 2: Cuando se trate de Análisis de precios unitarios de ítems no previstos, el Interventor aprueba el desglose y precio unitario de cada ítem no previsto, exigiendo la aplicación de los costos correspondientes a insumos y tarifas de la propuesta económica inicial cuando estén contemplados, cumpliendo con las especificaciones de construcción vigente para el proyecto.
F81: Firma
F82: Nombre: | G82: MONICA YULIETH RODRIGUEZ TORRES
F83: Secretaria de Planeacion y Obras Publicas
F84: Matricula No. :

Sheet ITEM 208
A1: Formulario 1 - Propuesta económica - Documento tipo de licitación de obra pública de infraestructura de transporte - versión 4
A2: Código | B2: CCE-EICP-FM-14 | C2: Versión | D2: 4
A3: FORMULARIO 1
A4: PRESUPUESTO OFICIAL
A6: [La entidad podrá utilizar este formato para la presentación de los análisis de precios unitarios del contratista en la oportunidad prevista en el numeral 8.2. del Documento Base]
C8: ALCALDIA MUNICIPAL DE SABANALARGA - CASANARE
K9: VERSIÓN
C11: ANALISIS DE PRECIOS UNITARIOS | K11: PÁGINA | L11: 1 | M11: DE | N11: 1
K14: FECHA | L14: DD | M14: MM | N14: AA
A16: ÍTEMS DE LA PROPUESTA ECONÓMICA | H16: ÍTEMS NO PREVISTOS
A18: =+'ITEM 207'!A18 -> OBRAS DE DRENAJE
A19: DATOS ESPECÍFICOS
A21: ÍTEM | B21: =+'PRESUPUESTO OFICIAL PLIEGO TIPO'!B40 -> 208 | C21: =+'PRESUPUESTO OFICIAL PLIEGO TIPO'!E40 -> Concreto resistencia 175 kg/cm2 - 2500 psi (atraque, placa, soleras y guardarueda) para alcantarilla | L21: UNIDAD | N21: CANTIDAD
B22: =+'PRESUPUESTO OFICIAL PLIEGO TIPO'!C40 -> 5.953 | L22: =+'PRESUPUESTO OFICIAL PLIEGO TIPO'!F40 -> M³
A23: I. EQUIPO
A26: DESCRIPCIÓN | G26: MARCA | I26: TIPO | K26: TARIFA/HORA | L26: RENDIMIENTO | N26: Vr. UNITARIO
A27: Herramienta menor 10% M.O. AA | K27: =+K49*10% -> 4107.5 | L27: 4.2 | N27: =ROUND((K27*L27),2) -> 17251.5
N28: =ROUND((K28*L28),2) -> 0
A30: SUBTOTAL $ | N30: =ROUND(SUM(N27:N29),2) -> 17251.5
A31: II. MATERIALES
A34: DESCRIPCIÓN | J34: UNIDAD | K34: CANTIDAD | L34: PRECIO UNIT. | N34: Vr. UNITARIO
A35: Concreto 2500 Psi 175 kg/cm2 (Basico, 5% desperdicio ) | J35: M3 | K35: 1 | L35: =+'CAÑORICO-ANACONCRETO 2500 psi'!N57 -> 582566 | N35: =ROUND((K35*L35),2) -> 582566
A36: Formaleta (1 uso) | J36: m2 | K36: 0.7326 | L36: =+'ANIDADO FORMALETA '!N57 -> 94172 | N36: =ROUND((K36*L36),2) -> 68990.41
N37: =ROUND((K37*L37),2) -> 0
A38: SUBTOTAL $ | N38: =ROUND(SUM(N35:N37),2) -> 651556.41
A39: III. TRANSPORTES
A42: MATERIAL | I42: VOL. o PESO | J42: DISTANCIA | K42: M3 o Ton/Km | L42: TARIFA | N42: Vr. UNITARIO
N43: =ROUND((K43*L43),2) -> 0
A44: SUBTOTAL $ | N44: =+N43 -> 0
A45: IV. MANO DE OBRA
A48: TRABAJADOR | I48: JORNAL | J48: PRESTACIONES | K48: JORNAL TOTAL | L48: RENDIMIENTO | N48: Vr. UNITARIO
A49: Cuadrilla AA (Albañileria) | I49: Hr | K49: 41075 | L49: 4.2 | N49: =ROUND((K49*L49),2) -> 172515
N50: =ROUND((K50*L50),2) -> 0
N51: =ROUND((K51*L51),2) -> 0
A53: SUBTOTAL $ | N53: =ROUND(SUM(N49:N52),2) -> 172515
A55: TOTAL COSTO DIRECTO $ | N55: =ROUND(+N30+N38+N44+N53,0) -> 841323
A56: V. COSTOS INDIRECTOS
A59: Descripción | K59: Porcentaje | L59: Valor Total
A60: ADMINISTRACION | K60: 0.28 | L60: =ROUND((N55*K60),2) -> 235570.44 | M60: =ROUND((J60*K60),0) -> 0 | N60: =+L60 -> 235570.44
A61: IMPREVISTOS | K61: 0.01 | L61: =ROUND((N55*K61),2) -> 8413.23 | M61: =ROUND((J61*K61),0) -> 0 | N61: =+L61 -> 8413.23
A62: UTILIDAD | K62: 0.05 | L62: =ROUND((N55*K62),2) -> 42066.15 | M62: =ROUND((J62*K62),0) -> 0 | N62: =+L62 -> 42066.15
A63: SUBTOTAL $ | N63: =ROUND(SUM(N60:N62),0) -> 286050
A65: Precio Unitario Total Aproximado al peso $ | N65: =ROUND(+N63+N55,0) -> 1127373
F67: Firma
F68: Nombre: | G68: MARCIA LUCERO ALFONSO GAMEZ
F69: Profesional de apoyo S.P.O.P
F70: Matricula No. : | G70: 54202-342375 NTS
A72: OBSERVACIONES INTERVENTORÍA O SUPERVISIÓN
A75: APROBACIÓN POR LA INTERVENTORÍA O SUPERVISIÓN
A76: Nota 1: Cuando se trate de análisis de precios unitarios correspondientes a ítems de la propuesta económica aprobada, el interventor o supervisor aprueba el desglose de los componentes manteniendo el mismo precio unitario de cada ítem, cumpliendo con las especificaciones de construcción vigentes para el proyecto.
A78: Nota 2: Cuando se trate de Análisis de precios unitarios de ítems no previstos, el Interventor aprueba el desglose y precio unitario de cada ítem no previsto, exigiendo la aplicación de los costos correspondientes a insumos y tarifas de la propuesta económica inicial cuando estén contemplados, cumpliendo con las especificaciones de construcción vigente para el proyecto.
F81: Firma
F82: Nombre: | G82: MONICA YULIETH RODRIGUEZ TORRES
F83: Secretaria de Planeacion y Obras Publicas
F84: Matricula No. :

Sheet ITEM 209
A1: Formulario 1 - Propuesta económica - Documento tipo de licitación de obra pública de infraestructura de transporte - versión 4
A2: Código | B2: CCE-EICP-FM-14 | C2: Versión | D2: 4
A3: FORMULARIO 1
A4: PRESUPUESTO OFICIAL
A6: [La entidad podrá utilizar este formato para la presentación de los análisis de precios unitarios del contratista en la oportunidad prevista en el numeral 8.2. del Documento Base]
C8: ALCALDIA MUNICIPAL DE SABANALARGA - CASANARE
K9: VERSIÓN
C11: ANALISIS DE PRECIOS UNITARIOS | K11: PÁGINA | L11: 1 | M11: DE | N11: 1
K14: FECHA | L14: DD | M14: MM | N14: AA
A16: ÍTEMS DE LA PROPUESTA ECONÓMICA | H16: ÍTEMS NO PREVISTOS
A17: =+'ITEM 208'!A18 -> OBRAS DE DRENAJE
A19: DATOS ESPECÍFICOS
A21: ÍTEM | B21: =+'PRESUPUESTO OFICIAL PLIEGO TIPO'!B41 -> 209 | C21: =+'PRESUPUESTO OFICIAL PLIEGO TIPO'!E41 -> Relleno con material crudo de rio T.m 6", compactado y transportado | L21: UNIDAD | N21: CANTIDAD
B22: =+'PRESUPUESTO OFICIAL PLIEGO TIPO'!C41 -> 5.13 | L22: =+'PRESUPUESTO OFICIAL PLIEGO TIPO'!F41 -> M³
A23: I. EQUIPO
A26: DESCRIPCIÓN | G26: MARCA | I26: TIPO | K26: TARIFA/HORA | L26: RENDIMIENTO | N26: Vr. UNITARIO
A27: Heramienta menor 10% M.O . AA | I27: HR | K27: =+K49*10% -> 4107.5 | L27: 0.73 | N27: =ROUND((K27*L27),2) -> 2998.48
A28: Vibrocompactador tipo Rana | I28: HR | K28: 13715 | L28: 0.608 | N28: =ROUND((K28*L28),2) -> 8338.72
A30: SUBTOTAL $ | N30: =ROUND(SUM(N27:N29),2) -> 11337.2
A31: II. MATERIALES
A34: DESCRIPCIÓN | J34: UNIDAD | K34: CANTIDAD | L34: PRECIO UNIT. | N34: Vr. UNITARIO
A35: Crudo de rio clasificado T.m 6¨ | J35: m3 | K35: 1.1 | L35: 45022 | N35: =ROUND((K35*L35),2) -> 49524.2
N36: =ROUND((K36*L36),2) -> 0
N37: =ROUND((K37*L37),2) -> 0
A38: SUBTOTAL $ | N38: =ROUND(SUM(N35:N37),2) -> 49524.2
A39: III. TRANSPORTES
A42: MATERIAL | I42: VOL. o PESO | J42: DISTANCIA | K42: M3 o Ton/Km | L42: TARIFA | N42: Vr. UNITARIO
A43: Transporte de materiales (arena, piedra, comun, tierra) - m3 | K43: 1 | L43: =+'TRANSPORTE MATERIALES tritu-m3'!N55 -> 28485 | N43: =ROUND((K43*L43),2) -> 28485
A44: SUBTOTAL $ | N44: =+N43 -> 28485
A45: IV. MANO DE OBRA
A48: TRABAJADOR | I48: JORNAL | J48: PRESTACIONES | K48: JORNAL TOTAL | L48: RENDIMIENTO | N48: Vr. UNITARIO
A49: Cuadrilla AA (Albañileria) | I49: HR | K49: 41075 | L49: 0.73 | N49: =ROUND((K49*L49),2) -> 29984.75
N50: =ROUND((K50*L50),2) -> 0
N51: =ROUND((K51*L51),2) -> 0
A53: SUBTOTAL $ | N53: =ROUND(SUM(N49:N52),2) -> 29984.75
A55: TOTAL COSTO DIRECTO $ | N55: =ROUND(+N30+N38+N44+N53,0) -> 119331
A56: V. COSTOS INDIRECTOS
A59: Descripción | K59: Porcentaje | L59: Valor Total
A60: ADMINISTRACION | K60: 0.28 | L60: =ROUND((N55*K60),2) -> 33412.68 | M60: =ROUND((J60*K60),0) -> 0 | N60: =+L60 -> 33412.68
A61: IMPREVISTOS | K61: 0.01 | L61: =ROUND((N55*K61),2) -> 1193.31 | M61: =ROUND((J61*K61),0) -> 0 | N61: =+L61 -> 1193.31
A62: UTILIDAD | K62: 0.05 | L62: =ROUND((N55*K62),2) -> 5966.55 | M62: =ROUND((J62*K62),0) -> 0 | N62: =+L62 -> 5966.55
A63: SUBTOTAL $ | N63: =ROUND(SUM(N60:N62),0) -> 40573
A65: Precio Unitario Total Aproximado al peso $ | N65: =ROUND(+N63+N55,0) -> 159904
F67: Firma
F68: Nombre: | G68: MARCIA LUCERO ALFONSO GAMEZ
F69: Profesional de apoyo S.P.O.P
F70: Matricula No. : | G70: 54202-342375 NTS
A72: OBSERVACIONES INTERVENTORÍA O SUPERVISIÓN
A75: APROBACIÓN POR LA INTERVENTORÍA O SUPERVISIÓN
A76: Nota 1: Cuando se trate de análisis de precios unitarios correspondientes a ítems de la propuesta económica aprobada, el interventor o supervisor aprueba el desglose de los componentes manteniendo el mismo precio unitario de cada ítem, cumpliendo con las especificaciones de construcción vigentes para el proyecto.
A78: Nota 2: Cuando se trate de Análisis de precios unitarios de ítems no previstos, el Interventor aprueba el desglose y precio unitario de cada ítem no previsto, exigiendo la aplicación de los costos correspondientes a insumos y tarifas de la propuesta económica inicial cuando estén contemplados, cumpliendo con las especificaciones de construcción vigente para el proyecto.
F81: Firma
F82: Nombre: | G82: MONICA YULIETH RODRIGUEZ TORRES
F83: Secretaria de Planeacion y Obras Publicas
F84: Matricula No. :

Sheet ITEM 301
A1: Formulario 1 - Propuesta económica - Documento tipo de licitación de obra pública de infraestructura de transporte - versión 4
A2: Código | B2: CCE-EICP-FM-14 | C2: Versión | D2: 4
A3: FORMULARIO 1
A4: PRESUPUESTO OFICIAL
A6: [La entidad podrá utilizar este formato para la presentación de los análisis de precios unitarios del contratista en la oportunidad prevista en el numeral 8.2. del Documento Base]
C8: ALCALDIA MUNICIPAL DE SABANALARGA - CASANARE
K9: VERSIÓN
C11: ANALISIS DE PRECIOS UNITARIOS | K11: PÁGINA | L11: 1 | M11: DE | N11: 1
K14: FECHA | L14: DD | M14: MM | N14: AA
A16: ÍTEMS DE LA PROPUESTA ECONÓMICA | H16: ÍTEMS NO PREVISTOS
A18: =+'PRESUPUESTO OFICIAL PLIEGO TIPO'!A43 -> OBRAS DE CONTENCION
A19: DATOS ESPECÍFICOS
A21: ÍTEM | B21: =+'PRESUPUESTO OFICIAL PLIEGO TIPO'!B45 -> 301 | C21: =+'PRESUPUESTO OFICIAL PLIEGO TIPO'!E45 -> Replanteo y localizacion para obras de proteccion (Planimetria y Altimetria) | L21: UNIDAD | N21: CANTIDAD
B22: =+'PRESUPUESTO OFICIAL PLIEGO TIPO'!C45 -> 6.191 | L22: =+'PRESUPUESTO OFICIAL PLIEGO TIPO'!F45 -> M²
A23: I. EQUIPO
A26: DESCRIPCIÓN | G26: MARCA | I26: TIPO | K26: TARIFA/HORA | L26: RENDIMIENTO | N26: Vr. UNITARIO
A27: Campero 2000 cc-2999 cc | I27: Hr | K27: 49167 | L27: 0.1 | N27: =ROUND((K27*L27),2) -> 4916.7
A28: Estacion Total | I28: Hr | K28: 7500 | L28: 0.02 | N28: =ROUND((K28*L28),2) -> 150
A30: SUBTOTAL $ | N30: =ROUND(SUM(N27:N29),2) -> 5066.7
A31: II. MATERIALES
